Workbook

Sheet 表紙
B2: 令和 | C2: 8 | D2: 年度
B3: 乳児等通園支援事業 監査調書
C4: 区分
B5: 設置者名
B6: 施設名
B7: 施設所在市町村
B8: 施設所在地
B9: 施設長名
B10: 電話番号
B11: Ｆ Ａ Ｘ
B12: メールアドレス
B13: 記入者職名・氏名
B16: 以下の書類を添付してください。(データによる提出も可) | E16: 添付の有無
B17: ◇保育所等台帳 ※前年度から内容に変更があった場合
B18: ◇建物の平面図 ※前年度から内容に変更があった場合
B19: ="◇"&表紙!B2&DBCS(表紙!C2-1)&"年度保育所収支決算関係書類の写し(決算附属明細書を含む）" -> ◇令和７年度保育所収支決算関係書類の写し(決算附属明細書を含む）
B20: ="◇"&表紙!B2&DBCS(表紙!C2)&"年度保育所収支予算書の写し" -> ◇令和８年度保育所収支予算書の写し
B21: ◇業務分担表（事務分掌）
B22: ◇勤務ローテーション表（監査前月分）
B23: ＊各勤務区分の時間帯を明記したもの（「早番：7:00～16:00」など）
B24: ◇保育所（園）要覧・しおり等
B25: ◇職員名簿（別紙様式による） ＊臨時・パート職員を含む
B26: ◇調理の外部委託に係る契約書(該当保育所等のみ）
B27: ◇欠格事由に該当しない旨の誓約書
B28: （未提出の法人、理事長及び園長の変更があった法人）

Sheet 監査調書
A8: １ 運営・管理状況
A9: （１）運営規程（重要事項に関する規程）
B10: □運営規程(注)には、事業の目的や運営方針など、最低基準条例（市条例）及び運営基準条例（市条例）で定められた以下の内容が記載されているか
B12: (１)乳児等通園支援事業の目的及び運営の方針
B13: (２) その提供する乳児等通園支援の内容
B14: (３) 職員の職種、員数及び職務の内容
B15: (４) 乳児等通園支援の提供を行う日及び時間並びに提供を行わない日
B16: (５) 保護者から受領する費用の種類、支払を求める理由及びその額
B17: (６) 乳児及び幼児の区分ごとの利用定員
B18: (７) 乳児等通園支援事業の利用の開始及び終了に関する事項並びに利用に当たっての留意事項
B19: (８) 緊急時等における対応方法
B20: (９) 非常災害対策
B21: (10) 虐待の防止のための措置に関する事項
B22: (11) その他乳児等通園支援事業の運営に関する重要事項
... B27: □施設等の見やすい場所に、運営規程の概要、職員の勤務体制、利用者負担等、重要事項を掲示しているか。
A30: （２） 業務管理体制の整備 【一般型の場合のみ】
B31: □法令遵守責任者を選任し、市長等(注)に届け出ているか
B32: 法令遵守責任者 職名 | S32: 氏名
B33: (注)確認を受けている全ての教育・保育施設等が一の市町村区域に所在の場合は市町村長、2以上の都道府県に所在する場合は内閣総理大臣、その他の場合は知事あての届出
A36: （３） 事業計画書等の状況
B37: □事業計画書、予算書、事業報告書及び決算書はその他の事業と区分して作成されているか。
A39: ２ 事業実施体制及び状況
A40: （１）利用定員
B41: □1時間あたりの利用定員
H42: 46113
B43: ０歳児
B44: １歳児
B45: ２歳児
B47: □定員見直しの予定・考え方
A51: （２） 職員の配置状況 【一般型の場合のみ】
B52: □保育士を雇用する際に、保育士特定登録取消者管理システムのデータベースを活用しているか
B53: □データベースを活用する場合、採用責任者にIDを付与しているか
H54: ID付与者 | K54: 職名 | U54: 氏名
B55: □嘱託医及び嘱託歯科医を置いているか
B57: □保育士の勤務体制【監査前月現在の平均的配置】
B58: ＊次の書類を必ず添付すること。
B59: ①監査前月の勤務ローテーション表（勤務区分（早番、遅番など）ごとの始業、終業の時間を明記）
B60: ②監査前月１日現在の職員名簿（別紙様式による）
B61: □基準に基づく必要な保育士数が確保されているか。
B62: □資格を要する職員が資格要件を満たしているか。
A64: （３） 職員研修の状況
B65: □職員に対し、その資質向上のための研修の機会を確保しているか。
A67: （４） 苦情解決の仕組み ★確認資料：苦情解決処理要領、苦情処理記録、掲示物、園だより等
B68: □苦情解決の仕組みに関する規程は整備されているか
B69: □保護者等からの苦情を受け付ける窓口を設置し、担当者を決めて対応しているか
G70: 苦情解決責任者の職名・氏名
G71: 苦情受付担当者の職名・氏名
B72: □苦情解決に客観的に対応するため、職員や理事等の特殊な関係にない者を第三者委員として複数名設置
B73: しているか
B74: □苦情解決の仕組み等（責任者・担当者、第三者委員の氏名・連絡先、仕組み）を施設内の見えやすい位置に掲示・パンフレットの配布等の方法により、保護者・職員に周知しているか
F76: 掲示による場合の掲示場所
B77: □苦情解決の仕組み等（責任者・担当者、第三者委員の氏名・連絡先、仕組み）を施設内掲示・パンフレットの配布等の方法により、保護者・職員に周知しているか
B79: □苦情内容、改善への経過等を記録しているか
B80: ="□"&表紙!B2&DBCS(表紙!C2-1)&"年度の苦情の状況" -> □令和７年度の苦情の状況
B81: ・苦情の受付件数 | V81: 件
B82: ・第三者委員への苦情受付の報告件数 | V82: 件
B83: ・第三者委員への苦情解決結果の報告件数 | V83: 件
B84: ・苦情解決結果の公表件数 | V84: 件
B85: ・公表の方法及び時期
A87: （５） 一人ひとりの子どもを尊重する取組
B88: □利用乳幼児の人権に十分配慮するとともに、一人一人の人格を尊重して、その運営を行っているか。
B89: □利用乳幼児の国籍、信条、社会的身分又は利用に要する費用を負担するか否かによって、差別的取扱いをしていないか。
B91: □利用乳幼児に対し、法第33条の10第1項各号に掲げる行為その他当該利用乳幼児の心身に有害な影響を与える行為をしていないか。
A94: （６）秘密の保持、個人情報の保護
B95: □保育所は、職員が職務上知り得た児童、保護者等の秘密について、在職中及び退職後も秘密を漏らすことがないよう、必要な措置（規程等の整備、雇用時の取り決め等）を講じているか
B97: □個人情報の保護についてどのようなことに留意しているか
B98: 具体的な内容
A102: （７） 福祉サービスの質の向上のための措置等
B103: □保育所として自らその提供する保育の質の評価を行い、常にその改善を図っているか
B104: □保護者等、関係者による評価を受けて、結果を公表しているか
B105: □福祉サービス第三者評価を受審し、評価結果を公表しているか
C107: 受審していない場合、その理由
A109: ３ 安全管理の状況 【一般型の場合のみ】
A110: ※（１）施設の面積基準の充足状況（別添表４にご記入ください）
A111: （２）施設等の管理状況
B112: □乳児等通園支援事業所の構造設備は、採光、換気等利用乳幼児の保健衛生及び利用乳幼児に対する危害防止に十分な考慮を払って設けているか。
B114: □消防設備の状況
B115: 設 備 名 | F115: 整備されている装置器具等
B116: 消火設備 | H116: 消火器 | M116: 個 | O116: □ | P116: 屋内消火栓 | U116: □ | V116: 屋外消火栓 | AA116: □ | AB116: スプリンクラー設備
B117: 警報設備 | G117: □ | H117: 自動火災報知装置 | N117: （ | P117: ・熱感知 | R117: ・煙感知 | V117: ・非常電源付 | AA117: ) | AC117: □ | AD117: 電気火災警報装置
G118: □ | H118: 警鐘 | K118: □ | L118: 拡声器 | P118: □ | Q118: サイレン | U118: □ | V118: 非常ベル | Z118: □ | AA118: その他 | AD118: （ | AN118: ）
B119: 避難設備 | G119: □ | H119: 避難はしご | M119: □ | N119: タラップ | R119: □ | S119: 滑り台 | W119: 非常口 | AA119: □ | AB119: 誘導標識
A121: （３） 保育所内外の保安
B122: □施設内外の設備等（遊具を含む。）について、毎月１回程度チェックリストによる安全点検を実地に
B123: 行い記録しているか
B124: □危険個所や老朽箇所の安全対策（棚等の転倒防止、落下物防止、敷地周囲の柵整備、倉庫の施錠等）、
B125: 備品・遊具等の安全管理（ハサミ等刃物のかたづけ、掲示における粘着テープ等使用など）を行っているか
B126: □来訪者用の入口・受付を明示し、外部からの人の出入りを確認しているか
B127: □門、フェンス、外灯、出入口、鍵等の状況を毎日点検しているか
B128: □防犯対策を行っているか
B129: ・防犯設備(防犯カメラ、防犯ブザー、職員が携帯する防犯ベル等)対策
B130: ・防犯講習・防犯訓練の実施や不審者対応マニュアルの整備
B131: ・警察等関係機関や地域住民等との連携による協力体制
B132: ・その他の具体的な対策
A134: （４） 危険防止
B135: □園外保育を行う際、危険な場所、設備等を把握するとともに、携帯電話等による連絡体制を確保しているか
B137: □児童に対し、犯罪や事故から身を守るための注意事項を職員が指導しているか
B138: □プール活動・水遊びを行う場合は、水の外での監視者とプール指導を行う人員を分けて配置しているか
B139: □職員に対する事前教育や救急救命講習等の研修の機会を設けているか
A141: （５） 事故防止 ★確認資料：緊急連絡網、安全管理（緊急時・事故対応等）に関するマニュアル
...

Sheet 表１
B2: 【表１】
B3: ="（４）職員の充足状況（"&表紙!B2&DBCS(表紙!C2)&"年度の状況）" -> （４）職員の充足状況（令和８年度の状況） | J3: ★確認資料：事務日誌、児童出席簿、職員名簿、職員出勤簿、
K4: 勤務ローテーション表、給与台帳、保育士証
B5: ◎定 員 | D5: 12 | F5: 名
B7: ◎（表１）児童数と保育士定数（児童数は、年度当初における年齢により記入してください｡)
C8: 区 分 | F8: 配置基準 | G8: =表紙!B2&DBCS(表紙!C2)&"年４月１日現在" -> 令和８年４月１日現在 | M8: 監査前月 | P8: 1 | Q8: 月１日現在
G9: 児童数（人） | K9: 保育士 （人） | M9: 児童数（人） | S9: 保育士 （人）
G10: 標準時間 認定 | H10: 短時間 認定 | I10: １号 | K10: 定数 | M10: 標準時間 認定 | O10: 短時間 認定 | Q10: １号 | S10: 定数
C11: 乳児 | F11: ３:１ | G11: 2 | K11: =ROUNDDOWN((SUM($G11:$J11))/3,1) -> 0.6 | M11: 5 | S11: =ROUNDDOWN((SUM(M11:R11))/3,1) -> 1.6
C12: １歳児 | F12: ６:１ | G12: 1 | K12: =ROUNDDOWN((SUM($G12:$J13))/6,1) -> 0.8 | M12: 5 | S12: =ROUNDDOWN((SUM($M12:$R13))/6,1) -> 1.3
C13: ２歳児 | G13: 4 | M13: 3
C14: ３歳児 | F14: 15 :１ | K14: =ROUNDDOWN((SUM($G14:$J14))/15,1) -> 0 | S14: =ROUNDDOWN((SUM(M14:R14))/15,1) -> 0
C15: ４歳以上児 | F15: 25 :１ | K15: =ROUNDDOWN((SUM($G15:$J15))/25,1) -> 0 | S15: =ROUNDDOWN((SUM(M15:R15))/25,1) -> 0
C16: 質の向上を図るための保育士等 | F16: 1人 | K16: 1 | S16: 1
C17: 小計(注１) | G17: =SUM(G$11:G$16) -> 7 | H17: =SUM(H$11:H$16) -> 0 | I17: =SUM(I11:J16) -> 0 | K17: =ROUND(SUM(K11:L16),0) -> 2 | M17: =SUM(M11:N16) -> 13 | N17: =IF(SUM(N$11:N$15)=0,"",SUM(N$11:N$15)) | O17: =SUM(O11:P16) -> 0 | P17: =IF(SUM(P$11:P$15)=0,"",SUM(P$11:P$15)) | Q17: =SUM(Q11:R16) -> 0 | R17: =IF(SUM(R$11:R$15)=0,"",SUM(R$11:R$15)) | S17: =ROUND(SUM(S11:T16),0) -> 4
C18: 下記に該当する場合は保育士定数に加えて保育士数を計上 | K18: 保育士 （人） | S18: 保育士 （人）
C19: 加配 | D19: 休憩保育士 １人 ※非常勤職員でも可 | K19: 1 | S19: 1
D20: 標準時間認定を受けた子どもが利用 １人 ※非常勤職員でも可 | K20: 1 | S20: 1
C22: 計 | K22: =SUM(K17,K19:L21) -> 4 | S22: =SUM(S17,S19:T21) -> 6
C23: （注１）小計の算出にあたり、年齢区分ごとの児童数を基準で割って１人未満の端数が生じるとき、年齢区分ごとにそれぞれ少数点第１位まで計算し（少数点第２位切捨て）、合算した値の少数点第１位を四捨五入する。
C24: 【根拠】 平成28年8月23日府子本第571号「特定教育・保育等に要する費用の額の算定に関する基準等の実施上の留意事項について」（国通知）の別紙６のⅡの１（２）「ここでいう「4歳以上児」、「3歳児」、「1、2歳児」及び「乳児」とは、年度の初日の前日における満年齢によるものであること。」
C26: ◎上記のほか補助金の要件等により配置する必要のある職員
C27: 下記に該当する場合は保育士数等を計上 | I27: =表紙!B2&DBCS(表紙!C2)&"年４月１日現在" -> 令和８年４月１日現在 | O27: =M8&DBCS(P8)&Q8 -> 監査前月１月１日現在
I28: 保育士 | L28: その他 | O28: 保育士 | R28: その他
C29: 病児保育事業 病児対応型・病後児対応型 看護師等（利用児童おおむね10人につき１人） 保育士（利用児童おおむね３人につき１人） 体調不良児対応型：看護師等１名以上
C30: 一時預かり事業 | L30: 1 | R30: 0
C31: 地域子育て支援拠点事業※保育士資格の有無及び常勤・非常勤は問わない 一般型専任２名以上 連携型専任１名以上
C32: 県単一時保育事業 保育士１名以上 ※常勤・非常勤は問わない
C33: 計 | I33: =SUM(I29:K32) -> 0 | L33: =SUM(L29:N32) -> 1 | N33: =IF(SUM(N$29:O$32)=0,"",SUM(N$29:O$32)) | O33: =SUM(O29:Q32) -> 0 | P33: =IF(SUM(P$29:Q$32)=0,"",SUM(P$29:Q$32)) | R33: =SUM(R29:T32) -> 0

Sheet 表２
C3: 【表２】
C4: ="（４）職員の充足状況（"&表紙!B2&DBCS(表紙!C2)&"年度の状況）" -> （４）職員の充足状況（令和８年度の状況）
C6: ="◎職員配置状況【監査前月 "&DBCS(表１!P8)&"月１日現在】 ※休業中の職員は除く" -> ◎職員配置状況【監査前月 １月１日現在】 ※休業中の職員は除く
E7: ①保育士 | F7: ②看護師・保健師・准看護師（みなし保育士とする場合であり、常勤換算１人まで可） | G7: 保育士配置の特例（注４） | I7: 保育士資格のない所長・その他職員 | J7: 調理員
G8: ③幼稚園教諭・小学校教諭・養護教諭（特例により配置基準上の人数に充てる場合） | H8: ④常勤２年相当の保育業務従事経験がある子育て支援員(注１)・家庭的保育者
E9: 人 | F9: 人 | G9: 人 | H9: 人 | I9: 人 | J9: 人
C10: 管理者 | D10: 民設保育所で、所長設置加算適用の 管理者又は公設保育所で、職務に保育 の割り当てがない管理者 (A1） | E10: 1
D11: 上記以外の管理者 （A2） | E11: 0
C12: 各職種の総人数((A1),(A2)を除く) (B) | E12: 4.59 | F12: 0.3 | G12: 0.5 | J12: 1.5
C13: (B)のうち病児保育事業担当者（職員配置の補助を受けている者） (C1) | E13: 0
C14: (B)のうち一時預かり事業担当者（職員配置の補助を受けている者） (C2) | E14: 0
C15: (B)のうち地域子育て支援拠点事業担当者（職員配置の補助を受けている者) (C3)
C16: (B)のうち県単一時保育事業担当者 （注２） （C4）
C17: (B)のうち県単障がい児保育事業担当者 （C5）
C18: (B)－(C1)－(C2)－(C3)－(C4)－(C5) （D） | E18: =E$12-E$13-E$14-E$15-E$16-E$17 -> 4.59 | F18: =F$12-F$13-F$14-F$15-F$16-F$17 -> 0.3 | G18: =G$12-G$13-G$14-G$15-G$16-G$17 -> 0.5 | H18: =H$12-H$13-H$14-H$15-H$16-H$17 -> 0 | I18: =I$12-I$13-I$14-I$15-I$16-I$17 -> 0 | J18: =J$12-J$13-J$14-J$15-J$16-J$17 -> 1.5
C19: (D)のうち常勤（注３）の職員数 （E） | E19: 4
C20: 非常勤職員 | D20: (D)のうち非常勤(注３)の職員数 (F） ※各職員の勤務時間について表３に記載 | E20: 2
D21: （F)の職員の常勤換算後人数 （G） 【①保育士②看護師等③教諭の計】 | E21: （表３）の（N）から転記
E22: =表３!J32 -> 1
D23: （F)の職員の常勤換算後人数 （H） 【①②③及び④常勤２年支援員等】 | E23: （表３）の（O）から転記
E24: =表３!J38 -> 1
C25: (表1)の保育士定数（P)と比較する職員数 ①②③に係る(A2)＋(E)＋(G) （I） | E25: =SUM(E11:G11,E19:G19,E22) -> 5
C26: (表1)の保育士定数（Q)と比較する職員数 ①②③④に係る(A2)＋(E)＋(H) (J) | E26: =SUM(E11:H11,E19:H19,E24) -> 5
C28: （注１） 保育士配置の特例の対象となる子育て支援員は、子育て支援員研修のうち地域保育コースの選択科目「地域型保育」又は「一時 預かり事業」の修了者である。
C29: （注２） 県単一時保育事業については、最低基準条例第29条第2項の規定に基づき、対象児童の年齢及び人数に応じて、本事業を担当する 保育士を配置すること。ただし、年間の平均利用児童数が1名を下回る場合には、条例第29条第2項及びその他の補助金等の職員配 置基準を超えた保育士が配置されていれば、本事業を担当する保育士が配置されていなくても差し支えない。
C30: （注３） 常勤は、常用労働者のことであり、正規、嘱託、臨時など雇用の形態は問わない。非常勤は、パートタイマー等短時間勤務の保育 士や常勤の保育士以外の保育士のことをいう。
C31: （注４） 小規模保育事業A型及び保育所事業内保育事業所のみ特例を適応することができる。 【根拠】家庭的保育事業等の設備及び運営に関する基準 附則第7条

Sheet 表３
C3: 【表３】
C4: ="（４）職員の充足状況（"&表紙!B2&DBCS(表紙!C2)&"年度の状況）" -> （４）職員の充足状況（令和８年度の状況）
C6: ="◎非常勤保育士等の常勤換算【監査前月 "&DBCS(表１!P8)&"月１日現在】" -> ◎非常勤保育士等の常勤換算【監査前月 １月１日現在】
C7: 職種等 （①～④） | D7: 職員番号・氏名(注) | F7: １日の勤務時間 | H7: × | I7: １ヶ月の勤務日数 | J7: １ヶ月の 勤務時間数合計
C8: ①保育士 | D8: 7 | E8: =IF(D8="","",INDEX('職員名簿（一般型の場合のみ）'!$E$8:$E$26,MATCH(D8,'職員名簿（一般型の場合のみ）'!$C$8:$C$26),0)) -> #N/A | F8: 4 | H8: × | I8: 20 | K8: =$F8*$I8 -> 80
D9: 8 | E9: =IF(D9="","",INDEX('職員名簿（一般型の場合のみ）'!$E$8:$E$26,MATCH(D9,'職員名簿（一般型の場合のみ）'!$C$8:$C$26),0)) -> #N/A | F9: 1 | H9: × | I9: 13 | K9: =$F9*$I9 -> 13
E10: =IF(D10="","",INDEX('職員名簿（一般型の場合のみ）'!$E$8:$E$26,MATCH(D10,'職員名簿（一般型の場合のみ）'!$C$8:$C$26),0)) | H10: × | K10: =$F10*$I10 -> 0
E11: =IF(D11="","",INDEX('職員名簿（一般型の場合のみ）'!$E$8:$E$26,MATCH(D11,'職員名簿（一般型の場合のみ）'!$C$8:$C$26),0)) | H11: × | K11: =$F11*$I11 -> 0
E12: =IF(D12="","",INDEX('職員名簿（一般型の場合のみ）'!$E$8:$E$26,MATCH(D12,'職員名簿（一般型の場合のみ）'!$C$8:$C$26),0)) | H12: × | K12: =$F12*$I12 -> 0
E13: =IF(D13="","",INDEX('職員名簿（一般型の場合のみ）'!$E$8:$E$26,MATCH(D13,'職員名簿（一般型の場合のみ）'!$C$8:$C$26),0)) | H13: × | K13: =$F13*$I13 -> 0
E14: =IF(D14="","",INDEX('職員名簿（一般型の場合のみ）'!$E$8:$E$26,MATCH(D14,'職員名簿（一般型の場合のみ）'!$C$8:$C$26),0)) | H14: × | K14: =$F14*$I14 -> 0
E15: =IF(D15="","",INDEX('職員名簿（一般型の場合のみ）'!$E$8:$E$26,MATCH(D15,'職員名簿（一般型の場合のみ）'!$C$8:$C$26),0)) | H15: × | K15: =$F15*$I15 -> 0
E16: =IF(D16="","",INDEX('職員名簿（一般型の場合のみ）'!$E$8:$E$26,MATCH(D16,'職員名簿（一般型の場合のみ）'!$C$8:$C$26),0)) | H16: × | K16: =$F16*$I16 -> 0
E17: =IF(D17="","",INDEX('職員名簿（一般型の場合のみ）'!$E$8:$E$26,MATCH(D17,'職員名簿（一般型の場合のみ）'!$C$8:$C$26),0)) | H17: × | K17: =$F17*$I17 -> 0
C18: ②看護師等 | D18: 12 | E18: =IF(D18="","",INDEX('職員名簿（一般型の場合のみ）'!$E$8:$E$26,MATCH(D18,'職員名簿（一般型の場合のみ）'!$C$8:$C$26),0)) -> #N/A | F18: 4 | H18: × | I18: 12 | K18: =$F18*$I18 -> 48
E19: =IF(D19="","",INDEX('職員名簿（一般型の場合のみ）'!$E$8:$E$26,MATCH(D19,'職員名簿（一般型の場合のみ）'!$C$8:$C$26),0)) | H19: × | K19: =$F19*$I19 -> 0
E20: =IF(D20="","",INDEX('職員名簿（一般型の場合のみ）'!$E$8:$E$26,MATCH(D20,'職員名簿（一般型の場合のみ）'!$C$8:$C$26),0)) | H20: × | K20: =$F20*$I20 -> 0
C21: ③幼稚園 教諭等 | D21: 9 | E21: =IF(D21="","",INDEX('職員名簿（一般型の場合のみ）'!$E$8:$E$26,MATCH(D21,'職員名簿（一般型の場合のみ）'!$C$8:$C$26),0)) -> #N/A | F21: 3 | H21: × | I21: 20 | K21: =$F21*$I21 -> 60
E22: =IF(D22="","",INDEX('職員名簿（一般型の場合のみ）'!$E$8:$E$26,MATCH(D22,'職員名簿（一般型の場合のみ）'!$C$8:$C$26),0)) | H22: × | K22: =$F22*$I22 -> 0
E23: =IF(D23="","",INDEX('職員名簿（一般型の場合のみ）'!$E$8:$E$26,MATCH(D23,'職員名簿（一般型の場合のみ）'!$C$8:$C$26),0)) | H23: × | K23: =$F23*$I23 -> 0
C24: ①～③小計 | J24: (K) | K24: =SUM($K$8:$K$23) -> 201
C25: ④子育て 支援員等 | E25: =IF(D25="","",INDEX('職員名簿（一般型の場合のみ）'!$E$8:$E$26,MATCH(D25,'職員名簿（一般型の場合のみ）'!$C$8:$C$26),0)) | H25: × | K25: =$F25*$I25 -> 0
E26: =IF(D26="","",INDEX('職員名簿（一般型の場合のみ）'!$E$8:$E$26,MATCH(D26,'職員名簿（一般型の場合のみ）'!$C$8:$C$26),0)) | H26: × | K26: =$F26*$I26 -> 0
E27: =IF(D27="","",INDEX('職員名簿（一般型の場合のみ）'!$E$8:$E$26,MATCH(D27,'職員名簿（一般型の場合のみ）'!$C$8:$C$26),0)) | H27: × | K27: =$F27*$I27 -> 0
C28: ①～④合計 | J28: (L) | K28: =SUM(K24,K25:K27) -> 201
B29: （注）①～④に記載する職員は、（表２）の(F）欄①～④に記載した非常勤職員となります。 「職員番号・氏名等」欄は、職員名簿と対応させてください。
C31: 常勤職員の１ヶ月 の勤務時間数 | E31: (M) | G31: ①②③に係る 常勤換算後の人数 ＝(K)÷(M) | J31: （小数点以下切り捨て）
E32: 160 | J32: =IF(E32="","",ROUNDDOWN(K24/E32,0)) -> 1
J36: (N)【(表２)の(G)に転記】
G37: ①②③④に係る 常勤換算後の人数 ＝(L)÷(M) | J37: （小数点以下切り捨て）
J38: =IF(E32="","",ROUNDDOWN(K28/E32,0)) -> 1
J42: (O)【(表２)の(H)に転記】

Sheet 表４（一般型の場合のみ）
A2: 【一般型の場合のみ】
B3: 【表４】
B4: （１）施設の面積基準の充足状況 ★保育所台帳、建物の平面図
C6: ○年齢区分ごとの面積基準及び施設の面積を記載してください。なお、2歳未満のうち、1.65㎡の人数は、｢ほふくに至ってない子｣の人数、3.3㎡の人数は｢ほふくしている子（歩いている子を含む）｣の人数を記入してください。
C9: ="【監査前月 "&DBCS(表１!P8)&"月１日現在】" -> 【監査前月 １月１日現在】
C10: 年齢区分 | E10: 面積基準による算定 | M10: 施設の面積(㎡)
E11: 基準値 (㎡) | H11: 利用定員(名) | K11: 面積 （㎡）
C12: 乳児 満２歳未満の幼児 | E12: 1.65 | G12: × | J12: ＝ | K12: =$E12*$H12 -> 0 | M12: 乳児室
E13: 3.3 | G13: × | J13: ＝ | K13: =$E13*$H13 -> 0 | M13: ほふく室
E14: 合計 | K14: =SUM($K$12:$L$13) -> 0 | M14: 合計 | P14: =SUM(P12:Q13) -> 0
C15: 満２歳以上の乳児 | E15: 1.98 | G15: × | J15: ＝ | K15: =$E15*$H15 -> 0 | M15: 保育室・遊戯室
E16: 3.3 | G16: × | J16: ＝ | K16: =$E16*$H16 -> 0 | M16: 屋外遊戯場
C17: 【根拠】 最低基準第44条（入所児童の満年齢に応じた乳児室、ほふく室、保育室及び遊戯室、屋外遊戯場の面積）

Sheet 職員名簿（一般型の場合のみ）
B1: 【一般型の場合のみ】
C3: 乳児等通園支援事業 職員名簿
C4: ="【監査前月 "&DBCS(表１!P8)&"月１日現在】" -> 【監査前月 １月１日現在】
C5: 整理 番号 | D5: 職名 | E5: 氏名 | F5: 専任/兼任 | G5: 「その他」の場合の業務 （具体的に） | H5: 資格名 | I5: 子育て支援員・家庭的保育者の場合の保育業務経験（常勤換算） | J5: 常勤・非常勤の別 | K5: 非常勤の場合の勤務時間数 | L5: 休業 （産休・育休等） | M5: 備 考
C6: 例 | D6: 保育士 | E6: 保育士A | F6: 専任 | H6: 保育士 | J6: 常勤
C7: 例 | D7: 保育助手 | E7: 保育助手B | F7: 兼任 | H7: 子育て支援員 | I7: ２年以上 | J7: 非常勤 | K7: 80
C8: =IF(E8="","",1)
C9: =IF(E9="","",C8+1)
C10: =IF(E10="","",C9+1)
C11: =IF(E11="","",C10+1)
C12: =IF(E12="","",C11+1)
C13: =IF(E13="","",C12+1)
C14: =IF(E14="","",C13+1)
C15: =IF(E15="","",C14+1)
C16: =IF(E16="","",#REF!+1)
C17: =IF(E17="","",C16+1)
C18: =IF(E18="","",C17+1)
C19: =IF(E19="","",C18+1)
C20: =IF(E20="","",C19+1)
C21: =IF(E21="","",C20+1)
C22: =IF(E22="","",C21+1)
C23: =IF(E23="","",C22+1)
C24: =IF(E24="","",C23+1)
C25: =IF(E25="","",C24+1)
C26: =IF(E26="","",C25+1)

Sheet date
A1: 表紙 | G1: 監査調書 | VD1: 表１ | YF1: 表２ | AAV1: 表３ | ABA1: 表４ | ABW1: 職員名簿
A2: 項目 | B2: =表紙!B6 -> 施設名 | C2: =表紙!B7 -> 施設所在市町村 | D2: =表紙!B8 -> 施設所在地 | E2: =表紙!B5 -> 設置者名 | F2: =表紙!B12 -> メールアドレス | G2: =監査調書!A8 -> １ 運営・管理状況 | AZ2: =監査調書!A39 -> ２ 事業実施体制及び状況 | CZ2: =監査調書!A109 -> ３ 安全管理の状況 【一般型の場合のみ】 | FP2: =監査調書!A200 -> ４ 保育の状況 | GY2: =監査調書!A225 -> ５ 健康管理の状況 | HS2: =監査調書!A254 -> ６ 給食の状況 ※該当項目のみ回答 【一般型の場合のみ】 | MO2: =監査調書!A339 -> ７ 会計経理 | MT2: =監査調書!A361 -> ８ 収入・支出手続 | NG2: =#REF! -> #REF! | NH2: =#REF! -> #REF! | NT2: =#REF! -> #REF! | TW2: =#REF! -> #REF! | VD2: =#REF! -> #REF! | VE2: =#REF! -> #REF! | VF2: =#REF! -> #REF! | YF2: =#REF! -> #REF! | AAV2: =表３!C6 -> ◎非常勤保育士等の常勤換算【監査前月 １月１日現在】 | ABA2: ='表４（一般型の場合のみ）'!B4 -> （１）施設の面積基準の充足状況 ★保育所台帳、建物の平面図 | ABW2: 1 | ACH2: =ABW2+1 -> 2 | ACS2: =ACH2+1 -> 3 | ADD2: =ACS2+1 -> 4 | ADO2: =ADD2+1 -> 5 | ADZ2: =ADO2+1 -> 6 | AEK2: =ADZ2+1 -> 7 | AEV2: =AEK2+1 -> 8 | AFG2: =AEV2+1 -> 9 | AFR2: =AFG2+1 -> 10 | AGC2: =AFR2+1 -> 11 | AGN2: =AGC2+1 -> 12 | AGY2: =AGN2+1 -> 13 | AHJ2: =AGY2+1 -> 14 | AHU2: =AHJ2+1 -> 15 | AIF2: =AHU2+1 -> 16 | AIQ2: =AIF2+1 -> 17 | AJB2: =AIQ2+1 -> 18 | AJM2: =AJB2+1 -> 19 | AJX2: =AJM2+1 -> 20 | AKI2: =AJX2+1 -> 21 | AKT2: =AKI2+1 -> 22 | ALE2: =AKT2+1 -> 23 | ALP2: =ALE2+1 -> 24 | AMA2: =ALP2+1 -> 25 | AML2: =AMA2+1 -> 26 | AMW2: =AML2+1 -> 27 | ANH2: =AMW2+1 -> 28 | ANS2: =ANH2+1 -> 29 | AOD2: =ANS2+1 -> 30 | AOO2: =AOD2+1 -> 31 | AOZ2: =AOO2+1 -> 32 | APK2: =AOZ2+1 -> 33 | APV2: =APK2+1 -> 34 | AQG2: =APV2+1 -> 35 | AQR2: =AQG2+1 -> 36 | ARC2: =AQR2+1 -> 37 | ARN2: =ARC2+1 -> 38 | ARY2: =ARN2+1 -> 39 | ASJ2: =ARY2+1 -> 40 | ASU2: =ASJ2+1 -> 41 | ATF2: =ASU2+1 -> 42 | ATQ2: =ATF2+1 -> 43 | AUB2: =ATQ2+1 -> 44 | AUM2: =AUB2+1 -> 45 | AUX2: =AUM2+1 -> 46 | AVI2: =AUX2+1 -> 47 | AVT2: =AVI2+1 -> 48 | AWE2: =AVT2+1 -> 49 | AWP2: =AWE2+1 -> 50 | AXA2: =AWP2+1 -> 51 | AXL2: =AXA2+1 -> 52 | AXW2: =AXL2+1 -> 53 | AYH2: =AXW2+1 -> 54 | AYS2: =AYH2+1 -> 55 | AZD2: =AYS2+1 -> 56 | AZO2: =AZD2+1 -> 57 | AZZ2: =AZO2+1 -> 58 | BAK2: =AZZ2+1 -> 59 | BAV2: =BAK2+1 -> 60 | BBG2: =BAV2+1 -> 61 | BBR2: =BBG2+1 -> 62 | BCC2: =BBR2+1 -> 63 | BCN2: =BCC2+1 -> 64 | BCY2: =BCN2+1 -> 65 | BDJ2: =BCY2+1 -> 66 | BDU2: =BDJ2+1 -> 67 | BEF2: =BDU2+1 -> 68 | BEQ2: =BEF2+1 -> 69 | BFB2: =BEQ2+1 -> 70 | BFM2: =BFB2+1 -> 71 | BFX2: =BFM2+1 -> 72 | BGI2: =BFX2+1 -> 73 | BGT2: =BGI2+1 -> 74 | BHE2: =BGT2+1 -> 75 | BHP2: =BHE2+1 -> 76 | BIA2: =BHP2+1 -> 77 | BIL2: =BIA2+1 -> 78 | BIW2: =BIL2+1 -> 79 | BJH2: =BIW2+1 -> 80 | BJS2: =BJH2+1 -> 81 | BKD2: =BJS2+1 -> 82 | BKO2: =BKD2+1 -> 83 | BKZ2: =BKO2+1 -> 84 | BLK2: =BKZ2+1 -> 85 | BLV2: =BLK2+1 -> 86 | BMG2: =BLV2+1 -> 87 | BMR2: =BMG2+1 -> 88 | BNC2: =BMR2+1 -> 89 | BNN2: =BNC2+1 -> 90 | BNY2: =BNN2+1 -> 91 | BOJ2: =BNY2+1 -> 92 | BOU2: =BOJ2+1 -> 93 | BPF2: =BOU2+1 -> 94 | BPQ2: =BPF2+1 -> 95 | BQB2: =BPQ2+1 -> 96 | BQM2: =BQB2+1 -> 97 | BQX2: =BQM2+1 -> 98 | BRI2: =BQX2+1 -> 99 | BRT2: =BRI2+1 -> 100
G3: =監査調書!A9 -> （１）運営規程（重要事項に関する規程） | T3: =監査調書!A30 -> （２） 業務管理体制の整備 【一般型の場合のみ】 | X3: =監査調書!A36 -> （３） 事業計画書等の状況 | AE3: =#REF! -> #REF! | AY3: =#REF! -> #REF! | AZ3: =監査調書!A40 -> （１）利用定員 | BG3: =#REF! -> #REF! | BI3: =監査調書!A51 -> （２） 職員の配置状況 【一般型の場合のみ】 | BT3: =監査調書!A64 -> （３） 職員研修の状況 | BZ3: =#REF! -> #REF! | CB3: =#REF! -> #REF! | CG3: =監査調書!A67 -> （４） 苦情解決の仕組み ★確認資料：苦情解決処理要領、苦情処理記録、掲示物、園だより等 | CT3: =監査調書!A87 -> （５） 一人ひとりの子どもを尊重する取組 | CU3: =監査調書!A94 -> （６）秘密の保持、個人情報の保護 | CW3: =監査調書!A102 -> （７） 福祉サービスの質の向上のための措置等 | CZ3: =監査調書!A111 -> （２）施設等の管理状況 | DS3: =#REF! -> #REF! | EC3: =監査調書!A251 -> （５） 医薬品等 | ED3: =監査調書!A141 -> （５） 事故防止 ★確認資料：緊急連絡網、安全管理（緊急時・事故対応等）に関するマニュアル | EN3: =監査調書!A153 -> （６） 防災対策・避難訓練等の状況（令和７年度の状況） ★確認資料：避難訓練記録、消防計画 | FP3: =監査調書!A201 -> （１）全体的な計画･指導計画の策定の状況 ★確認資料：各計画 | FV3: =監査調書!A206 -> （２） 記録の状況 ★確認資料：各諸帳簿 | GB3: =監査調書!A210 -> （３） 保護者との連携の状況 | GL3: =監査調書!A217 -> （４） 利用料及び実費徴収の設定 | GN3: =#REF! -> #REF! | GS3: =#REF! -> #REF! | GY3: =#REF! -> #REF! | HI3: =監査調書!A226 -> （１） 児童の健康状態の把握 | HM3: =監査調書!A236 -> （２） 児童の衛生管理 | HP3: =監査調書!A242 -> （３） 感染症の予防対策 | HR3: =監査調書!A246 -> （４） 体調不良時の対応 | HS3: =監査調書!A255 -> （１）食事の提供について | HU3: =#REF! -> #REF! | HZ3: =監査調書!A260 -> （２） 給食関係諸帳簿 | ID3: =#REF! -> #REF! | IF3: =監査調書!A269 -> （３） 献立・食育 ★確認資料：給食予定・実施献立表及び給食日誌（給食関係帳簿・様式１、２） | IJ3: =監査調書!A287 -> （５） 検食 ★確認資料：給食予定・実施献立表及び給食日誌（給食関係帳簿・様式１） | IL3: =監査調書!A291 -> （６） 塩分 | IM3: =監査調書!A295 -> （７） 調理委託 ★確認資料：契約書 | IN3: =監査調書!A300 -> （８） 衛生管理体制 | IR3: =監査調書!A306 -> （９） 検便の実施状況（令和７年度の状況） ※休業中の職員は除く | MK3: =監査調書!A332 -> （１０）保存食 | MO3: =#REF! -> #REF! | MP3: =監査調書!A340 -> （１） 管理体制の確立 | MT3: =監査調書!A362 -> （１） 出納 ★確認資料：経理規程、収入伺綴、収入証憑綴 | MX3: =監査調書!A369 -> （２） 現金 | NG3: =#REF! -> #REF! | NH3: =#REF! -> #REF! | NK3: =#REF! -> #REF! | NP3: =#REF! -> #REF! | NR3: =#REF! -> #REF! | NT3: =#REF! -> #REF! | NW3: =#REF! -> #REF! | NZ3: =#REF! -> #REF! | OK3: =#REF! -> #REF! | OT3: =#REF! -> #REF! | PI3: =#REF! -> #REF! | PV3: =#REF! -> #REF! | TW3: =#REF! -> #REF! | UE3: =#REF! -> #REF! | UM3: =#REF! -> #REF! | UV3: =#REF! -> #REF! | VE3: =#REF! -> #REF! | VF3: =#REF! -> #REF! | WG3: =#REF!&#REF!&#REF! -> #REF! | XH3: =#REF! -> #REF! | XT3: =#REF!&#REF!&#REF! -> #REF! | YF3: =#REF! -> #REF! | YR3: =#REF! -> #REF! | YX3: =#REF! -> #REF! | ZD3: =#REF! -> #REF! | ZJ3: =#REF! -> #REF! | ZP3: =#REF! -> #REF! | ZV3: =#REF! -> #REF! | AAB3: =#REF! -> #REF! | AAH3: =#REF! -> #REF! | AAN3: =#REF! -> #REF! | AAT3: =#REF! -> #REF! | AAU3: =#REF! -> #REF! | AAV3: =表３!J7 -> １ヶ月の 勤務時間数合計 | AAX3: =表３!C31 -> 常勤職員の１ヶ月 の勤務時間数 | AAY3: =表３!G31 -> ①②③に係る 常勤換算後の人数 ＝(K)÷(M) | AAZ3: =表３!G37 -> ①②③④に係る 常勤換算後の人数 ＝(L)÷(M) | ABA3: =#REF! -> #REF! | ABI3: ='表４（一般型の場合のみ）'!C6 -> ○年齢区分ごとの面積基準及び施設の面積を記載してください。なお、2歳未満のうち、1.65㎡の人数は、｢ほふくに至ってない子｣の人数、3.3㎡の人数は｢ほふくしている子（歩いている子を含む）｣の人数を記入してください。 | ABW3: ='職員名簿（一般型の場合のみ）'!$C$5 -> 整理 番号 | ABX3: ='職員名簿（一般型の場合のみ）'!$D$5 -> 職名 | ABY3: ='職員名簿（一般型の場合のみ）'!$E$5 -> 氏名 | ABZ3: ='職員名簿（一般型の場合のみ）'!$F$5 -> 専任/兼任 | ACA3: ='職員名簿（一般型の場合のみ）'!$G$5 -> 「その他」の場合の業務 （具体的に） | ACB3: ='職員名簿（一般型の場合のみ）'!$H$5 -> 資格名 | ACC3: ='職員名簿（一般型の場合のみ）'!$I$5 -> 子育て支援員・家庭的保育者の場合の保育業務経験（常勤換算） | ACD3: ='職員名簿（一般型の場合のみ）'!$J$5 -> 常勤・非常勤の別 | ACE3: ='職員名簿（一般型の場合のみ）'!$K$5 -> 非常勤の場合の勤務時間数 | ACF3: ='職員名簿（一般型の場合のみ）'!$L$5 -> 休業 （産休・育休等） | ACG3: ='職員名簿（一般型の場合のみ）'!$M$5 -> 備 考 | ACH3: ='職員名簿（一般型の場合のみ）'!$C$5 -> 整理 番号 | ACI3: ='職員名簿（一般型の場合のみ）'!$D$5 -> 職名 | ACJ3: ='職員名簿（一般型の場合のみ）'!$E$5 -> 氏名 | ACK3: ='職員名簿（一般型の場合のみ）'!$F$5 -> 専任/兼任 | ACL3: ='職員名簿（一般型の場合のみ）'!$G$5 -> 「その他」の場合の業務 （具体的に） | ACM3: ='職員名簿（一般型の場合のみ）'!$H$5 -> 資格名 | ACN3: ='職員名簿（一般型の場合のみ）'!$I$5 -> 子育て支援員・家庭的保育者の場合の保育業務経験（常勤換算） | ACO3: ='職員名簿（一般型の場合のみ）'!$J$5 -> 常勤・非常勤の別 | ACP3: ='職員名簿（一般型の場合のみ）'!$K$5 -> 非常勤の場合の勤務時間数 | ACQ3: ='職員名簿（一般型の場合のみ）'!$L$5 -> 休業 （産休・育休等） | ACR3: ='職員名簿（一般型の場合のみ）'!$M$5 -> 備 考 | ACS3: ='職員名簿（一般型の場合のみ）'!$C$5 -> 整理 番号 | ACT3: ='職員名簿（一般型の場合のみ）'!$D$5 -> 職名 | ACU3: ='職員名簿（一般型の場合のみ）'!$E$5 -> 氏名 | ACV3: ='職員名簿（一般型の場合のみ）'!$F$5 -> 専任/兼任 | ACW3: ='職員名簿（一般型の場合のみ）'!$G$5 -> 「その他」の場合の業務 （具体的に） | ACX3: ='職員名簿（一般型の場合のみ）'!$H$5 -> 資格名 | ACY3: ='職員名簿（一般型の場合のみ）'!$I$5 -> 子育て支援員・家庭的保育者の場合の保育業務経験（常勤換算） | ACZ3: ='職員名簿（一般型の場合のみ）'!$J$5 -> 常勤・非常勤の別 | ADA3: ='職員名簿（一般型の場合のみ）'!$K$5 -> 非常勤の場合の勤務時間数 | ADB3: ='職員名簿（一般型の場合のみ）'!$L$5 -> 休業 （産休・育休等） | ADC3: ='職員名簿（一般型の場合のみ）'!$M$5 -> 備 考 | ADD3: ='職員名簿（一般型の場合のみ）'!$C$5 -> 整理 番号 | ADE3: ='職員名簿（一般型の場合のみ）'!$D$5 -> 職名 | ADF3: ='職員名簿（一般型の場合のみ）'!$E$5 -> 氏名 | ADG3: ='職員名簿（一般型の場合のみ）'!$F$5 -> 専任/兼任 | ADH3: ='職員名簿（一般型の場合のみ）'!$G$5 -> 「その他」の場合の業務 （具体的に） | ADI3: ='職員名簿（一般型の場合のみ）'!$H$5 -> 資格名 | ADJ3: ='職員名簿（一般型の場合のみ）'!$I$5 -> 子育て支援員・家庭的保育者の場合の保育業務経験（常勤換算） | ADK3: ='職員名簿（一般型の場合のみ）'!$J$5 -> 常勤・非常勤の別 | ADL3: ='職員名簿（一般型の場合のみ）'!$K$5 -> 非常勤の場合の勤務時間数 | ADM3: ='職員名簿（一般型の場合のみ）'!$L$5 -> 休業 （産休・育休等） | ADN3: ='職員名簿（一般型の場合のみ）'!$M$5 -> 備 考 | ADO3: ='職員名簿（一般型の場合のみ）'!$C$5 -> 整理 番号 | ADP3: ='職員名簿（一般型の場合のみ）'!$D$5 -> 職名 | ADQ3: ='職員名簿（一般型の場合のみ）'!$E$5 -> 氏名 | ADR3: ='職員名簿（一般型の場合のみ）'!$F$5 -> 専任/兼任 | ADS3: ='職員名簿（一般型の場合のみ）'!$G$5 -> 「その他」の場合の業務 （具体的に） | ADT3: ='職員名簿（一般型の場合のみ）'!$H$5 -> 資格名 | ADU3: ='職員名簿（一般型の場合のみ）'!$I$5 -> 子育て支援員・家庭的保育者の場合の保育業務経験（常勤換算） | ADV3: ='職員名簿（一般型の場合のみ）'!$J$5 -> 常勤・非常勤の別 | ADW3: ='職員名簿（一般型の場合のみ）'!$K$5 -> 非常勤の場合の勤務時間数 | ADX3: ='職員名簿（一般型の場合のみ）'!$L$5 -> 休業 （産休・育休等） | ADY3: ='職員名簿（一般型の場合のみ）'!$M$5 -> 備 考 | ADZ3: ='職員名簿（一般型の場合のみ）'!$C$5 -> 整理 番号 | AEA3: ='職員名簿（一般型の場合のみ）'!$D$5 -> 職名 | AEB3: ='職員名簿（一般型の場合のみ）'!$E$5 -> 氏名 | AEC3: ='職員名簿（一般型の場合のみ）'!$F$5 -> 専任/兼任 | AED3: ='職員名簿（一般型の場合のみ）'!$G$5 -> 「その他」の場合の業務 （具体的に） | AEE3: ='職員名簿（一般型の場合のみ）'!$H$5 -> 資格名 | AEF3: ='職員名簿（一般型の場合のみ）'!$I$5 -> 子育て支援員・家庭的保育者の場合の保育業務経験（常勤換算） | AEG3: ='職員名簿（一般型の場合のみ）'!$J$5 -> 常勤・非常勤の別 | AEH3: ='職員名簿（一般型の場合のみ）'!$K$5 -> 非常勤の場合の勤務時間数 | AEI3: ='職員名簿（一般型の場合のみ）'!$L$5 -> 休業 （産休・育休等） | AEJ3: ='職員名簿（一般型の場合のみ）'!$M$5 -> 備 考 | AEK3: ='職員名簿（一般型の場合のみ）'!$C$5 -> 整理 番号 | AEL3: ='職員名簿（一般型の場合のみ）'!$D$5 -> 職名 | AEM3: ='職員名簿（一般型の場合のみ）'!$E$5 -> 氏名 | AEN3: ='職員名簿（一般型の場合のみ）'!$F$5 -> 専任/兼任 | AEO3: ='職員名簿（一般型の場合のみ）'!$G$5 -> 「その他」の場合の業務 （具体的に） | AEP3: ='職員名簿（一般型の場合のみ）'!$H$5 -> 資格名 | AEQ3: ='職員名簿（一般型の場合のみ）'!$I$5 -> 子育て支援員・家庭的保育者の場合の保育業務経験（常勤換算） | AER3: ='職員名簿（一般型の場合のみ）'!$J$5 -> 常勤・非常勤の別 | AES3: ='職員名簿（一般型の場合のみ）'!$K$5 -> 非常勤の場合の勤務時間数 | AET3: ='職員名簿（一般型の場合のみ）'!$L$5 -> 休業 （産休・育休等） | AEU3: ='職員名簿（一般型の場合のみ）'!$M$5 -> 備 考 | AEV3: ='職員名簿（一般型の場合のみ）'!$C$5 -> 整理 番号 | AEW3: ='職員名簿（一般型の場合のみ）'!$D$5 -> 職名 | AEX3: ='職員名簿（一般型の場合のみ）'!$E$5 -> 氏名 | AEY3: ='職員名簿（一般型の場合のみ）'!$F$5 -> 専任/兼任 | AEZ3: ='職員名簿（一般型の場合のみ）'!$G$5 -> 「その他」の場合の業務 （具体的に） | AFA3: ='職員名簿（一般型の場合のみ）'!$H$5 -> 資格名 | AFB3: ='職員名簿（一般型の場合のみ）'!$I$5 -> 子育て支援員・家庭的保育者の場合の保育業務経験（常勤換算） | AFC3: ='職員名簿（一般型の場合のみ）'!$J$5 -> 常勤・非常勤の別 | AFD3: ='職員名簿（一般型の場合のみ）'!$K$5 -> 非常勤の場合の勤務時間数 | AFE3: ='職員名簿（一般型の場合のみ）'!$L$5 -> 休業 （産休・育休等） | AFF3: ='職員名簿（一般型の場合のみ）'!$M$5 -> 備 考 | AFG3: ='職員名簿（一般型の場合のみ）'!$C$5 -> 整理 番号 | AFH3: ='職員名簿（一般型の場合のみ）'!$D$5 -> 職名 | AFI3: ='職員名簿（一般型の場合のみ）'!$E$5 -> 氏名 | AFJ3: ='職員名簿（一般型の場合のみ）'!$F$5 -> 専任/兼任 | AFK3: ='職員名簿（一般型の場合のみ）'!$G$5 -> 「その他」の場合の業務 （具体的に） | AFL3: ='職員名簿（一般型の場合のみ）'!$H$5 -> 資格名 | AFM3: ='職員名簿（一般型の場合のみ）'!$I$5 -> 子育て支援員・家庭的保育者の場合の保育業務経験（常勤換算） | AFN3: ='職員名簿（一般型の場合のみ）'!$J$5 -> 常勤・非常勤の別 | AFO3: ='職員名簿（一般型の場合のみ）'!$K$5 -> 非常勤の場合の勤務時間数 | AFP3: ='職員名簿（一般型の場合のみ）'!$L$5 -> 休業 （産休・育休等） | AFQ3: ='職員名簿（一般型の場合のみ）'!$M$5 -> 備 考 | AFR3: ='職員名簿（一般型の場合のみ）'!$C$5 -> 整理 番号 | AFS3: ='職員名簿（一般型の場合のみ）'!$D$5 -> 職名 | AFT3: ='職員名簿（一般型の場合のみ）'!$E$5 -> 氏名 | AFU3: ='職員名簿（一般型の場合のみ）'!$F$5 -> 専任/兼任 | AFV3: ='職員名簿（一般型の場合のみ）'!$G$5 -> 「その他」の場合の業務 （具体的に） | AFW3: ='職員名簿（一般型の場合のみ）'!$H$5 -> 資格名 | AFX3: ='職員名簿（一般型の場合のみ）'!$I$5 -> 子育て支援員・家庭的保育者の場合の保育業務経験（常勤換算） | AFY3: ='職員名簿（一般型の場合のみ）'!$J$5 -> 常勤・非常勤の別 | AFZ3: ='職員名簿（一般型の場合のみ）'!$K$5 -> 非常勤の場合の勤務時間数 | AGA3: ='職員名簿（一般型の場合のみ）'!$L$5 -> 休業 （産休・育休等） | AGB3: ='職員名簿（一般型の場合のみ）'!$M$5 -> 備 考 | AGC3: ='職員名簿（一般型の場合のみ）'!$C$5 -> 整理 番号 | AGD3: ='職員名簿（一般型の場合のみ）'!$D$5 -> 職名 | AGE3: ='職員名簿（一般型の場合のみ）'!$E$5 -> 氏名 | AGF3: ='職員名簿（一般型の場合のみ）'!$F$5 -> 専任/兼任 | AGG3: ='職員名簿（一般型の場合のみ）'!$G$5 -> 「その他」の場合の業務 （具体的に） | AGH3: ='職員名簿（一般型の場合のみ）'!$H$5 -> 資格名 | AGI3: ='職員名簿（一般型の場合のみ）'!$I$5 -> 子育て支援員・家庭的保育者の場合の保育業務経験（常勤換算） | AGJ3: ='職員名簿（一般型の場合のみ）'!$J$5 -> 常勤・非常勤の別 | AGK3: ='職員名簿（一般型の場合のみ）'!$K$5 -> 非常勤の場合の勤務時間数 | AGL3: ='職員名簿（一般型の場合のみ）'!$L$5 -> 休業 （産休・育休等） | AGM3: ='職員名簿（一般型の場合のみ）'!$M$5 -> 備 考 | AGN3: ='職員名簿（一般型の場合のみ）'!$C$5 -> 整理 番号 | AGO3: ='職員名簿（一般型の場合のみ）'!$D$5 -> 職名 | AGP3: ='職員名簿（一般型の場合のみ）'!$E$5 -> 氏名 | AGQ3: ='職員名簿（一般型の場合のみ）'!$F$5 -> 専任/兼任 | AGR3: ='職員名簿（一般型の場合のみ）'!$G$5 -> 「その他」の場合の業務 （具体的に） | AGS3: ='職員名簿（一般型の場合のみ）'!$H$5 -> 資格名 | AGT3: ='職員名簿（一般型の場合のみ）'!$I$5 -> 子育て支援員・家庭的保育者の場合の保育業務経験（常勤換算） | AGU3: ='職員名簿（一般型の場合のみ）'!$J$5 -> 常勤・非常勤の別 | AGV3: ='職員名簿（一般型の場合のみ）'!$K$5 -> 非常勤の場合の勤務時間数 | AGW3: ='職員名簿（一般型の場合のみ）'!$L$5 -> 休業 （産休・育休等） | AGX3: ='職員名簿（一般型の場合のみ）'!$M$5 -> 備 考 | AGY3: ='職員名簿（一般型の場合のみ）'!$C$5 -> 整理 番号 | AGZ3: ='職員名簿（一般型の場合のみ）'!$D$5 -> 職名 | AHA3: ='職員名簿（一般型の場合のみ）'!$E$5 -> 氏名 | AHB3: ='職員名簿（一般型の場合のみ）'!$F$5 -> 専任/兼任 | AHC3: ='職員名簿（一般型の場合のみ）'!$G$5 -> 「その他」の場合の業務 （具体的に） | AHD3: ='職員名簿（一般型の場合のみ）'!$H$5 -> 資格名 | AHE3: ='職員名簿（一般型の場合のみ）'!$I$5 -> 子育て支援員・家庭的保育者の場合の保育業務経験（常勤換算） | AHF3: ='職員名簿（一般型の場合のみ）'!$J$5 -> 常勤・非常勤の別 | AHG3: ='職員名簿（一般型の場合のみ）'!$K$5 -> 非常勤の場合の勤務時間数 | AHH3: ='職員名簿（一般型の場合のみ）'!$L$5 -> 休業 （産休・育休等） | AHI3: ='職員名簿（一般型の場合のみ）'!$M$5 -> 備 考 | AHJ3: ='職員名簿（一般型の場合のみ）'!$C$5 -> 整理 番号 | AHK3: ='職員名簿（一般型の場合のみ）'!$D$5 -> 職名 | AHL3: ='職員名簿（一般型の場合のみ）'!$E$5 -> 氏名 | AHM3: ='職員名簿（一般型の場合のみ）'!$F$5 -> 専任/兼任 | AHN3: ='職員名簿（一般型の場合のみ）'!$G$5 -> 「その他」の場合の業務 （具体的に） | AHO3: ='職員名簿（一般型の場合のみ）'!$H$5 -> 資格名 | AHP3: ='職員名簿（一般型の場合のみ）'!$I$5 -> 子育て支援員・家庭的保育者の場合の保育業務経験（常勤換算） | AHQ3: ='職員名簿（一般型の場合のみ）'!$J$5 -> 常勤・非常勤の別 | AHR3: ='職員名簿（一般型の場合のみ）'!$K$5 -> 非常勤の場合の勤務時間数 | AHS3: ='職員名簿（一般型の場合のみ）'!$L$5 -> 休業 （産休・育休等） | AHT3: ='職員名簿（一般型の場合のみ）'!$M$5 -> 備 考 | AHU3: ='職員名簿（一般型の場合のみ）'!$C$5 -> 整理 番号 | AHV3: ='職員名簿（一般型の場合のみ）'!$D$5 -> 職名 | AHW3: ='職員名簿（一般型の場合のみ）'!$E$5 -> 氏名 | AHX3: ='職員名簿（一般型の場合のみ）'!$F$5 -> 専任/兼任 | AHY3: ='職員名簿（一般型の場合のみ）'!$G$5 -> 「その他」の場合の業務 （具体的に） | AHZ3: ='職員名簿（一般型の場合のみ）'!$H$5 -> 資格名 | AIA3: ='職員名簿（一般型の場合のみ）'!$I$5 -> 子育て支援員・家庭的保育者の場合の保育業務経験（常勤換算） | AIB3: ='職員名簿（一般型の場合のみ）'!$J$5 -> 常勤・非常勤の別 | AIC3: ='職員名簿（一般型の場合のみ）'!$K$5 -> 非常勤の場合の勤務時間数 | AID3: ='職員名簿（一般型の場合のみ）'!$L$5 -> 休業 （産休・育休等） | AIE3: ='職員名簿（一般型の場合のみ）'!$M$5 -> 備 考 | AIF3: ='職員名簿（一般型の場合のみ）'!$C$5 -> 整理 番号 | AIG3: ='職員名簿（一般型の場合のみ）'!$D$5 -> 職名 | AIH3: ='職員名簿（一般型の場合のみ）'!$E$5 -> 氏名 | AII3: ='職員名簿（一般型の場合のみ）'!$F$5 -> 専任/兼任 | AIJ3: ='職員名簿（一般型の場合のみ）'!$G$5 -> 「その他」の場合の業務 （具体的に） | AIK3: ='職員名簿（一般型の場合のみ）'!$H$5 -> 資格名 | AIL3: ='職員名簿（一般型の場合のみ）'!$I$5 -> 子育て支援員・家庭的保育者の場合の保育業務経験（常勤換算） | AIM3: ='職員名簿（一般型の場合のみ）'!$J$5 -> 常勤・非常勤の別 | AIN3: ='職員名簿（一般型の場合のみ）'!$K$5 -> 非常勤の場合の勤務時間数 | AIO3: ='職員名簿（一般型の場合のみ）'!$L$5 -> 休業 （産休・育休等） | AIP3: ='職員名簿（一般型の場合のみ）'!$M$5 -> 備 考 | AIQ3: ='職員名簿（一般型の場合のみ）'!$C$5 -> 整理 番号 | AIR3: ='職員名簿（一般型の場合のみ）'!$D$5 -> 職名 | AIS3: ='職員名簿（一般型の場合のみ）'!$E$5 -> 氏名 | AIT3: ='職員名簿（一般型の場合のみ）'!$F$5 -> 専任/兼任 | AIU3: ='職員名簿（一般型の場合のみ）'!$G$5 -> 「その他」の場合の業務 （具体的に） | AIV3: ='職員名簿（一般型の場合のみ）'!$H$5 -> 資格名 | AIW3: ='職員名簿（一般型の場合のみ）'!$I$5 -> 子育て支援員・家庭的保育者の場合の保育業務経験（常勤換算） | AIX3: ='職員名簿（一般型の場合のみ）'!$J$5 -> 常勤・非常勤の別 | AIY3: ='職員名簿（一般型の場合のみ）'!$K$5 -> 非常勤の場合の勤務時間数 | AIZ3: ='職員名簿（一般型の場合のみ）'!$L$5 -> 休業 （産休・育休等） | AJA3: ='職員名簿（一般型の場合のみ）'!$M$5 -> 備 考 | AJB3: ='職員名簿（一般型の場合のみ）'!$C$5 -> 整理 番号 | AJC3: ='職員名簿（一般型の場合のみ）'!$D$5 -> 職名 | AJD3: ='職員名簿（一般型の場合のみ）'!$E$5 -> 氏名 | AJE3: ='職員名簿（一般型の場合のみ）'!$F$5 -> 専任/兼任 | AJF3: ='職員名簿（一般型の場合のみ）'!$G$5 -> 「その他」の場合の業務 （具体的に） | AJG3: ='職員名簿（一般型の場合のみ）'!$H$5 -> 資格名 | AJH3: ='職員名簿（一般型の場合のみ）'!$I$5 -> 子育て支援員・家庭的保育者の場合の保育業務経験（常勤換算） | AJI3: ='職員名簿（一般型の場合のみ）'!$J$5 -> 常勤・非常勤の別 | AJJ3: ='職員名簿（一般型の場合のみ）'!$K$5 -> 非常勤の場合の勤務時間数 | AJK3: ='職員名簿（一般型の場合のみ）'!$L$5 -> 休業 （産休・育休等） | AJL3: ='職員名簿（一般型の場合のみ）'!$M$5 -> 備 考 | AJM3: ='職員名簿（一般型の場合のみ）'!$C$5 -> 整理 番号 | AJN3: ='職員名簿（一般型の場合のみ）'!$D$5 -> 職名 | AJO3: ='職員名簿（一般型の場合のみ）'!$E$5 -> 氏名 | AJP3: ='職員名簿（一般型の場合のみ）'!$F$5 -> 専任/兼任 | AJQ3: ='職員名簿（一般型の場合のみ）'!$G$5 -> 「その他」の場合の業務 （具体的に） | AJR3: ='職員名簿（一般型の場合のみ）'!$H$5 -> 資格名 | AJS3: ='職員名簿（一般型の場合のみ）'!$I$5 -> 子育て支援員・家庭的保育者の場合の保育業務経験（常勤換算） | AJT3: ='職員名簿（一般型の場合のみ）'!$J$5 -> 常勤・非常勤の別 | AJU3: ='職員名簿（一般型の場合のみ）'!$K$5 -> 非常勤の場合の勤務時間数 | AJV3: ='職員名簿（一般型の場合のみ）'!$L$5 -> 休業 （産休・育休等） | AJW3: ='職員名簿（一般型の場合のみ）'!$M$5 -> 備 考 | AJX3: ='職員名簿（一般型の場合のみ）'!$C$5 -> 整理 番号 | AJY3: ='職員名簿（一般型の場合のみ）'!$D$5 -> 職名 | AJZ3: ='職員名簿（一般型の場合のみ）'!$E$5 -> 氏名 | AKA3: ='職員名簿（一般型の場合のみ）'!$F$5 -> 専任/兼任 | AKB3: ='職員名簿（一般型の場合のみ）'!$G$5 -> 「その他」の場合の業務 （具体的に） | AKC3: ='職員名簿（一般型の場合のみ）'!$H$5 -> 資格名 | AKD3: ='職員名簿（一般型の場合のみ）'!$I$5 -> 子育て支援員・家庭的保育者の場合の保育業務経験（常勤換算） | AKE3: ='職員名簿（一般型の場合のみ）'!$J$5 -> 常勤・非常勤の別 | AKF3: ='職員名簿（一般型の場合のみ）'!$K$5 -> 非常勤の場合の勤務時間数 | AKG3: ='職員名簿（一般型の場合のみ）'!$L$5 -> 休業 （産休・育休等） | AKH3: ='職員名簿（一般型の場合のみ）'!$M$5 -> 備 考 | AKI3: ='職員名簿（一般型の場合のみ）'!$C$5 -> 整理 番号 | AKJ3: ='職員名簿（一般型の場合のみ）'!$D$5 -> 職名 | AKK3: ='職員名簿（一般型の場合のみ）'!$E$5 -> 氏名 | AKL3: ='職員名簿（一般型の場合のみ）'!$F$5 -> 専任/兼任 | AKM3: ='職員名簿（一般型の場合のみ）'!$G$5 -> 「その他」の場合の業務 （具体的に） | AKN3: ='職員名簿（一般型の場合のみ）'!$H$5 -> 資格名 | AKO3: ='職員名簿（一般型の場合のみ）'!$I$5 -> 子育て支援員・家庭的保育者の場合の保育業務経験（常勤換算） | AKP3: ='職員名簿（一般型の場合のみ）'!$J$5 -> 常勤・非常勤の別 | AKQ3: ='職員名簿（一般型の場合のみ）'!$K$5 -> 非常勤の場合の勤務時間数 | AKR3: ='職員名簿（一般型の場合のみ）'!$L$5 -> 休業 （産休・育休等） | AKS3: ='職員名簿（一般型の場合のみ）'!$M$5 -> 備 考 | AKT3: ='職員名簿（一般型の場合のみ）'!$C$5 -> 整理 番号 | AKU3: ='職員名簿（一般型の場合のみ）'!$D$5 -> 職名 | AKV3: ='職員名簿（一般型の場合のみ）'!$E$5 -> 氏名 | AKW3: ='職員名簿（一般型の場合のみ）'!$F$5 -> 専任/兼任 | AKX3: ='職員名簿（一般型の場合のみ）'!$G$5 -> 「その他」の場合の業務 （具体的に） | AKY3: ='職員名簿（一般型の場合のみ）'!$H$5 -> 資格名 | AKZ3: ='職員名簿（一般型の場合のみ）'!$I$5 -> 子育て支援員・家庭的保育者の場合の保育業務経験（常勤換算） | ALA3: ='職員名簿（一般型の場合のみ）'!$J$5 -> 常勤・非常勤の別 | ALB3: ='職員名簿（一般型の場合のみ）'!$K$5 -> 非常勤の場合の勤務時間数 | ALC3: ='職員名簿（一般型の場合のみ）'!$L$5 -> 休業 （産休・育休等） | ALD3: ='職員名簿（一般型の場合のみ）'!$M$5 -> 備 考 | ALE3: ='職員名簿（一般型の場合のみ）'!$C$5 -> 整理 番号 | ALF3: ='職員名簿（一般型の場合のみ）'!$D$5 -> 職名 | ALG3: ='職員名簿（一般型の場合のみ）'!$E$5 -> 氏名 | ALH3: ='職員名簿（一般型の場合のみ）'!$F$5 -> 専任/兼任 | ALI3: ='職員名簿（一般型の場合のみ）'!$G$5 -> 「その他」の場合の業務 （具体的に） | ALJ3: ='職員名簿（一般型の場合のみ）'!$H$5 -> 資格名 | ALK3: ='職員名簿（一般型の場合のみ）'!$I$5 -> 子育て支援員・家庭的保育者の場合の保育業務経験（常勤換算） | ALL3: ='職員名簿（一般型の場合のみ）'!$J$5 -> 常勤・非常勤の別 | ALM3: ='職員名簿（一般型の場合のみ）'!$K$5 -> 非常勤の場合の勤務時間数 | ALN3: ='職員名簿（一般型の場合のみ）'!$L$5 -> 休業 （産休・育休等） | ALO3: ='職員名簿（一般型の場合のみ）'!$M$5 -> 備 考 | ALP3: ='職員名簿（一般型の場合のみ）'!$C$5 -> 整理 番号 | ALQ3: ='職員名簿（一般型の場合のみ）'!$D$5 -> 職名 | ALR3: ='職員名簿（一般型の場合のみ）'!$E$5 -> 氏名 | ALS3: ='職員名簿（一般型の場合のみ）'!$F$5 -> 専任/兼任 | ALT3: ='職員名簿（一般型の場合のみ）'!$G$5 -> 「その他」の場合の業務 （具体的に） | ALU3: ='職員名簿（一般型の場合のみ）'!$H$5 -> 資格名 | ALV3: ='職員名簿（一般型の場合のみ）'!$I$5 -> 子育て支援員・家庭的保育者の場合の保育業務経験（常勤換算） | ALW3: ='職員名簿（一般型の場合のみ）'!$J$5 -> 常勤・非常勤の別 | ALX3: ='職員名簿（一般型の場合のみ）'!$K$5 -> 非常勤の場合の勤務時間数 | ALY3: ='職員名簿（一般型の場合のみ）'!$L$5 -> 休業 （産休・育休等） | ALZ3: ='職員名簿（一般型の場合のみ）'!$M$5 -> 備 考 | AMA3: ='職員名簿（一般型の場合のみ）'!$C$5 -> 整理 番号 | AMB3: ='職員名簿（一般型の場合のみ）'!$D$5 -> 職名 | AMC3: ='職員名簿（一般型の場合のみ）'!$E$5 -> 氏名 | AMD3: ='職員名簿（一般型の場合のみ）'!$F$5 -> 専任/兼任 | AME3: ='職員名簿（一般型の場合のみ）'!$G$5 -> 「その他」の場合の業務 （具体的に） | AMF3: ='職員名簿（一般型の場合のみ）'!$H$5 -> 資格名 | AMG3: ='職員名簿（一般型の場合のみ）'!$I$5 -> 子育て支援員・家庭的保育者の場合の保育業務経験（常勤換算） | AMH3: ='職員名簿（一般型の場合のみ）'!$J$5 -> 常勤・非常勤の別 | AMI3: ='職員名簿（一般型の場合のみ）'!$K$5 -> 非常勤の場合の勤務時間数 | AMJ3: ='職員名簿（一般型の場合のみ）'!$L$5 -> 休業 （産休・育休等） | AMK3: ='職員名簿（一般型の場合のみ）'!$M$5 -> 備 考 | AML3: ='職員名簿（一般型の場合のみ）'!$C$5 -> 整理 番号 | AMM3: ='職員名簿（一般型の場合のみ）'!$D$5 -> 職名 | AMN3: ='職員名簿（一般型の場合のみ）'!$E$5 -> 氏名 | AMO3: ='職員名簿（一般型の場合のみ）'!$F$5 -> 専任/兼任 | AMP3: ='職員名簿（一般型の場合のみ）'!$G$5 -> 「その他」の場合の業務 （具体的に） | AMQ3: ='職員名簿（一般型の場合のみ）'!$H$5 -> 資格名 | AMR3: ='職員名簿（一般型の場合のみ）'!$I$5 -> 子育て支援員・家庭的保育者の場合の保育業務経験（常勤換算） | AMS3: ='職員名簿（一般型の場合のみ）'!$J$5 -> 常勤・非常勤の別 | AMT3: ='職員名簿（一般型の場合のみ）'!$K$5 -> 非常勤の場合の勤務時間数 | AMU3: ='職員名簿（一般型の場合のみ）'!$L$5 -> 休業 （産休・育休等） | AMV3: ='職員名簿（一般型の場合のみ）'!$M$5 -> 備 考 | AMW3: ='職員名簿（一般型の場合のみ）'!$C$5 -> 整理 番号 | AMX3: ='職員名簿（一般型の場合のみ）'!$D$5 -> 職名 | AMY3: ='職員名簿（一般型の場合のみ）'!$E$5 -> 氏名 | AMZ3: ='職員名簿（一般型の場合のみ）'!$F$5 -> 専任/兼任 | ANA3: ='職員名簿（一般型の場合のみ）'!$G$5 -> 「その他」の場合の業務 （具体的に） | ANB3: ='職員名簿（一般型の場合のみ）'!$H$5 -> 資格名 | ANC3: ='職員名簿（一般型の場合のみ）'!$I$5 -> 子育て支援員・家庭的保育者の場合の保育業務経験（常勤換算） | AND3: ='職員名簿（一般型の場合のみ）'!$J$5 -> 常勤・非常勤の別 | ANE3: ='職員名簿（一般型の場合のみ）'!$K$5 -> 非常勤の場合の勤務時間数 | ANF3: ='職員名簿（一般型の場合のみ）'!$L$5 -> 休業 （産休・育休等） | ANG3: ='職員名簿（一般型の場合のみ）'!$M$5 -> 備 考 | ANH3: ='職員名簿（一般型の場合のみ）'!$C$5 -> 整理 番号 | ANI3: ='職員名簿（一般型の場合のみ）'!$D$5 -> 職名 | ANJ3: ='職員名簿（一般型の場合のみ）'!$E$5 -> 氏名 | ANK3: ='職員名簿（一般型の場合のみ）'!$F$5 -> 専任/兼任 | ANL3: ='職員名簿（一般型の場合のみ）'!$G$5 -> 「その他」の場合の業務 （具体的に） | ANM3: ='職員名簿（一般型の場合のみ）'!$H$5 -> 資格名 | ANN3: ='職員名簿（一般型の場合のみ）'!$I$5 -> 子育て支援員・家庭的保育者の場合の保育業務経験（常勤換算） | ANO3: ='職員名簿（一般型の場合のみ）'!$J$5 -> 常勤・非常勤の別 | ANP3: ='職員名簿（一般型の場合のみ）'!$K$5 -> 非常勤の場合の勤務時間数 | ANQ3: ='職員名簿（一般型の場合のみ）'!$L$5 -> 休業 （産休・育休等） | ANR3: ='職員名簿（一般型の場合のみ）'!$M$5 -> 備 考 | ANS3: ='職員名簿（一般型の場合のみ）'!$C$5 -> 整理 番号 | ANT3: ='職員名簿（一般型の場合のみ）'!$D$5 -> 職名 | ANU3: ='職員名簿（一般型の場合のみ）'!$E$5 -> 氏名 | ANV3: ='職員名簿（一般型の場合のみ）'!$F$5 -> 専任/兼任 | ANW3: ='職員名簿（一般型の場合のみ）'!$G$5 -> 「その他」の場合の業務 （具体的に） | ANX3: ='職員名簿（一般型の場合のみ）'!$H$5 -> 資格名 | ANY3: ='職員名簿（一般型の場合のみ）'!$I$5 -> 子育て支援員・家庭的保育者の場合の保育業務経験（常勤換算） | ANZ3: ='職員名簿（一般型の場合のみ）'!$J$5 -> 常勤・非常勤の別 | AOA3: ='職員名簿（一般型の場合のみ）'!$K$5 -> 非常勤の場合の勤務時間数 | AOB3: ='職員名簿（一般型の場合のみ）'!$L$5 -> 休業 （産休・育休等） | AOC3: ='職員名簿（一般型の場合のみ）'!$M$5 -> 備 考 | AOD3: ='職員名簿（一般型の場合のみ）'!$C$5 -> 整理 番号 | AOE3: ='職員名簿（一般型の場合のみ）'!$D$5 -> 職名 | AOF3: ='職員名簿（一般型の場合のみ）'!$E$5 -> 氏名 | AOG3: ='職員名簿（一般型の場合のみ）'!$F$5 -> 専任/兼任 | AOH3: ='職員名簿（一般型の場合のみ）'!$G$5 -> 「その他」の場合の業務 （具体的に） | AOI3: ='職員名簿（一般型の場合のみ）'!$H$5 -> 資格名 | AOJ3: ='職員名簿（一般型の場合のみ）'!$I$5 -> 子育て支援員・家庭的保育者の場合の保育業務経験（常勤換算） | AOK3: ='職員名簿（一般型の場合のみ）'!$J$5 -> 常勤・非常勤の別 | AOL3: ='職員名簿（一般型の場合のみ）'!$K$5 -> 非常勤の場合の勤務時間数 | AOM3: ='職員名簿（一般型の場合のみ）'!$L$5 -> 休業 （産休・育休等） | AON3: ='職員名簿（一般型の場合のみ）'!$M$5 -> 備 考 | AOO3: ='職員名簿（一般型の場合のみ）'!$C$5 -> 整理 番号 | AOP3: ='職員名簿（一般型の場合のみ）'!$D$5 -> 職名 | AOQ3: ='職員名簿（一般型の場合のみ）'!$E$5 -> 氏名 | AOR3: ='職員名簿（一般型の場合のみ）'!$F$5 -> 専任/兼任 | AOS3: ='職員名簿（一般型の場合のみ）'!$G$5 -> 「その他」の場合の業務 （具体的に） | AOT3: ='職員名簿（一般型の場合のみ）'!$H$5 -> 資格名 | AOU3: ='職員名簿（一般型の場合のみ）'!$I$5 -> 子育て支援員・家庭的保育者の場合の保育業務経験（常勤換算） | AOV3: ='職員名簿（一般型の場合のみ）'!$J$5 -> 常勤・非常勤の別 | AOW3: ='職員名簿（一般型の場合のみ）'!$K$5 -> 非常勤の場合の勤務時間数 | AOX3: ='職員名簿（一般型の場合のみ）'!$L$5 -> 休業 （産休・育休等） | AOY3: ='職員名簿（一般型の場合のみ）'!$M$5 -> 備 考 | AOZ3: ='職員名簿（一般型の場合のみ）'!$C$5 -> 整理 番号 | APA3: ='職員名簿（一般型の場合のみ）'!$D$5 -> 職名 | APB3: ='職員名簿（一般型の場合のみ）'!$E$5 -> 氏名 | APC3: ='職員名簿（一般型の場合のみ）'!$F$5 -> 専任/兼任 | APD3: ='職員名簿（一般型の場合のみ）'!$G$5 -> 「その他」の場合の業務 （具体的に） | APE3: ='職員名簿（一般型の場合のみ）'!$H$5 -> 資格名 | APF3: ='職員名簿（一般型の場合のみ）'!$I$5 -> 子育て支援員・家庭的保育者の場合の保育業務経験（常勤換算） | APG3: ='職員名簿（一般型の場合のみ）'!$J$5 -> 常勤・非常勤の別 | APH3: ='職員名簿（一般型の場合のみ）'!$K$5 -> 非常勤の場合の勤務時間数 | API3: ='職員名簿（一般型の場合のみ）'!$L$5 -> 休業 （産休・育休等） | APJ3: ='職員名簿（一般型の場合のみ）'!$M$5 -> 備 考 | APK3: ='職員名簿（一般型の場合のみ）'!$C$5 -> 整理 番号 | APL3: ='職員名簿（一般型の場合のみ）'!$D$5 -> 職名 | APM3: ='職員名簿（一般型の場合のみ）'!$E$5 -> 氏名 | APN3: ='職員名簿（一般型の場合のみ）'!$F$5 -> 専任/兼任 | APO3: ='職員名簿（一般型の場合のみ）'!$G$5 -> 「その他」の場合の業務 （具体的に） | APP3: ='職員名簿（一般型の場合のみ）'!$H$5 -> 資格名 | APQ3: ='職員名簿（一般型の場合のみ）'!$I$5 -> 子育て支援員・家庭的保育者の場合の保育業務経験（常勤換算） | APR3: ='職員名簿（一般型の場合のみ）'!$J$5 -> 常勤・非常勤の別 | APS3: ='職員名簿（一般型の場合のみ）'!$K$5 -> 非常勤の場合の勤務時間数 | APT3: ='職員名簿（一般型の場合のみ）'!$L$5 -> 休業 （産休・育休等） | APU3: ='職員名簿（一般型の場合のみ）'!$M$5 -> 備 考 | APV3: ='職員名簿（一般型の場合のみ）'!$C$5 -> 整理 番号 | APW3: ='職員名簿（一般型の場合のみ）'!$D$5 -> 職名 | APX3: ='職員名簿（一般型の場合のみ）'!$E$5 -> 氏名 | APY3: ='職員名簿（一般型の場合のみ）'!$F$5 -> 専任/兼任 | APZ3: ='職員名簿（一般型の場合のみ）'!$G$5 -> 「その他」の場合の業務 （具体的に） | AQA3: ='職員名簿（一般型の場合のみ）'!$H$5 -> 資格名 | AQB3: ='職員名簿（一般型の場合のみ）'!$I$5 -> 子育て支援員・家庭的保育者の場合の保育業務経験（常勤換算） | AQC3: ='職員名簿（一般型の場合のみ）'!$J$5 -> 常勤・非常勤の別 | AQD3: ='職員名簿（一般型の場合のみ）'!$K$5 -> 非常勤の場合の勤務時間数 | AQE3: ='職員名簿（一般型の場合のみ）'!$L$5 -> 休業 （産休・育休等） | AQF3: ='職員名簿（一般型の場合のみ）'!$M$5 -> 備 考 | AQG3: ='職員名簿（一般型の場合のみ）'!$C$5 -> 整理 番号 | AQH3: ='職員名簿（一般型の場合のみ）'!$D$5 -> 職名 | AQI3: ='職員名簿（一般型の場合のみ）'!$E$5 -> 氏名 | AQJ3: ='職員名簿（一般型の場合のみ）'!$F$5 -> 専任/兼任 | AQK3: ='職員名簿（一般型の場合のみ）'!$G$5 -> 「その他」の場合の業務 （具体的に） | AQL3: ='職員名簿（一般型の場合のみ）'!$H$5 -> 資格名 | AQM3: ='職員名簿（一般型の場合のみ）'!$I$5 -> 子育て支援員・家庭的保育者の場合の保育業務経験（常勤換算） | AQN3: ='職員名簿（一般型の場合のみ）'!$J$5 -> 常勤・非常勤の別 | AQO3: ='職員名簿（一般型の場合のみ）'!$K$5 -> 非常勤の場合の勤務時間数 | AQP3: ='職員名簿（一般型の場合のみ）'!$L$5 -> 休業 （産休・育休等） | AQQ3: ='職員名簿（一般型の場合のみ）'!$M$5 -> 備 考 | AQR3: ='職員名簿（一般型の場合のみ）'!$C$5 -> 整理 番号 | AQS3: ='職員名簿（一般型の場合のみ）'!$D$5 -> 職名 | AQT3: ='職員名簿（一般型の場合のみ）'!$E$5 -> 氏名 | AQU3: ='職員名簿（一般型の場合のみ）'!$F$5 -> 専任/兼任 | AQV3: ='職員名簿（一般型の場合のみ）'!$G$5 -> 「その他」の場合の業務 （具体的に） | AQW3: ='職員名簿（一般型の場合のみ）'!$H$5 -> 資格名 | AQX3: ='職員名簿（一般型の場合のみ）'!$I$5 -> 子育て支援員・家庭的保育者の場合の保育業務経験（常勤換算） | AQY3: ='職員名簿（一般型の場合のみ）'!$J$5 -> 常勤・非常勤の別 | AQZ3: ='職員名簿（一般型の場合のみ）'!$K$5 -> 非常勤の場合の勤務時間数 | ARA3: ='職員名簿（一般型の場合のみ）'!$L$5 -> 休業 （産休・育休等） | ARB3: ='職員名簿（一般型の場合のみ）'!$M$5 -> 備 考 | ARC3: ='職員名簿（一般型の場合のみ）'!$C$5 -> 整理 番号 | ARD3: ='職員名簿（一般型の場合のみ）'!$D$5 -> 職名 | ARE3: ='職員名簿（一般型の場合のみ）'!$E$5 -> 氏名 | ARF3: ='職員名簿（一般型の場合のみ）'!$F$5 -> 専任/兼任 | ARG3: ='職員名簿（一般型の場合のみ）'!$G$5 -> 「その他」の場合の業務 （具体的に） | ARH3: ='職員名簿（一般型の場合のみ）'!$H$5 -> 資格名 | ARI3: ='職員名簿（一般型の場合のみ）'!$I$5 -> 子育て支援員・家庭的保育者の場合の保育業務経験（常勤換算） | ARJ3: ='職員名簿（一般型の場合のみ）'!$J$5 -> 常勤・非常勤の別 | ARK3: ='職員名簿（一般型の場合のみ）'!$K$5 -> 非常勤の場合の勤務時間数 | ARL3: ='職員名簿（一般型の場合のみ）'!$L$5 -> 休業 （産休・育休等） | ARM3: ='職員名簿（一般型の場合のみ）'!$M$5 -> 備 考 | ARN3: ='職員名簿（一般型の場合のみ）'!$C$5 -> 整理 番号 | ARO3: ='職員名簿（一般型の場合のみ）'!$D$5 -> 職名 | ARP3: ='職員名簿（一般型の場合のみ）'!$E$5 -> 氏名 | ARQ3: ='職員名簿（一般型の場合のみ）'!$F$5 -> 専任/兼任 | ARR3: ='職員名簿（一般型の場合のみ）'!$G$5 -> 「その他」の場合の業務 （具体的に） | ARS3: ='職員名簿（一般型の場合のみ）'!$H$5 -> 資格名 | ART3: ='職員名簿（一般型の場合のみ）'!$I$5 -> 子育て支援員・家庭的保育者の場合の保育業務経験（常勤換算） | ARU3: ='職員名簿（一般型の場合のみ）'!$J$5 -> 常勤・非常勤の別 | ARV3: ='職員名簿（一般型の場合のみ）'!$K$5 -> 非常勤の場合の勤務時間数 | ARW3: ='職員名簿（一般型の場合のみ）'!$L$5 -> 休業 （産休・育休等） | ARX3: ='職員名簿（一般型の場合のみ）'!$M$5 -> 備 考 | ARY3: ='職員名簿（一般型の場合のみ）'!$C$5 -> 整理 番号 | ARZ3: ='職員名簿（一般型の場合のみ）'!$D$5 -> 職名 | ASA3: ='職員名簿（一般型の場合のみ）'!$E$5 -> 氏名 | ASB3: ='職員名簿（一般型の場合のみ）'!$F$5 -> 専任/兼任 | ASC3: ='職員名簿（一般型の場合のみ）'!$G$5 -> 「その他」の場合の業務 （具体的に） | ASD3: ='職員名簿（一般型の場合のみ）'!$H$5 -> 資格名 | ASE3: ='職員名簿（一般型の場合のみ）'!$I$5 -> 子育て支援員・家庭的保育者の場合の保育業務経験（常勤換算） | ASF3: ='職員名簿（一般型の場合のみ）'!$J$5 -> 常勤・非常勤の別 | ASG3: ='職員名簿（一般型の場合のみ）'!$K$5 -> 非常勤の場合の勤務時間数 | ASH3: ='職員名簿（一般型の場合のみ）'!$L$5 -> 休業 （産休・育休等） | ASI3: ='職員名簿（一般型の場合のみ）'!$M$5 -> 備 考 | ASJ3: ='職員名簿（一般型の場合のみ）'!$C$5 -> 整理 番号 | ASK3: ='職員名簿（一般型の場合のみ）'!$D$5 -> 職名 | ASL3: ='職員名簿（一般型の場合のみ）'!$E$5 -> 氏名 | ASM3: ='職員名簿（一般型の場合のみ）'!$F$5 -> 専任/兼任 | ASN3: ='職員名簿（一般型の場合のみ）'!$G$5 -> 「その他」の場合の業務 （具体的に） | ASO3: ='職員名簿（一般型の場合のみ）'!$H$5 -> 資格名 | ASP3: ='職員名簿（一般型の場合のみ）'!$I$5 -> 子育て支援員・家庭的保育者の場合の保育業務経験（常勤換算） | ASQ3: ='職員名簿（一般型の場合のみ）'!$J$5 -> 常勤・非常勤の別 | ASR3: ='職員名簿（一般型の場合のみ）'!$K$5 -> 非常勤の場合の勤務時間数 | ASS3: ='職員名簿（一般型の場合のみ）'!$L$5 -> 休業 （産休・育休等） | AST3: ='職員名簿（一般型の場合のみ）'!$M$5 -> 備 考 | ASU3: ='職員名簿（一般型の場合のみ）'!$C$5 -> 整理 番号 | ASV3: ='職員名簿（一般型の場合のみ）'!$D$5 -> 職名 | ASW3: ='職員名簿（一般型の場合のみ）'!$E$5 -> 氏名 | ASX3: ='職員名簿（一般型の場合のみ）'!$F$5 -> 専任/兼任 | ASY3: ='職員名簿（一般型の場合のみ）'!$G$5 -> 「その他」の場合の業務 （具体的に） | ASZ3: ='職員名簿（一般型の場合のみ）'!$H$5 -> 資格名 | ATA3: ='職員名簿（一般型の場合のみ）'!$I$5 -> 子育て支援員・家庭的保育者の場合の保育業務経験（常勤換算） | ATB3: ='職員名簿（一般型の場合のみ）'!$J$5 -> 常勤・非常勤の別 | ATC3: ='職員名簿（一般型の場合のみ）'!$K$5 -> 非常勤の場合の勤務時間数 | ATD3: ='職員名簿（一般型の場合のみ）'!$L$5 -> 休業 （産休・育休等） | ATE3: ='職員名簿（一般型の場合のみ）'!$M$5 -> 備 考 | ATF3: ='職員名簿（一般型の場合のみ）'!$C$5 -> 整理 番号 | ATG3: ='職員名簿（一般型の場合のみ）'!$D$5 -> 職名 | ATH3: ='職員名簿（一般型の場合のみ）'!$E$5 -> 氏名 | ATI3: ='職員名簿（一般型の場合のみ）'!$F$5 -> 専任/兼任 | ATJ3: ='職員名簿（一般型の場合のみ）'!$G$5 -> 「その他」の場合の業務 （具体的に） | ATK3: ='職員名簿（一般型の場合のみ）'!$H$5 -> 資格名 | ATL3: ='職員名簿（一般型の場合のみ）'!$I$5 -> 子育て支援員・家庭的保育者の場合の保育業務経験（常勤換算） | ATM3: ='職員名簿（一般型の場合のみ）'!$J$5 -> 常勤・非常勤の別 | ATN3: ='職員名簿（一般型の場合のみ）'!$K$5 -> 非常勤の場合の勤務時間数 | ATO3: ='職員名簿（一般型の場合のみ）'!$L$5 -> 休業 （産休・育休等） | ATP3: ='職員名簿（一般型の場合のみ）'!$M$5 -> 備 考 | ATQ3: ='職員名簿（一般型の場合のみ）'!$C$5 -> 整理 番号 | ATR3: ='職員名簿（一般型の場合のみ）'!$D$5 -> 職名 | ATS3: ='職員名簿（一般型の場合のみ）'!$E$5 -> 氏名 | ATT3: ='職員名簿（一般型の場合のみ）'!$F$5 -> 専任/兼任 | ATU3: ='職員名簿（一般型の場合のみ）'!$G$5 -> 「その他」の場合の業務 （具体的に） | ATV3: ='職員名簿（一般型の場合のみ）'!$H$5 -> 資格名 | ATW3: ='職員名簿（一般型の場合のみ）'!$I$5 -> 子育て支援員・家庭的保育者の場合の保育業務経験（常勤換算） | ATX3: ='職員名簿（一般型の場合のみ）'!$J$5 -> 常勤・非常勤の別 | ATY3: ='職員名簿（一般型の場合のみ）'!$K$5 -> 非常勤の場合の勤務時間数 | ATZ3: ='職員名簿（一般型の場合のみ）'!$L$5 -> 休業 （産休・育休等） | AUA3: ='職員名簿（一般型の場合のみ）'!$M$5 -> 備 考 | AUB3: ='職員名簿（一般型の場合のみ）'!$C$5 -> 整理 番号 | AUC3: ='職員名簿（一般型の場合のみ）'!$D$5 -> 職名 | AUD3: ='職員名簿（一般型の場合のみ）'!$E$5 -> 氏名 | AUE3: ='職員名簿（一般型の場合のみ）'!$F$5 -> 専任/兼任 | AUF3: ='職員名簿（一般型の場合のみ）'!$G$5 -> 「その他」の場合の業務 （具体的に） | AUG3: ='職員名簿（一般型の場合のみ）'!$H$5 -> 資格名 | AUH3: ='職員名簿（一般型の場合のみ）'!$I$5 -> 子育て支援員・家庭的保育者の場合の保育業務経験（常勤換算） | AUI3: ='職員名簿（一般型の場合のみ）'!$J$5 -> 常勤・非常勤の別 | AUJ3: ='職員名簿（一般型の場合のみ）'!$K$5 -> 非常勤の場合の勤務時間数 | AUK3: ='職員名簿（一般型の場合のみ）'!$L$5 -> 休業 （産休・育休等） | AUL3: ='職員名簿（一般型の場合のみ）'!$M$5 -> 備 考 | AUM3: ='職員名簿（一般型の場合のみ）'!$C$5 -> 整理 番号 | AUN3: ='職員名簿（一般型の場合のみ）'!$D$5 -> 職名 | AUO3: ='職員名簿（一般型の場合のみ）'!$E$5 -> 氏名 | AUP3: ='職員名簿（一般型の場合のみ）'!$F$5 -> 専任/兼任 | AUQ3: ='職員名簿（一般型の場合のみ）'!$G$5 -> 「その他」の場合の業務 （具体的に） | AUR3: ='職員名簿（一般型の場合のみ）'!$H$5 -> 資格名 | AUS3: ='職員名簿（一般型の場合のみ）'!$I$5 -> 子育て支援員・家庭的保育者の場合の保育業務経験（常勤換算） | AUT3: ='職員名簿（一般型の場合のみ）'!$J$5 -> 常勤・非常勤の別 | AUU3: ='職員名簿（一般型の場合のみ）'!$K$5 -> 非常勤の場合の勤務時間数 | AUV3: ='職員名簿（一般型の場合のみ）'!$L$5 -> 休業 （産休・育休等） | AUW3: ='職員名簿（一般型の場合のみ）'!$M$5 -> 備 考 | AUX3: ='職員名簿（一般型の場合のみ）'!$C$5 -> 整理 番号 | AUY3: ='職員名簿（一般型の場合のみ）'!$D$5 -> 職名 | AUZ3: ='職員名簿（一般型の場合のみ）'!$E$5 -> 氏名 | AVA3: ='職員名簿（一般型の場合のみ）'!$F$5 -> 専任/兼任 | AVB3: ='職員名簿（一般型の場合のみ）'!$G$5 -> 「その他」の場合の業務 （具体的に） | AVC3: ='職員名簿（一般型の場合のみ）'!$H$5 -> 資格名 | AVD3: ='職員名簿（一般型の場合のみ）'!$I$5 -> 子育て支援員・家庭的保育者の場合の保育業務経験（常勤換算） | AVE3: ='職員名簿（一般型の場合のみ）'!$J$5 -> 常勤・非常勤の別 | AVF3: ='職員名簿（一般型の場合のみ）'!$K$5 -> 非常勤の場合の勤務時間数 | AVG3: ='職員名簿（一般型の場合のみ）'!$L$5 -> 休業 （産休・育休等） | AVH3: ='職員名簿（一般型の場合のみ）'!$M$5 -> 備 考 | AVI3: ='職員名簿（一般型の場合のみ）'!$C$5 -> 整理 番号 | AVJ3: ='職員名簿（一般型の場合のみ）'!$D$5 -> 職名 | AVK3: ='職員名簿（一般型の場合のみ）'!$E$5 -> 氏名 | AVL3: ='職員名簿（一般型の場合のみ）'!$F$5 -> 専任/兼任 | AVM3: ='職員名簿（一般型の場合のみ）'!$G$5 -> 「その他」の場合の業務 （具体的に） | AVN3: ='職員名簿（一般型の場合のみ）'!$H$5 -> 資格名 | AVO3: ='職員名簿（一般型の場合のみ）'!$I$5 -> 子育て支援員・家庭的保育者の場合の保育業務経験（常勤換算） | AVP3: ='職員名簿（一般型の場合のみ）'!$J$5 -> 常勤・非常勤の別 | AVQ3: ='職員名簿（一般型の場合のみ）'!$K$5 -> 非常勤の場合の勤務時間数 | AVR3: ='職員名簿（一般型の場合のみ）'!$L$5 -> 休業 （産休・育休等） | AVS3: ='職員名簿（一般型の場合のみ）'!$M$5 -> 備 考 | AVT3: ='職員名簿（一般型の場合のみ）'!$C$5 -> 整理 番号 | AVU3: ='職員名簿（一般型の場合のみ）'!$D$5 -> 職名 | AVV3: ='職員名簿（一般型の場合のみ）'!$E$5 -> 氏名 | AVW3: ='職員名簿（一般型の場合のみ）'!$F$5 -> 専任/兼任 | AVX3: ='職員名簿（一般型の場合のみ）'!$G$5 -> 「その他」の場合の業務 （具体的に） | AVY3: ='職員名簿（一般型の場合のみ）'!$H$5 -> 資格名 | AVZ3: ='職員名簿（一般型の場合のみ）'!$I$5 -> 子育て支援員・家庭的保育者の場合の保育業務経験（常勤換算） | AWA3: ='職員名簿（一般型の場合のみ）'!$J$5 -> 常勤・非常勤の別 | AWB3: ='職員名簿（一般型の場合のみ）'!$K$5 -> 非常勤の場合の勤務時間数 | AWC3: ='職員名簿（一般型の場合のみ）'!$L$5 -> 休業 （産休・育休等） | AWD3: ='職員名簿（一般型の場合のみ）'!$M$5 -> 備 考 | AWE3: ='職員名簿（一般型の場合のみ）'!$C$5 -> 整理 番号 | AWF3: ='職員名簿（一般型の場合のみ）'!$D$5 -> 職名 | AWG3: ='職員名簿（一般型の場合のみ）'!$E$5 -> 氏名 | AWH3: ='職員名簿（一般型の場合のみ）'!$F$5 -> 専任/兼任 | AWI3: ='職員名簿（一般型の場合のみ）'!$G$5 -> 「その他」の場合の業務 （具体的に） | AWJ3: ='職員名簿（一般型の場合のみ）'!$H$5 -> 資格名 | AWK3: ='職員名簿（一般型の場合のみ）'!$I$5 -> 子育て支援員・家庭的保育者の場合の保育業務経験（常勤換算） | AWL3: ='職員名簿（一般型の場合のみ）'!$J$5 -> 常勤・非常勤の別 | AWM3: ='職員名簿（一般型の場合のみ）'!$K$5 -> 非常勤の場合の勤務時間数 | AWN3: ='職員名簿（一般型の場合のみ）'!$L$5 -> 休業 （産休・育休等） | AWO3: ='職員名簿（一般型の場合のみ）'!$M$5 -> 備 考 | AWP3: ='職員名簿（一般型の場合のみ）'!$C$5 -> 整理 番号 | AWQ3: ='職員名簿（一般型の場合のみ）'!$D$5 -> 職名 | AWR3: ='職員名簿（一般型の場合のみ）'!$E$5 -> 氏名 | AWS3: ='職員名簿（一般型の場合のみ）'!$F$5 -> 専任/兼任 | AWT3: ='職員名簿（一般型の場合のみ）'!$G$5 -> 「その他」の場合の業務 （具体的に） | AWU3: ='職員名簿（一般型の場合のみ）'!$H$5 -> 資格名 | AWV3: ='職員名簿（一般型の場合のみ）'!$I$5 -> 子育て支援員・家庭的保育者の場合の保育業務経験（常勤換算） | AWW3: ='職員名簿（一般型の場合のみ）'!$J$5 -> 常勤・非常勤の別 | AWX3: ='職員名簿（一般型の場合のみ）'!$K$5 -> 非常勤の場合の勤務時間数 | AWY3: ='職員名簿（一般型の場合のみ）'!$L$5 -> 休業 （産休・育休等） | AWZ3: ='職員名簿（一般型の場合のみ）'!$M$5 -> 備 考 | AXA3: ='職員名簿（一般型の場合のみ）'!$C$5 -> 整理 番号 | AXB3: ='職員名簿（一般型の場合のみ）'!$D$5 -> 職名 | AXC3: ='職員名簿（一般型の場合のみ）'!$E$5 -> 氏名 | AXD3: ='職員名簿（一般型の場合のみ）'!$F$5 -> 専任/兼任 | AXE3: ='職員名簿（一般型の場合のみ）'!$G$5 -> 「その他」の場合の業務 （具体的に） | AXF3: ='職員名簿（一般型の場合のみ）'!$H$5 -> 資格名 | AXG3: ='職員名簿（一般型の場合のみ）'!$I$5 -> 子育て支援員・家庭的保育者の場合の保育業務経験（常勤換算） | AXH3: ='職員名簿（一般型の場合のみ）'!$J$5 -> 常勤・非常勤の別 | AXI3: ='職員名簿（一般型の場合のみ）'!$K$5 -> 非常勤の場合の勤務時間数 | AXJ3: ='職員名簿（一般型の場合のみ）'!$L$5 -> 休業 （産休・育休等） | AXK3: ='職員名簿（一般型の場合のみ）'!$M$5 -> 備 考 | AXL3: ='職員名簿（一般型の場合のみ）'!$C$5 -> 整理 番号 | AXM3: ='職員名簿（一般型の場合のみ）'!$D$5 -> 職名 | AXN3: ='職員名簿（一般型の場合のみ）'!$E$5 -> 氏名 | AXO3: ='職員名簿（一般型の場合のみ）'!$F$5 -> 専任/兼任 | AXP3: ='職員名簿（一般型の場合のみ）'!$G$5 -> 「その他」の場合の業務 （具体的に） | AXQ3: ='職員名簿（一般型の場合のみ）'!$H$5 -> 資格名 | AXR3: ='職員名簿（一般型の場合のみ）'!$I$5 -> 子育て支援員・家庭的保育者の場合の保育業務経験（常勤換算） | AXS3: ='職員名簿（一般型の場合のみ）'!$J$5 -> 常勤・非常勤の別 | AXT3: ='職員名簿（一般型の場合のみ）'!$K$5 -> 非常勤の場合の勤務時間数 | AXU3: ='職員名簿（一般型の場合のみ）'!$L$5 -> 休業 （産休・育休等） | AXV3: ='職員名簿（一般型の場合のみ）'!$M$5 -> 備 考 | AXW3: ='職員名簿（一般型の場合のみ）'!$C$5 -> 整理 番号 | AXX3: ='職員名簿（一般型の場合のみ）'!$D$5 -> 職名 | AXY3: ='職員名簿（一般型の場合のみ）'!$E$5 -> 氏名 | AXZ3: ='職員名簿（一般型の場合のみ）'!$F$5 -> 専任/兼任 | AYA3: ='職員名簿（一般型の場合のみ）'!$G$5 -> 「その他」の場合の業務 （具体的に） | AYB3: ='職員名簿（一般型の場合のみ）'!$H$5 -> 資格名 | AYC3: ='職員名簿（一般型の場合のみ）'!$I$5 -> 子育て支援員・家庭的保育者の場合の保育業務経験（常勤換算） | AYD3: ='職員名簿（一般型の場合のみ）'!$J$5 -> 常勤・非常勤の別 | AYE3: ='職員名簿（一般型の場合のみ）'!$K$5 -> 非常勤の場合の勤務時間数 | AYF3: ='職員名簿（一般型の場合のみ）'!$L$5 -> 休業 （産休・育休等） | AYG3: ='職員名簿（一般型の場合のみ）'!$M$5 -> 備 考 | AYH3: ='職員名簿（一般型の場合のみ）'!$C$5 -> 整理 番号 | AYI3: ='職員名簿（一般型の場合のみ）'!$D$5 -> 職名 | AYJ3: ='職員名簿（一般型の場合のみ）'!$E$5 -> 氏名 | AYK3: ='職員名簿（一般型の場合のみ）'!$F$5 -> 専任/兼任 | AYL3: ='職員名簿（一般型の場合のみ）'!$G$5 -> 「その他」の場合の業務 （具体的に） | AYM3: ='職員名簿（一般型の場合のみ）'!$H$5 -> 資格名 | AYN3: ='職員名簿（一般型の場合のみ）'!$I$5 -> 子育て支援員・家庭的保育者の場合の保育業務経験（常勤換算） | AYO3: ='職員名簿（一般型の場合のみ）'!$J$5 -> 常勤・非常勤の別 | AYP3: ='職員名簿（一般型の場合のみ）'!$K$5 -> 非常勤の場合の勤務時間数 | AYQ3: ='職員名簿（一般型の場合のみ）'!$L$5 -> 休業 （産休・育休等） | AYR3: ='職員名簿（一般型の場合のみ）'!$M$5 -> 備 考 | AYS3: ='職員名簿（一般型の場合のみ）'!$C$5 -> 整理 番号 | AYT3: ='職員名簿（一般型の場合のみ）'!$D$5 -> 職名 | AYU3: ='職員名簿（一般型の場合のみ）'!$E$5 -> 氏名 | AYV3: ='職員名簿（一般型の場合のみ）'!$F$5 -> 専任/兼任 | AYW3: ='職員名簿（一般型の場合のみ）'!$G$5 -> 「その他」の場合の業務 （具体的に） | AYX3: ='職員名簿（一般型の場合のみ）'!$H$5 -> 資格名 | AYY3: ='職員名簿（一般型の場合のみ）'!$I$5 -> 子育て支援員・家庭的保育者の場合の保育業務経験（常勤換算） | AYZ3: ='職員名簿（一般型の場合のみ）'!$J$5 -> 常勤・非常勤の別 | AZA3: ='職員名簿（一般型の場合のみ）'!$K$5 -> 非常勤の場合の勤務時間数 | AZB3: ='職員名簿（一般型の場合のみ）'!$L$5 -> 休業 （産休・育休等） | AZC3: ='職員名簿（一般型の場合のみ）'!$M$5 -> 備 考 | AZD3: ='職員名簿（一般型の場合のみ）'!$C$5 -> 整理 番号 | AZE3: ='職員名簿（一般型の場合のみ）'!$D$5 -> 職名 | AZF3: ='職員名簿（一般型の場合のみ）'!$E$5 -> 氏名 | AZG3: ='職員名簿（一般型の場合のみ）'!$F$5 -> 専任/兼任 | AZH3: ='職員名簿（一般型の場合のみ）'!$G$5 -> 「その他」の場合の業務 （具体的に） | AZI3: ='職員名簿（一般型の場合のみ）'!$H$5 -> 資格名 | AZJ3: ='職員名簿（一般型の場合のみ）'!$I$5 -> 子育て支援員・家庭的保育者の場合の保育業務経験（常勤換算） | AZK3: ='職員名簿（一般型の場合のみ）'!$J$5 -> 常勤・非常勤の別 | AZL3: ='職員名簿（一般型の場合のみ）'!$K$5 -> 非常勤の場合の勤務時間数 | AZM3: ='職員名簿（一般型の場合のみ）'!$L$5 -> 休業 （産休・育休等） | AZN3: ='職員名簿（一般型の場合のみ）'!$M$5 -> 備 考 | AZO3: ='職員名簿（一般型の場合のみ）'!$C$5 -> 整理 番号 | AZP3: ='職員名簿（一般型の場合のみ）'!$D$5 -> 職名 | AZQ3: ='職員名簿（一般型の場合のみ）'!$E$5 -> 氏名 | AZR3: ='職員名簿（一般型の場合のみ）'!$F$5 -> 専任/兼任 | AZS3: ='職員名簿（一般型の場合のみ）'!$G$5 -> 「その他」の場合の業務 （具体的に） | AZT3: ='職員名簿（一般型の場合のみ）'!$H$5 -> 資格名 | AZU3: ='職員名簿（一般型の場合のみ）'!$I$5 -> 子育て支援員・家庭的保育者の場合の保育業務経験（常勤換算） | AZV3: ='職員名簿（一般型の場合のみ）'!$J$5 -> 常勤・非常勤の別 | AZW3: ='職員名簿（一般型の場合のみ）'!$K$5 -> 非常勤の場合の勤務時間数 | AZX3: ='職員名簿（一般型の場合のみ）'!$L$5 -> 休業 （産休・育休等） | AZY3: ='職員名簿（一般型の場合のみ）'!$M$5 -> 備 考 | AZZ3: ='職員名簿（一般型の場合のみ）'!$C$5 -> 整理 番号 | BAA3: ='職員名簿（一般型の場合のみ）'!$D$5 -> 職名 | BAB3: ='職員名簿（一般型の場合のみ）'!$E$5 -> 氏名 | BAC3: ='職員名簿（一般型の場合のみ）'!$F$5 -> 専任/兼任 | BAD3: ='職員名簿（一般型の場合のみ）'!$G$5 -> 「その他」の場合の業務 （具体的に） | BAE3: ='職員名簿（一般型の場合のみ）'!$H$5 -> 資格名 | BAF3: ='職員名簿（一般型の場合のみ）'!$I$5 -> 子育て支援員・家庭的保育者の場合の保育業務経験（常勤換算） | BAG3: ='職員名簿（一般型の場合のみ）'!$J$5 -> 常勤・非常勤の別 | BAH3: ='職員名簿（一般型の場合のみ）'!$K$5 -> 非常勤の場合の勤務時間数 | BAI3: ='職員名簿（一般型の場合のみ）'!$L$5 -> 休業 （産休・育休等） | BAJ3: ='職員名簿（一般型の場合のみ）'!$M$5 -> 備 考 | BAK3: ='職員名簿（一般型の場合のみ）'!$C$5 -> 整理 番号 | BAL3: ='職員名簿（一般型の場合のみ）'!$D$5 -> 職名 | BAM3: ='職員名簿（一般型の場合のみ）'!$E$5 -> 氏名 | BAN3: ='職員名簿（一般型の場合のみ）'!$F$5 -> 専任/兼任 | BAO3: ='職員名簿（一般型の場合のみ）'!$G$5 -> 「その他」の場合の業務 （具体的に） | BAP3: ='職員名簿（一般型の場合のみ）'!$H$5 -> 資格名 | BAQ3: ='職員名簿（一般型の場合のみ）'!$I$5 -> 子育て支援員・家庭的保育者の場合の保育業務経験（常勤換算） | BAR3: ='職員名簿（一般型の場合のみ）'!$J$5 -> 常勤・非常勤の別 | BAS3: ='職員名簿（一般型の場合のみ）'!$K$5 -> 非常勤の場合の勤務時間数 | BAT3: ='職員名簿（一般型の場合のみ）'!$L$5 -> 休業 （産休・育休等） | BAU3: ='職員名簿（一般型の場合のみ）'!$M$5 -> 備 考 | BAV3: ='職員名簿（一般型の場合のみ）'!$C$5 -> 整理 番号 | BAW3: ='職員名簿（一般型の場合のみ）'!$D$5 -> 職名 | BAX3: ='職員名簿（一般型の場合のみ）'!$E$5 -> 氏名 | BAY3: ='職員名簿（一般型の場合のみ）'!$F$5 -> 専任/兼任 | BAZ3: ='職員名簿（一般型の場合のみ）'!$G$5 -> 「その他」の場合の業務 （具体的に） | BBA3: ='職員名簿（一般型の場合のみ）'!$H$5 -> 資格名 | BBB3: ='職員名簿（一般型の場合のみ）'!$I$5 -> 子育て支援員・家庭的保育者の場合の保育業務経験（常勤換算） | BBC3: ='職員名簿（一般型の場合のみ）'!$J$5 -> 常勤・非常勤の別 | BBD3: ='職員名簿（一般型の場合のみ）'!$K$5 -> 非常勤の場合の勤務時間数 | BBE3: ='職員名簿（一般型の場合のみ）'!$L$5 -> 休業 （産休・育休等） | BBF3: ='職員名簿（一般型の場合のみ）'!$M$5 -> 備 考 | BBG3: ='職員名簿（一般型の場合のみ）'!$C$5 -> 整理 番号 | BBH3: ='職員名簿（一般型の場合のみ）'!$D$5 -> 職名 | BBI3: ='職員名簿（一般型の場合のみ）'!$E$5 -> 氏名 | BBJ3: ='職員名簿（一般型の場合のみ）'!$F$5 -> 専任/兼任 | BBK3: ='職員名簿（一般型の場合のみ）'!$G$5 -> 「その他」の場合の業務 （具体的に） | BBL3: ='職員名簿（一般型の場合のみ）'!$H$5 -> 資格名 | BBM3: ='職員名簿（一般型の場合のみ）'!$I$5 -> 子育て支援員・家庭的保育者の場合の保育業務経験（常勤換算） | BBN3: ='職員名簿（一般型の場合のみ）'!$J$5 -> 常勤・非常勤の別 | BBO3: ='職員名簿（一般型の場合のみ）'!$K$5 -> 非常勤の場合の勤務時間数 | BBP3: ='職員名簿（一般型の場合のみ）'!$L$5 -> 休業 （産休・育休等） | BBQ3: ='職員名簿（一般型の場合のみ）'!$M$5 -> 備 考 | BBR3: ='職員名簿（一般型の場合のみ）'!$C$5 -> 整理 番号 | BBS3: ='職員名簿（一般型の場合のみ）'!$D$5 -> 職名 | BBT3: ='職員名簿（一般型の場合のみ）'!$E$5 -> 氏名 | BBU3: ='職員名簿（一般型の場合のみ）'!$F$5 -> 専任/兼任 | BBV3: ='職員名簿（一般型の場合のみ）'!$G$5 -> 「その他」の場合の業務 （具体的に） | BBW3: ='職員名簿（一般型の場合のみ）'!$H$5 -> 資格名 | BBX3: ='職員名簿（一般型の場合のみ）'!$I$5 -> 子育て支援員・家庭的保育者の場合の保育業務経験（常勤換算） | BBY3: ='職員名簿（一般型の場合のみ）'!$J$5 -> 常勤・非常勤の別 | BBZ3: ='職員名簿（一般型の場合のみ）'!$K$5 -> 非常勤の場合の勤務時間数 | BCA3: ='職員名簿（一般型の場合のみ）'!$L$5 -> 休業 （産休・育休等） | BCB3: ='職員名簿（一般型の場合のみ）'!$M$5 -> 備 考 | BCC3: ='職員名簿（一般型の場合のみ）'!$C$5 -> 整理 番号 | BCD3: ='職員名簿（一般型の場合のみ）'!$D$5 -> 職名 | BCE3: ='職員名簿（一般型の場合のみ）'!$E$5 -> 氏名 | BCF3: ='職員名簿（一般型の場合のみ）'!$F$5 -> 専任/兼任 | BCG3: ='職員名簿（一般型の場合のみ）'!$G$5 -> 「その他」の場合の業務 （具体的に） | BCH3: ='職員名簿（一般型の場合のみ）'!$H$5 -> 資格名 | BCI3: ='職員名簿（一般型の場合のみ）'!$I$5 -> 子育て支援員・家庭的保育者の場合の保育業務経験（常勤換算） | BCJ3: ='職員名簿（一般型の場合のみ）'!$J$5 -> 常勤・非常勤の別 | BCK3: ='職員名簿（一般型の場合のみ）'!$K$5 -> 非常勤の場合の勤務時間数 | BCL3: ='職員名簿（一般型の場合のみ）'!$L$5 -> 休業 （産休・育休等） | BCM3: ='職員名簿（一般型の場合のみ）'!$M$5 -> 備 考 | BCN3: ='職員名簿（一般型の場合のみ）'!$C$5 -> 整理 番号 | BCO3: ='職員名簿（一般型の場合のみ）'!$D$5 -> 職名 | BCP3: ='職員名簿（一般型の場合のみ）'!$E$5 -> 氏名 | BCQ3: ='職員名簿（一般型の場合のみ）'!$F$5 -> 専任/兼任 | BCR3: ='職員名簿（一般型の場合のみ）'!$G$5 -> 「その他」の場合の業務 （具体的に） | BCS3: ='職員名簿（一般型の場合のみ）'!$H$5 -> 資格名 | BCT3: ='職員名簿（一般型の場合のみ）'!$I$5 -> 子育て支援員・家庭的保育者の場合の保育業務経験（常勤換算） | BCU3: ='職員名簿（一般型の場合のみ）'!$J$5 -> 常勤・非常勤の別 | BCV3: ='職員名簿（一般型の場合のみ）'!$K$5 -> 非常勤の場合の勤務時間数 | BCW3: ='職員名簿（一般型の場合のみ）'!$L$5 -> 休業 （産休・育休等） | BCX3: ='職員名簿（一般型の場合のみ）'!$M$5 -> 備 考 | BCY3: ='職員名簿（一般型の場合のみ）'!$C$5 -> 整理 番号 | BCZ3: ='職員名簿（一般型の場合のみ）'!$D$5 -> 職名 | BDA3: ='職員名簿（一般型の場合のみ）'!$E$5 -> 氏名 | BDB3: ='職員名簿（一般型の場合のみ）'!$F$5 -> 専任/兼任 | BDC3: ='職員名簿（一般型の場合のみ）'!$G$5 -> 「その他」の場合の業務 （具体的に） | BDD3: ='職員名簿（一般型の場合のみ）'!$H$5 -> 資格名 | BDE3: ='職員名簿（一般型の場合のみ）'!$I$5 -> 子育て支援員・家庭的保育者の場合の保育業務経験（常勤換算） | BDF3: ='職員名簿（一般型の場合のみ）'!$J$5 -> 常勤・非常勤の別 | BDG3: ='職員名簿（一般型の場合のみ）'!$K$5 -> 非常勤の場合の勤務時間数 | BDH3: ='職員名簿（一般型の場合のみ）'!$L$5 -> 休業 （産休・育休等） | BDI3: ='職員名簿（一般型の場合のみ）'!$M$5 -> 備 考 | BDJ3: ='職員名簿（一般型の場合のみ）'!$C$5 -> 整理 番号 | BDK3: ='職員名簿（一般型の場合のみ）'!$D$5 -> 職名 | BDL3: ='職員名簿（一般型の場合のみ）'!$E$5 -> 氏名 | BDM3: ='職員名簿（一般型の場合のみ）'!$F$5 -> 専任/兼任 | BDN3: ='職員名簿（一般型の場合のみ）'!$G$5 -> 「その他」の場合の業務 （具体的に） | BDO3: ='職員名簿（一般型の場合のみ）'!$H$5 -> 資格名 | BDP3: ='職員名簿（一般型の場合のみ）'!$I$5 -> 子育て支援員・家庭的保育者の場合の保育業務経験（常勤換算） | BDQ3: ='職員名簿（一般型の場合のみ）'!$J$5 -> 常勤・非常勤の別 | BDR3: ='職員名簿（一般型の場合のみ）'!$K$5 -> 非常勤の場合の勤務時間数 | BDS3: ='職員名簿（一般型の場合のみ）'!$L$5 -> 休業 （産休・育休等） | BDT3: ='職員名簿（一般型の場合のみ）'!$M$5 -> 備 考 | BDU3: ='職員名簿（一般型の場合のみ）'!$C$5 -> 整理 番号 | BDV3: ='職員名簿（一般型の場合のみ）'!$D$5 -> 職名 | BDW3: ='職員名簿（一般型の場合のみ）'!$E$5 -> 氏名 | BDX3: ='職員名簿（一般型の場合のみ）'!$F$5 -> 専任/兼任 | BDY3: ='職員名簿（一般型の場合のみ）'!$G$5 -> 「その他」の場合の業務 （具体的に） | BDZ3: ='職員名簿（一般型の場合のみ）'!$H$5 -> 資格名 | BEA3: ='職員名簿（一般型の場合のみ）'!$I$5 -> 子育て支援員・家庭的保育者の場合の保育業務経験（常勤換算） | BEB3: ='職員名簿（一般型の場合のみ）'!$J$5 -> 常勤・非常勤の別 | BEC3: ='職員名簿（一般型の場合のみ）'!$K$5 -> 非常勤の場合の勤務時間数 | BED3: ='職員名簿（一般型の場合のみ）'!$L$5 -> 休業 （産休・育休等） | BEE3: ='職員名簿（一般型の場合のみ）'!$M$5 -> 備 考 | BEF3: ='職員名簿（一般型の場合のみ）'!$C$5 -> 整理 番号 | BEG3: ='職員名簿（一般型の場合のみ）'!$D$5 -> 職名 | BEH3: ='職員名簿（一般型の場合のみ）'!$E$5 -> 氏名 | BEI3: ='職員名簿（一般型の場合のみ）'!$F$5 -> 専任/兼任 | BEJ3: ='職員名簿（一般型の場合のみ）'!$G$5 -> 「その他」の場合の業務 （具体的に） | BEK3: ='職員名簿（一般型の場合のみ）'!$H$5 -> 資格名 | BEL3: ='職員名簿（一般型の場合のみ）'!$I$5 -> 子育て支援員・家庭的保育者の場合の保育業務経験（常勤換算） | BEM3: ='職員名簿（一般型の場合のみ）'!$J$5 -> 常勤・非常勤の別 | BEN3: ='職員名簿（一般型の場合のみ）'!$K$5 -> 非常勤の場合の勤務時間数 | BEO3: ='職員名簿（一般型の場合のみ）'!$L$5 -> 休業 （産休・育休等） | BEP3: ='職員名簿（一般型の場合のみ）'!$M$5 -> 備 考 | BEQ3: ='職員名簿（一般型の場合のみ）'!$C$5 -> 整理 番号 | BER3: ='職員名簿（一般型の場合のみ）'!$D$5 -> 職名 | BES3: ='職員名簿（一般型の場合のみ）'!$E$5 -> 氏名 | BET3: ='職員名簿（一般型の場合のみ）'!$F$5 -> 専任/兼任 | BEU3: ='職員名簿（一般型の場合のみ）'!$G$5 -> 「その他」の場合の業務 （具体的に） | BEV3: ='職員名簿（一般型の場合のみ）'!$H$5 -> 資格名 | BEW3: ='職員名簿（一般型の場合のみ）'!$I$5 -> 子育て支援員・家庭的保育者の場合の保育業務経験（常勤換算） | BEX3: ='職員名簿（一般型の場合のみ）'!$J$5 -> 常勤・非常勤の別 | BEY3: ='職員名簿（一般型の場合のみ）'!$K$5 -> 非常勤の場合の勤務時間数 | BEZ3: ='職員名簿（一般型の場合のみ）'!$L$5 -> 休業 （産休・育休等） | BFA3: ='職員名簿（一般型の場合のみ）'!$M$5 -> 備 考 | BFB3: ='職員名簿（一般型の場合のみ）'!$C$5 -> 整理 番号 | BFC3: ='職員名簿（一般型の場合のみ）'!$D$5 -> 職名 | BFD3: ='職員名簿（一般型の場合のみ）'!$E$5 -> 氏名 | BFE3: ='職員名簿（一般型の場合のみ）'!$F$5 -> 専任/兼任 | BFF3: ='職員名簿（一般型の場合のみ）'!$G$5 -> 「その他」の場合の業務 （具体的に） | BFG3: ='職員名簿（一般型の場合のみ）'!$H$5 -> 資格名 | BFH3: ='職員名簿（一般型の場合のみ）'!$I$5 -> 子育て支援員・家庭的保育者の場合の保育業務経験（常勤換算） | BFI3: ='職員名簿（一般型の場合のみ）'!$J$5 -> 常勤・非常勤の別 | BFJ3: ='職員名簿（一般型の場合のみ）'!$K$5 -> 非常勤の場合の勤務時間数 | BFK3: ='職員名簿（一般型の場合のみ）'!$L$5 -> 休業 （産休・育休等） | BFL3: ='職員名簿（一般型の場合のみ）'!$M$5 -> 備 考 | BFM3: ='職員名簿（一般型の場合のみ）'!$C$5 -> 整理 番号 | BFN3: ='職員名簿（一般型の場合のみ）'!$D$5 -> 職名 | BFO3: ='職員名簿（一般型の場合のみ）'!$E$5 -> 氏名 | BFP3: ='職員名簿（一般型の場合のみ）'!$F$5 -> 専任/兼任 | BFQ3: ='職員名簿（一般型の場合のみ）'!$G$5 -> 「その他」の場合の業務 （具体的に） | BFR3: ='職員名簿（一般型の場合のみ）'!$H$5 -> 資格名 | BFS3: ='職員名簿（一般型の場合のみ）'!$I$5 -> 子育て支援員・家庭的保育者の場合の保育業務経験（常勤換算） | BFT3: ='職員名簿（一般型の場合のみ）'!$J$5 -> 常勤・非常勤の別 | BFU3: ='職員名簿（一般型の場合のみ）'!$K$5 -> 非常勤の場合の勤務時間数 | BFV3: ='職員名簿（一般型の場合のみ）'!$L$5 -> 休業 （産休・育休等） | BFW3: ='職員名簿（一般型の場合のみ）'!$M$5 -> 備 考 | BFX3: ='職員名簿（一般型の場合のみ）'!$C$5 -> 整理 番号 | BFY3: ='職員名簿（一般型の場合のみ）'!$D$5 -> 職名 | BFZ3: ='職員名簿（一般型の場合のみ）'!$E$5 -> 氏名 | BGA3: ='職員名簿（一般型の場合のみ）'!$F$5 -> 専任/兼任 | BGB3: ='職員名簿（一般型の場合のみ）'!$G$5 -> 「その他」の場合の業務 （具体的に） | BGC3: ='職員名簿（一般型の場合のみ）'!$H$5 -> 資格名 | BGD3: ='職員名簿（一般型の場合のみ）'!$I$5 -> 子育て支援員・家庭的保育者の場合の保育業務経験（常勤換算） | BGE3: ='職員名簿（一般型の場合のみ）'!$J$5 -> 常勤・非常勤の別 | BGF3: ='職員名簿（一般型の場合のみ）'!$K$5 -> 非常勤の場合の勤務時間数 | BGG3: ='職員名簿（一般型の場合のみ）'!$L$5 -> 休業 （産休・育休等） | BGH3: ='職員名簿（一般型の場合のみ）'!$M$5 -> 備 考 | BGI3: ='職員名簿（一般型の場合のみ）'!$C$5 -> 整理 番号 | BGJ3: ='職員名簿（一般型の場合のみ）'!$D$5 -> 職名 | BGK3: ='職員名簿（一般型の場合のみ）'!$E$5 -> 氏名 | BGL3: ='職員名簿（一般型の場合のみ）'!$F$5 -> 専任/兼任 | BGM3: ='職員名簿（一般型の場合のみ）'!$G$5 -> 「その他」の場合の業務 （具体的に） | BGN3: ='職員名簿（一般型の場合のみ）'!$H$5 -> 資格名 | BGO3: ='職員名簿（一般型の場合のみ）'!$I$5 -> 子育て支援員・家庭的保育者の場合の保育業務経験（常勤換算） | BGP3: ='職員名簿（一般型の場合のみ）'!$J$5 -> 常勤・非常勤の別 | BGQ3: ='職員名簿（一般型の場合のみ）'!$K$5 -> 非常勤の場合の勤務時間数 | BGR3: ='職員名簿（一般型の場合のみ）'!$L$5 -> 休業 （産休・育休等） | BGS3: ='職員名簿（一般型の場合のみ）'!$M$5 -> 備 考 | BGT3: ='職員名簿（一般型の場合のみ）'!$C$5 -> 整理 番号 | BGU3: ='職員名簿（一般型の場合のみ）'!$D$5 -> 職名 | BGV3: ='職員名簿（一般型の場合のみ）'!$E$5 -> 氏名 | BGW3: ='職員名簿（一般型の場合のみ）'!$F$5 -> 専任/兼任 | BGX3: ='職員名簿（一般型の場合のみ）'!$G$5 -> 「その他」の場合の業務 （具体的に） | BGY3: ='職員名簿（一般型の場合のみ）'!$H$5 -> 資格名 | BGZ3: ='職員名簿（一般型の場合のみ）'!$I$5 -> 子育て支援員・家庭的保育者の場合の保育業務経験（常勤換算） | BHA3: ='職員名簿（一般型の場合のみ）'!$J$5 -> 常勤・非常勤の別 | BHB3: ='職員名簿（一般型の場合のみ）'!$K$5 -> 非常勤の場合の勤務時間数 | BHC3: ='職員名簿（一般型の場合のみ）'!$L$5 -> 休業 （産休・育休等） | BHD3: ='職員名簿（一般型の場合のみ）'!$M$5 -> 備 考 | BHE3: ='職員名簿（一般型の場合のみ）'!$C$5 -> 整理 番号 | BHF3: ='職員名簿（一般型の場合のみ）'!$D$5 -> 職名 | BHG3: ='職員名簿（一般型の場合のみ）'!$E$5 -> 氏名 | BHH3: ='職員名簿（一般型の場合のみ）'!$F$5 -> 専任/兼任 | BHI3: ='職員名簿（一般型の場合のみ）'!$G$5 -> 「その他」の場合の業務 （具体的に） | BHJ3: ='職員名簿（一般型の場合のみ）'!$H$5 -> 資格名 | BHK3: ='職員名簿（一般型の場合のみ）'!$I$5 -> 子育て支援員・家庭的保育者の場合の保育業務経験（常勤換算） | BHL3: ='職員名簿（一般型の場合のみ）'!$J$5 -> 常勤・非常勤の別 | BHM3: ='職員名簿（一般型の場合のみ）'!$K$5 -> 非常勤の場合の勤務時間数 | BHN3: ='職員名簿（一般型の場合のみ）'!$L$5 -> 休業 （産休・育休等） | BHO3: ='職員名簿（一般型の場合のみ）'!$M$5 -> 備 考 | BHP3: ='職員名簿（一般型の場合のみ）'!$C$5 -> 整理 番号 | BHQ3: ='職員名簿（一般型の場合のみ）'!$D$5 -> 職名 | BHR3: ='職員名簿（一般型の場合のみ）'!$E$5 -> 氏名 | BHS3: ='職員名簿（一般型の場合のみ）'!$F$5 -> 専任/兼任 | BHT3: ='職員名簿（一般型の場合のみ）'!$G$5 -> 「その他」の場合の業務 （具体的に） | BHU3: ='職員名簿（一般型の場合のみ）'!$H$5 -> 資格名 | BHV3: ='職員名簿（一般型の場合のみ）'!$I$5 -> 子育て支援員・家庭的保育者の場合の保育業務経験（常勤換算） | BHW3: ='職員名簿（一般型の場合のみ）'!$J$5 -> 常勤・非常勤の別 | BHX3: ='職員名簿（一般型の場合のみ）'!$K$5 -> 非常勤の場合の勤務時間数 | BHY3: ='職員名簿（一般型の場合のみ）'!$L$5 -> 休業 （産休・育休等） | BHZ3: ='職員名簿（一般型の場合のみ）'!$M$5 -> 備 考 | BIA3: ='職員名簿（一般型の場合のみ）'!$C$5 -> 整理 番号 | BIB3: ='職員名簿（一般型の場合のみ）'!$D$5 -> 職名 | BIC3: ='職員名簿（一般型の場合のみ）'!$E$5 -> 氏名 | BID3: ='職員名簿（一般型の場合のみ）'!$F$5 -> 専任/兼任 | BIE3: ='職員名簿（一般型の場合のみ）'!$G$5 -> 「その他」の場合の業務 （具体的に） | BIF3: ='職員名簿（一般型の場合のみ）'!$H$5 -> 資格名 | BIG3: ='職員名簿（一般型の場合のみ）'!$I$5 -> 子育て支援員・家庭的保育者の場合の保育業務経験（常勤換算） | BIH3: ='職員名簿（一般型の場合のみ）'!$J$5 -> 常勤・非常勤の別 | BII3: ='職員名簿（一般型の場合のみ）'!$K$5 -> 非常勤の場合の勤務時間数 | BIJ3: ='職員名簿（一般型の場合のみ）'!$L$5 -> 休業 （産休・育休等） | BIK3: ='職員名簿（一般型の場合のみ）'!$M$5 -> 備 考 | BIL3: ='職員名簿（一般型の場合のみ）'!$C$5 -> 整理 番号 | BIM3: ='職員名簿（一般型の場合のみ）'!$D$5 -> 職名 | BIN3: ='職員名簿（一般型の場合のみ）'!$E$5 -> 氏名 | BIO3: ='職員名簿（一般型の場合のみ）'!$F$5 -> 専任/兼任 | BIP3: ='職員名簿（一般型の場合のみ）'!$G$5 -> 「その他」の場合の業務 （具体的に） | BIQ3: ='職員名簿（一般型の場合のみ）'!$H$5 -> 資格名 | BIR3: ='職員名簿（一般型の場合のみ）'!$I$5 -> 子育て支援員・家庭的保育者の場合の保育業務経験（常勤換算） | BIS3: ='職員名簿（一般型の場合のみ）'!$J$5 -> 常勤・非常勤の別 | BIT3: ='職員名簿（一般型の場合のみ）'!$K$5 -> 非常勤の場合の勤務時間数 | BIU3: ='職員名簿（一般型の場合のみ）'!$L$5 -> 休業 （産休・育休等） | BIV3: ='職員名簿（一般型の場合のみ）'!$M$5 -> 備 考 | BIW3: ='職員名簿（一般型の場合のみ）'!$C$5 -> 整理 番号 | BIX3: ='職員名簿（一般型の場合のみ）'!$D$5 -> 職名 | BIY3: ='職員名簿（一般型の場合のみ）'!$E$5 -> 氏名 | BIZ3: ='職員名簿（一般型の場合のみ）'!$F$5 -> 専任/兼任 | BJA3: ='職員名簿（一般型の場合のみ）'!$G$5 -> 「その他」の場合の業務 （具体的に） | BJB3: ='職員名簿（一般型の場合のみ）'!$H$5 -> 資格名 | BJC3: ='職員名簿（一般型の場合のみ）'!$I$5 -> 子育て支援員・家庭的保育者の場合の保育業務経験（常勤換算） | BJD3: ='職員名簿（一般型の場合のみ）'!$J$5 -> 常勤・非常勤の別 | BJE3: ='職員名簿（一般型の場合のみ）'!$K$5 -> 非常勤の場合の勤務時間数 | BJF3: ='職員名簿（一般型の場合のみ）'!$L$5 -> 休業 （産休・育休等） | BJG3: ='職員名簿（一般型の場合のみ）'!$M$5 -> 備 考 | BJH3: ='職員名簿（一般型の場合のみ）'!$C$5 -> 整理 番号 | BJI3: ='職員名簿（一般型の場合のみ）'!$D$5 -> 職名 | BJJ3: ='職員名簿（一般型の場合のみ）'!$E$5 -> 氏名 | BJK3: ='職員名簿（一般型の場合のみ）'!$F$5 -> 専任/兼任 | BJL3: ='職員名簿（一般型の場合のみ）'!$G$5 -> 「その他」の場合の業務 （具体的に） | BJM3: ='職員名簿（一般型の場合のみ）'!$H$5 -> 資格名 | BJN3: ='職員名簿（一般型の場合のみ）'!$I$5 -> 子育て支援員・家庭的保育者の場合の保育業務経験（常勤換算） | BJO3: ='職員名簿（一般型の場合のみ）'!$J$5 -> 常勤・非常勤の別 | BJP3: ='職員名簿（一般型の場合のみ）'!$K$5 -> 非常勤の場合の勤務時間数 | BJQ3: ='職員名簿（一般型の場合のみ）'!$L$5 -> 休業 （産休・育休等） | BJR3: ='職員名簿（一般型の場合のみ）'!$M$5 -> 備 考 | BJS3: ='職員名簿（一般型の場合のみ）'!$C$5 -> 整理 番号 | BJT3: ='職員名簿（一般型の場合のみ）'!$D$5 -> 職名 | BJU3: ='職員名簿（一般型の場合のみ）'!$E$5 -> 氏名 | BJV3: ='職員名簿（一般型の場合のみ）'!$F$5 -> 専任/兼任 | BJW3: ='職員名簿（一般型の場合のみ）'!$G$5 -> 「その他」の場合の業務 （具体的に） | BJX3: ='職員名簿（一般型の場合のみ）'!$H$5 -> 資格名 | BJY3: ='職員名簿（一般型の場合のみ）'!$I$5 -> 子育て支援員・家庭的保育者の場合の保育業務経験（常勤換算） | BJZ3: ='職員名簿（一般型の場合のみ）'!$J$5 -> 常勤・非常勤の別 | BKA3: ='職員名簿（一般型の場合のみ）'!$K$5 -> 非常勤の場合の勤務時間数 | BKB3: ='職員名簿（一般型の場合のみ）'!$L$5 -> 休業 （産休・育休等） | BKC3: ='職員名簿（一般型の場合のみ）'!$M$5 -> 備 考 | BKD3: ='職員名簿（一般型の場合のみ）'!$C$5 -> 整理 番号 | BKE3: ='職員名簿（一般型の場合のみ）'!$D$5 -> 職名 | BKF3: ='職員名簿（一般型の場合のみ）'!$E$5 -> 氏名 | BKG3: ='職員名簿（一般型の場合のみ）'!$F$5 -> 専任/兼任 | BKH3: ='職員名簿（一般型の場合のみ）'!$G$5 -> 「その他」の場合の業務 （具体的に） | BKI3: ='職員名簿（一般型の場合のみ）'!$H$5 -> 資格名 | BKJ3: ='職員名簿（一般型の場合のみ）'!$I$5 -> 子育て支援員・家庭的保育者の場合の保育業務経験（常勤換算） | BKK3: ='職員名簿（一般型の場合のみ）'!$J$5 -> 常勤・非常勤の別 | BKL3: ='職員名簿（一般型の場合のみ）'!$K$5 -> 非常勤の場合の勤務時間数 | BKM3: ='職員名簿（一般型の場合のみ）'!$L$5 -> 休業 （産休・育休等） | BKN3: ='職員名簿（一般型の場合のみ）'!$M$5 -> 備 考 | BKO3: ='職員名簿（一般型の場合のみ）'!$C$5 -> 整理 番号 | BKP3: ='職員名簿（一般型の場合のみ）'!$D$5 -> 職名 | BKQ3: ='職員名簿（一般型の場合のみ）'!$E$5 -> 氏名 | BKR3: ='職員名簿（一般型の場合のみ）'!$F$5 -> 専任/兼任 | BKS3: ='職員名簿（一般型の場合のみ）'!$G$5 -> 「その他」の場合の業務 （具体的に） | BKT3: ='職員名簿（一般型の場合のみ）'!$H$5 -> 資格名 | BKU3: ='職員名簿（一般型の場合のみ）'!$I$5 -> 子育て支援員・家庭的保育者の場合の保育業務経験（常勤換算） | BKV3: ='職員名簿（一般型の場合のみ）'!$J$5 -> 常勤・非常勤の別 | BKW3: ='職員名簿（一般型の場合のみ）'!$K$5 -> 非常勤の場合の勤務時間数 | BKX3: ='職員名簿（一般型の場合のみ）'!$L$5 -> 休業 （産休・育休等） | BKY3: ='職員名簿（一般型の場合のみ）'!$M$5 -> 備 考 | BKZ3: ='職員名簿（一般型の場合のみ）'!$C$5 -> 整理 番号 | BLA3: ='職員名簿（一般型の場合のみ）'!$D$5 -> 職名 | BLB3: ='職員名簿（一般型の場合のみ）'!$E$5 -> 氏名 | BLC3: ='職員名簿（一般型の場合のみ）'!$F$5 -> 専任/兼任 | BLD3: ='職員名簿（一般型の場合のみ）'!$G$5 -> 「その他」の場合の業務 （具体的に） | BLE3: ='職員名簿（一般型の場合のみ）'!$H$5 -> 資格名 | BLF3: ='職員名簿（一般型の場合のみ）'!$I$5 -> 子育て支援員・家庭的保育者の場合の保育業務経験（常勤換算） | BLG3: ='職員名簿（一般型の場合のみ）'!$J$5 -> 常勤・非常勤の別 | BLH3: ='職員名簿（一般型の場合のみ）'!$K$5 -> 非常勤の場合の勤務時間数 | BLI3: ='職員名簿（一般型の場合のみ）'!$L$5 -> 休業 （産休・育休等） | BLJ3: ='職員名簿（一般型の場合のみ）'!$M$5 -> 備 考 | BLK3: ='職員名簿（一般型の場合のみ）'!$C$5 -> 整理 番号 | BLL3: ='職員名簿（一般型の場合のみ）'!$D$5 -> 職名 | BLM3: ='職員名簿（一般型の場合のみ）'!$E$5 -> 氏名 | BLN3: ='職員名簿（一般型の場合のみ）'!$F$5 -> 専任/兼任 | BLO3: ='職員名簿（一般型の場合のみ）'!$G$5 -> 「その他」の場合の業務 （具体的に） | BLP3: ='職員名簿（一般型の場合のみ）'!$H$5 -> 資格名 | BLQ3: ='職員名簿（一般型の場合のみ）'!$I$5 -> 子育て支援員・家庭的保育者の場合の保育業務経験（常勤換算） | BLR3: ='職員名簿（一般型の場合のみ）'!$J$5 -> 常勤・非常勤の別 | BLS3: ='職員名簿（一般型の場合のみ）'!$K$5 -> 非常勤の場合の勤務時間数 | BLT3: ='職員名簿（一般型の場合のみ）'!$L$5 -> 休業 （産休・育休等） | BLU3: ='職員名簿（一般型の場合のみ）'!$M$5 -> 備 考 | BLV3: ='職員名簿（一般型の場合のみ）'!$C$5 -> 整理 番号 | BLW3: ='職員名簿（一般型の場合のみ）'!$D$5 -> 職名 | BLX3: ='職員名簿（一般型の場合のみ）'!$E$5 -> 氏名 | BLY3: ='職員名簿（一般型の場合のみ）'!$F$5 -> 専任/兼任 | BLZ3: ='職員名簿（一般型の場合のみ）'!$G$5 -> 「その他」の場合の業務 （具体的に） | BMA3: ='職員名簿（一般型の場合のみ）'!$H$5 -> 資格名 | BMB3: ='職員名簿（一般型の場合のみ）'!$I$5 -> 子育て支援員・家庭的保育者の場合の保育業務経験（常勤換算） | BMC3: ='職員名簿（一般型の場合のみ）'!$J$5 -> 常勤・非常勤の別 | BMD3: ='職員名簿（一般型の場合のみ）'!$K$5 -> 非常勤の場合の勤務時間数 | BME3: ='職員名簿（一般型の場合のみ）'!$L$5 -> 休業 （産休・育休等） | BMF3: ='職員名簿（一般型の場合のみ）'!$M$5 -> 備 考 | BMG3: ='職員名簿（一般型の場合のみ）'!$C$5 -> 整理 番号 | BMH3: ='職員名簿（一般型の場合のみ）'!$D$5 -> 職名 | BMI3: ='職員名簿（一般型の場合のみ）'!$E$5 -> 氏名 | BMJ3: ='職員名簿（一般型の場合のみ）'!$F$5 -> 専任/兼任 | BMK3: ='職員名簿（一般型の場合のみ）'!$G$5 -> 「その他」の場合の業務 （具体的に） | BML3: ='職員名簿（一般型の場合のみ）'!$H$5 -> 資格名 | BMM3: ='職員名簿（一般型の場合のみ）'!$I$5 -> 子育て支援員・家庭的保育者の場合の保育業務経験（常勤換算） | BMN3: ='職員名簿（一般型の場合のみ）'!$J$5 -> 常勤・非常勤の別 | BMO3: ='職員名簿（一般型の場合のみ）'!$K$5 -> 非常勤の場合の勤務時間数 | BMP3: ='職員名簿（一般型の場合のみ）'!$L$5 -> 休業 （産休・育休等） | BMQ3: ='職員名簿（一般型の場合のみ）'!$M$5 -> 備 考 | BMR3: ='職員名簿（一般型の場合のみ）'!$C$5 -> 整理 番号 | BMS3: ='職員名簿（一般型の場合のみ）'!$D$5 -> 職名 | BMT3: ='職員名簿（一般型の場合のみ）'!$E$5 -> 氏名 | BMU3: ='職員名簿（一般型の場合のみ）'!$F$5 -> 専任/兼任 | BMV3: ='職員名簿（一般型の場合のみ）'!$G$5 -> 「その他」の場合の業務 （具体的に） | BMW3: ='職員名簿（一般型の場合のみ）'!$H$5 -> 資格名 | BMX3: ='職員名簿（一般型の場合のみ）'!$I$5 -> 子育て支援員・家庭的保育者の場合の保育業務経験（常勤換算） | BMY3: ='職員名簿（一般型の場合のみ）'!$J$5 -> 常勤・非常勤の別 | BMZ3: ='職員名簿（一般型の場合のみ）'!$K$5 -> 非常勤の場合の勤務時間数 | BNA3: ='職員名簿（一般型の場合のみ）'!$L$5 -> 休業 （産休・育休等） | BNB3: ='職員名簿（一般型の場合のみ）'!$M$5 -> 備 考 | BNC3: ='職員名簿（一般型の場合のみ）'!$C$5 -> 整理 番号 | BND3: ='職員名簿（一般型の場合のみ）'!$D$5 -> 職名 | BNE3: ='職員名簿（一般型の場合のみ）'!$E$5 -> 氏名 | BNF3: ='職員名簿（一般型の場合のみ）'!$F$5 -> 専任/兼任 | BNG3: ='職員名簿（一般型の場合のみ）'!$G$5 -> 「その他」の場合の業務 （具体的に） | BNH3: ='職員名簿（一般型の場合のみ）'!$H$5 -> 資格名 | BNI3: ='職員名簿（一般型の場合のみ）'!$I$5 -> 子育て支援員・家庭的保育者の場合の保育業務経験（常勤換算） | BNJ3: ='職員名簿（一般型の場合のみ）'!$J$5 -> 常勤・非常勤の別 | BNK3: ='職員名簿（一般型の場合のみ）'!$K$5 -> 非常勤の場合の勤務時間数 | BNL3: ='職員名簿（一般型の場合のみ）'!$L$5 -> 休業 （産休・育休等） | BNM3: ='職員名簿（一般型の場合のみ）'!$M$5 -> 備 考 | BNN3: ='職員名簿（一般型の場合のみ）'!$C$5 -> 整理 番号 | BNO3: ='職員名簿（一般型の場合のみ）'!$D$5 -> 職名 | BNP3: ='職員名簿（一般型の場合のみ）'!$E$5 -> 氏名 | BNQ3: ='職員名簿（一般型の場合のみ）'!$F$5 -> 専任/兼任 | BNR3: ='職員名簿（一般型の場合のみ）'!$G$5 -> 「その他」の場合の業務 （具体的に） | BNS3: ='職員名簿（一般型の場合のみ）'!$H$5 -> 資格名 | BNT3: ='職員名簿（一般型の場合のみ）'!$I$5 -> 子育て支援員・家庭的保育者の場合の保育業務経験（常勤換算） | BNU3: ='職員名簿（一般型の場合のみ）'!$J$5 -> 常勤・非常勤の別 | BNV3: ='職員名簿（一般型の場合のみ）'!$K$5 -> 非常勤の場合の勤務時間数 | BNW3: ='職員名簿（一般型の場合のみ）'!$L$5 -> 休業 （産休・育休等） | BNX3: ='職員名簿（一般型の場合のみ）'!$M$5 -> 備 考 | BNY3: ='職員名簿（一般型の場合のみ）'!$C$5 -> 整理 番号 | BNZ3: ='職員名簿（一般型の場合のみ）'!$D$5 -> 職名 | BOA3: ='職員名簿（一般型の場合のみ）'!$E$5 -> 氏名 | BOB3: ='職員名簿（一般型の場合のみ）'!$F$5 -> 専任/兼任 | BOC3: ='職員名簿（一般型の場合のみ）'!$G$5 -> 「その他」の場合の業務 （具体的に） | BOD3: ='職員名簿（一般型の場合のみ）'!$H$5 -> 資格名 | BOE3: ='職員名簿（一般型の場合のみ）'!$I$5 -> 子育て支援員・家庭的保育者の場合の保育業務経験（常勤換算） | BOF3: ='職員名簿（一般型の場合のみ）'!$J$5 -> 常勤・非常勤の別 | BOG3: ='職員名簿（一般型の場合のみ）'!$K$5 -> 非常勤の場合の勤務時間数 | BOH3: ='職員名簿（一般型の場合のみ）'!$L$5 -> 休業 （産休・育休等） | BOI3: ='職員名簿（一般型の場合のみ）'!$M$5 -> 備 考 | BOJ3: ='職員名簿（一般型の場合のみ）'!$C$5 -> 整理 番号 | BOK3: ='職員名簿（一般型の場合のみ）'!$D$5 -> 職名 | BOL3: ='職員名簿（一般型の場合のみ）'!$E$5 -> 氏名 | BOM3: ='職員名簿（一般型の場合のみ）'!$F$5 -> 専任/兼任 | BON3: ='職員名簿（一般型の場合のみ）'!$G$5 -> 「その他」の場合の業務 （具体的に） | BOO3: ='職員名簿（一般型の場合のみ）'!$H$5 -> 資格名 | BOP3: ='職員名簿（一般型の場合のみ）'!$I$5 -> 子育て支援員・家庭的保育者の場合の保育業務経験（常勤換算） | BOQ3: ='職員名簿（一般型の場合のみ）'!$J$5 -> 常勤・非常勤の別 | BOR3: ='職員名簿（一般型の場合のみ）'!$K$5 -> 非常勤の場合の勤務時間数 | BOS3: ='職員名簿（一般型の場合のみ）'!$L$5 -> 休業 （産休・育休等） | BOT3: ='職員名簿（一般型の場合のみ）'!$M$5 -> 備 考 | BOU3: ='職員名簿（一般型の場合のみ）'!$C$5 -> 整理 番号 | BOV3: ='職員名簿（一般型の場合のみ）'!$D$5 -> 職名 | BOW3: ='職員名簿（一般型の場合のみ）'!$E$5 -> 氏名 | BOX3: ='職員名簿（一般型の場合のみ）'!$F$5 -> 専任/兼任 | BOY3: ='職員名簿（一般型の場合のみ）'!$G$5 -> 「その他」の場合の業務 （具体的に） | BOZ3: ='職員名簿（一般型の場合のみ）'!$H$5 -> 資格名 | BPA3: ='職員名簿（一般型の場合のみ）'!$I$5 -> 子育て支援員・家庭的保育者の場合の保育業務経験（常勤換算） | BPB3: ='職員名簿（一般型の場合のみ）'!$J$5 -> 常勤・非常勤の別 | BPC3: ='職員名簿（一般型の場合のみ）'!$K$5 -> 非常勤の場合の勤務時間数 | BPD3: ='職員名簿（一般型の場合のみ）'!$L$5 -> 休業 （産休・育休等） | BPE3: ='職員名簿（一般型の場合のみ）'!$M$5 -> 備 考 | BPF3: ='職員名簿（一般型の場合のみ）'!$C$5 -> 整理 番号 | BPG3: ='職員名簿（一般型の場合のみ）'!$D$5 -> 職名 | BPH3: ='職員名簿（一般型の場合のみ）'!$E$5 -> 氏名 | BPI3: ='職員名簿（一般型の場合のみ）'!$F$5 -> 専任/兼任 | BPJ3: ='職員名簿（一般型の場合のみ）'!$G$5 -> 「その他」の場合の業務 （具体的に） | BPK3: ='職員名簿（一般型の場合のみ）'!$H$5 -> 資格名 | BPL3: ='職員名簿（一般型の場合のみ）'!$I$5 -> 子育て支援員・家庭的保育者の場合の保育業務経験（常勤換算） | BPM3: ='職員名簿（一般型の場合のみ）'!$J$5 -> 常勤・非常勤の別 | BPN3: ='職員名簿（一般型の場合のみ）'!$K$5 -> 非常勤の場合の勤務時間数 | BPO3: ='職員名簿（一般型の場合のみ）'!$L$5 -> 休業 （産休・育休等） | BPP3: ='職員名簿（一般型の場合のみ）'!$M$5 -> 備 考 | BPQ3: ='職員名簿（一般型の場合のみ）'!$C$5 -> 整理 番号 | BPR3: ='職員名簿（一般型の場合のみ）'!$D$5 -> 職名 | BPS3: ='職員名簿（一般型の場合のみ）'!$E$5 -> 氏名 | BPT3: ='職員名簿（一般型の場合のみ）'!$F$5 -> 専任/兼任 | BPU3: ='職員名簿（一般型の場合のみ）'!$G$5 -> 「その他」の場合の業務 （具体的に） | BPV3: ='職員名簿（一般型の場合のみ）'!$H$5 -> 資格名 | BPW3: ='職員名簿（一般型の場合のみ）'!$I$5 -> 子育て支援員・家庭的保育者の場合の保育業務経験（常勤換算） | BPX3: ='職員名簿（一般型の場合のみ）'!$J$5 -> 常勤・非常勤の別 | BPY3: ='職員名簿（一般型の場合のみ）'!$K$5 -> 非常勤の場合の勤務時間数 | BPZ3: ='職員名簿（一般型の場合のみ）'!$L$5 -> 休業 （産休・育休等） | BQA3: ='職員名簿（一般型の場合のみ）'!$M$5 -> 備 考 | BQB3: ='職員名簿（一般型の場合のみ）'!$C$5 -> 整理 番号 | BQC3: ='職員名簿（一般型の場合のみ）'!$D$5 -> 職名 | BQD3: ='職員名簿（一般型の場合のみ）'!$E$5 -> 氏名 | BQE3: ='職員名簿（一般型の場合のみ）'!$F$5 -> 専任/兼任 | BQF3: ='職員名簿（一般型の場合のみ）'!$G$5 -> 「その他」の場合の業務 （具体的に） | BQG3: ='職員名簿（一般型の場合のみ）'!$H$5 -> 資格名 | BQH3: ='職員名簿（一般型の場合のみ）'!$I$5 -> 子育て支援員・家庭的保育者の場合の保育業務経験（常勤換算） | BQI3: ='職員名簿（一般型の場合のみ）'!$J$5 -> 常勤・非常勤の別 | BQJ3: ='職員名簿（一般型の場合のみ）'!$K$5 -> 非常勤の場合の勤務時間数 | BQK3: ='職員名簿（一般型の場合のみ）'!$L$5 -> 休業 （産休・育休等） | BQL3: ='職員名簿（一般型の場合のみ）'!$M$5 -> 備 考 | BQM3: ='職員名簿（一般型の場合のみ）'!$C$5 -> 整理 番号 | BQN3: ='職員名簿（一般型の場合のみ）'!$D$5 -> 職名 | BQO3: ='職員名簿（一般型の場合のみ）'!$E$5 -> 氏名 | BQP3: ='職員名簿（一般型の場合のみ）'!$F$5 -> 専任/兼任 | BQQ3: ='職員名簿（一般型の場合のみ）'!$G$5 -> 「その他」の場合の業務 （具体的に） | BQR3: ='職員名簿（一般型の場合のみ）'!$H$5 -> 資格名 | BQS3: ='職員名簿（一般型の場合のみ）'!$I$5 -> 子育て支援員・家庭的保育者の場合の保育業務経験（常勤換算） | BQT3: ='職員名簿（一般型の場合のみ）'!$J$5 -> 常勤・非常勤の別 | BQU3: ='職員名簿（一般型の場合のみ）'!$K$5 -> 非常勤の場合の勤務時間数 | BQV3: ='職員名簿（一般型の場合のみ）'!$L$5 -> 休業 （産休・育休等） | BQW3: ='職員名簿（一般型の場合のみ）'!$M$5 -> 備 考 | BQX3: ='職員名簿（一般型の場合のみ）'!$C$5 -> 整理 番号 | BQY3: ='職員名簿（一般型の場合のみ）'!$D$5 -> 職名 | BQZ3: ='職員名簿（一般型の場合のみ）'!$E$5 -> 氏名 | BRA3: ='職員名簿（一般型の場合のみ）'!$F$5 -> 専任/兼任 | BRB3: ='職員名簿（一般型の場合のみ）'!$G$5 -> 「その他」の場合の業務 （具体的に） | BRC3: ='職員名簿（一般型の場合のみ）'!$H$5 -> 資格名 | BRD3: ='職員名簿（一般型の場合のみ）'!$I$5 -> 子育て支援員・家庭的保育者の場合の保育業務経験（常勤換算） | BRE3: ='職員名簿（一般型の場合のみ）'!$J$5 -> 常勤・非常勤の別 | BRF3: ='職員名簿（一般型の場合のみ）'!$K$5 -> 非常勤の場合の勤務時間数 | BRG3: ='職員名簿（一般型の場合のみ）'!$L$5 -> 休業 （産休・育休等） | BRH3: ='職員名簿（一般型の場合のみ）'!$M$5 -> 備 考 | BRI3: ='職員名簿（一般型の場合のみ）'!$C$5 -> 整理 番号 | BRJ3: ='職員名簿（一般型の場合のみ）'!$D$5 -> 職名 | BRK3: ='職員名簿（一般型の場合のみ）'!$E$5 -> 氏名 | BRL3: ='職員名簿（一般型の場合のみ）'!$F$5 -> 専任/兼任 | BRM3: ='職員名簿（一般型の場合のみ）'!$G$5 -> 「その他」の場合の業務 （具体的に） | BRN3: ='職員名簿（一般型の場合のみ）'!$H$5 -> 資格名 | BRO3: ='職員名簿（一般型の場合のみ）'!$I$5 -> 子育て支援員・家庭的保育者の場合の保育業務経験（常勤換算） | BRP3: ='職員名簿（一般型の場合のみ）'!$J$5 -> 常勤・非常勤の別 | BRQ3: ='職員名簿（一般型の場合のみ）'!$K$5 -> 非常勤の場合の勤務時間数 | BRR3: ='職員名簿（一般型の場合のみ）'!$L$5 -> 休業 （産休・育休等） | BRS3: ='職員名簿（一般型の場合のみ）'!$M$5 -> 備 考 | BRT3: ='職員名簿（一般型の場合のみ）'!$C$5 -> 整理 番号 | BRU3: ='職員名簿（一般型の場合のみ）'!$D$5 -> 職名 | BRV3: ='職員名簿（一般型の場合のみ）'!$E$5 -> 氏名 | BRW3: ='職員名簿（一般型の場合のみ）'!$F$5 -> 専任/兼任 | BRX3: ='職員名簿（一般型の場合のみ）'!$G$5 -> 「その他」の場合の業務 （具体的に） | BRY3: ='職員名簿（一般型の場合のみ）'!$H$5 -> 資格名 | BRZ3: ='職員名簿（一般型の場合のみ）'!$I$5 -> 子育て支援員・家庭的保育者の場合の保育業務経験（常勤換算） | BSA3: ='職員名簿（一般型の場合のみ）'!$J$5 -> 常勤・非常勤の別 | BSB3: ='職員名簿（一般型の場合のみ）'!$K$5 -> 非常勤の場合の勤務時間数 | BSC3: ='職員名簿（一般型の場合のみ）'!$L$5 -> 休業 （産休・育休等） | BSD3: ='職員名簿（一般型の場合のみ）'!$M$5 -> 備 考
G4: =監査調書!B10 -> □運営規程(注)には、事業の目的や運営方針など、最低基準条例（市条例）及び運営基準条例（市条例）で定められた以下の内容が記載されているか | T4: =監査調書!B31 -> □法令遵守責任者を選任し、市長等(注)に届け出ているか | U4: =監査調書!B32 -> 法令遵守責任者 職名 | V4: =監査調書!S32 -> 氏名 | W4: =#REF! -> #REF! | X4: =監査調書!B37 -> □事業計画書、予算書、事業報告書及び決算書はその他の事業と区分して作成されているか。 | Y4: =#REF! -> #REF! | Z4: =#REF! -> #REF! | AE4: =#REF! -> #REF! | AF4: =#REF! -> #REF! | AG4: =#REF! -> #REF! | AH4: =#REF! -> #REF! | AI4: =#REF! -> #REF! | AJ4: =#REF! -> #REF! | AK4: =#REF! -> #REF! | AL4: =#REF! -> #REF! | ... AO4: =#REF! -> #REF! | AR4: =#REF! -> #REF! | AS4: =#REF! -> #REF! | AT4: =#REF! -> #REF! | AU4: =#REF! -> #REF! | AV4: =#REF! -> #REF! | AW4: =#REF! -> #REF! | AX4: =#REF! -> #REF! | AY4: =#REF! -> #REF! | AZ4: =監査調書!B41 -> □1時間あたりの利用定員 | BF4: =監査調書!B47 -> □定員見直しの予定・考え方 | BG4: =#REF! -> #REF! | BH4: =#REF! -> #REF! | BI4: =監査調書!B61 -> □基準に基づく必要な保育士数が確保されているか。 | BJ4: =監査調書!B62 -> □資格を要する職員が資格要件を満たしているか。 | BK4: =#REF! -> #REF! | BL4: =#REF! -> #REF! | BM4: =#REF! -> #REF! | BN4: =#REF! -> #REF! | BO4: =#REF! -> #REF! | BP4: =#REF! -> #REF! | BQ4: =#REF! -> #REF! | BR4: =#REF! -> #REF! | BS4: =#REF! -> #REF! | BT4: =監査調書!B65 -> □職員に対し、その資質向上のための研修の機会を確保しているか。 | BU4: =#REF! -> #REF! | BV4: =#REF! -> #REF! | BW4: =#REF! -> #REF! | BX4: =#REF! -> #REF! | BY4: =#REF! -> #REF! | BZ4: =#REF! -> #REF! | CA4: =#REF! -> #REF! | CB4: =#REF! -> #REF! | ... CF4: =#REF! -> #REF! | CG4: =監査調書!B68 -> □苦情解決の仕組みに関する規程は整備されているか | CH4: =監査調書!B69 -> □保護者等からの苦情を受け付ける窓口を設置し、担当者を決めて対応しているか | CI4: =監査調書!G70 -> 苦情解決責任者の職名・氏名 | CJ4: =監査調書!G71 -> 苦情受付担当者の職名・氏名 | CK4: =監査調書!B72 -> □苦情解決に客観的に対応するため、職員や理事等の特殊な関係にない者を第三者委員として複数名設置 | CL4: =監査調書!B77 -> □苦情解決の仕組み等（責任者・担当者、第三者委員の氏名・連絡先、仕組み）を施設内掲示・パンフレットの配布等の方法により、保護者・職員に周知しているか | CM4: =#REF! -> #REF! | CN4: =監査調書!B79 -> □苦情内容、改善への経過等を記録しているか | CO4: =監査調書!B80 -> □令和７年度の苦情の状況 | CT4: =#REF! -> #REF! | CU4: =監査調書!B95 -> □保育所は、職員が職務上知り得た児童、保護者等の秘密について、在職中及び退職後も秘密を漏らすことがないよう、必要な措置（規程等の整備、雇用時の取り決め等）を講じているか | CV4: =監査調書!B97 -> □個人情報の保護についてどのようなことに留意しているか | CW4: =監査調書!B103 -> □保育所として自らその提供する保育の質の評価を行い、常にその改善を図っているか | CX4: =監査調書!B104 -> □保護者等、関係者による評価を受けて、結果を公表しているか | CY4: =監査調書!B105 -> □福祉サービス第三者評価を受審し、評価結果を公表しているか | CZ4: =監査調書!B112 -> □乳児等通園支援事業所の構造設備は、採光、換気等利用乳幼児の保健衛生及び利用乳幼児に対する危害防止に十分な考慮を払って設けているか。 | DA4: =監査調書!B114 -> □消防設備の状況 | DS4: =#REF! -> #REF! | DU4: =#REF! -> #REF! | DV4: =#REF! -> #REF! | DW4: =#REF! -> #REF! | EC4: =監査調書!B252 -> □医薬品等の整備、保管がされているか | ED4: =監査調書!B142 -> □令和７年度の事故件数 | EE4: =監査調書!B143 -> □令和８年度の事故件数(監査日前々月末日現在) | EF4: =監査調書!B144 -> □上記のうち、死亡事故や治療に要する期間が30日以上の負傷や疾病を伴う重篤な事故等が発生した場合、市町村担当課に事故の報告をしているか | EG4: =監査調書!B147 -> □事故発生時の対応マニュアルが作成され、医師や保護者への緊急連絡体制が整っているか | EH4: =#REF! -> #REF! | EI4: =監査調書!B148 -> □事故が発生した場合又はそれに至る危険性がある事態が生じた場合に、その状況及び対応等の記録・報告を行うほか、その分析を通じた改善策を職員に周知徹底しているか | EJ4: =#REF! -> #REF! | EK4: =監査調書!B150 -> □賠償すべき事故が発生した場合に備えて保険に加入しているか | EL4: =#REF! -> #REF! | EM4: =監査調書!B151 -> 加入していない場合、その理由 | EN4: =監査調書!B154 -> □避難訓練： | EO4: =監査調書!O154 -> 消火訓練（模擬消火訓練でも可）： | EP4: =監査調書!B155 -> □様々な状況設定のもとに訓練が実施されているか | EQ4: =監査調書!B156 -> □年に１回、消防署の指導を受けているか | ER4: =監査調書!B157 -> 直近の指導年月日： | EU4: =監査調書!B159 -> □消防計画を作成し、消防署へ届け出ているか（変更も含む） | EY4: =監査調書!B161 -> □防火管理者、火気取締責任者が定められているか | EZ4: =監査調書!B162 -> □防火管理者は、管理、監督の地位の者で、講習を受講しているか | FA4: =監査調書!C163 -> 防火管理者 職名： | FB4: =監査調書!C164 -> 講習受講年月日： | FE4: =監査調書!B165 -> □消防用設備等の法定点検を実施し、その結果を消防署に報告しているか | FF4: =監査調書!C166 -> 直近の報告年月日： | FI4: =監査調書!B167 -> □消防計画又は災害対応マニュアル（避難確保計画）に次の災害への対応が定められているか。 | FL4: =監査調書!B171 -> □市町村防災計画に定められた浸水想定区域内等又は土砂災害警戒区域内等に該当する場合、「避難確保計画」を作成し、市町村に報告しているか | FM4: =#REF! -> #REF! | FN4: =監査調書!B174 -> □施設内の見やすいところに避難経路図を掲示するとともに、消防計画、災害対応マニュアルの内容 | FO4: =監査調書!B176 -> □災害発生時等の事業継続計画（ＢＣＰ）を策定しているか | FP4: =監査調書!B202 -> □全体的な計画を作成しているか。 | FQ4: =監査調書!B203 -> ※保育所で作成している全体計画の一部として位置づけることも可能。 | FV4: =監査調書!B207 -> □利用乳幼児の記録は適切に整備されているか。 | GB4: =#REF! -> #REF! | GC4: =#REF! -> #REF! | GD4: =監査調書!B211 -> □保護者と密接な連絡（連絡帳、保育所だより、保育参観等）をとり、乳児等通園支援の内容等につき、その保護者の理解及び協力を得るように努めているか。 | GL4: =監査調書!B218 -> □利用料について保護者に書面で説明し、同意を得ているか。 | GM4: =監査調書!B219 -> □利用料の徴収にあたり、領収書を交付しているか（集金袋への領収印や、口座引落しの通帳記載をもって領収書に代えることも可能） | GN4: =#REF! -> #REF! | GO4: =#REF! -> #REF! | GP4: =#REF! -> #REF! | GQ4: =#REF! -> #REF! | GR4: =#REF! -> #REF! | GS4: =#REF! -> #REF! | GT4: =#REF! -> #REF! | GU4: =#REF! -> #REF! | ... HA4: =#REF! -> #REF! | HC4: =#REF! -> #REF! | HD4: =#REF! -> #REF! | HE4: =#REF! -> #REF! | HG4: =#REF! -> #REF! | HH4: =#REF! -> #REF! | HI4: =監査調書!B227 -> □登降所時において、児童の健康状態や服装等の異常の有無等について十分観察しているか。 また、顔色、機嫌、元気等について観察するとともに、食欲や排便の状況等について注意を払っているか | HJ4: =監査調書!B230 -> □不自然な傷などないか観察し、身体的虐待等の早期発見に努めているか。また、虐待が疑われる場合に、市町村又は児童相談所に通告し、適切な対応を図っているか | HK4: =監査調書!B232 -> □乳幼児突然死症候群(SIDS)の予防 | HM4: =#REF! -> #REF! | HN4: =監査調書!B239 -> □タオルは他の児童や職員と共用していないか、ペーパータオルにしているか。 | HO4: =監査調書!B240 -> □汚物処理容器は児童の手の届かないところに保管しているか | HP4: =#REF! -> #REF! | HQ4: =監査調書!B243 -> □感染症や食中毒が発生した場合の報告体制を整備しているか | HR4: =監査調書!B247 -> □保育中に体調不良となった児童への対応はどのようにしているか | HS4: =#REF! -> #REF! | HT4: =#REF! -> #REF! | HU4: =監査調書!B258 -> □利用乳幼児の喫食開始時間 | HX4: =#REF! -> #REF! | HZ4: =監査調書!B261 -> □次の諸帳簿は整備されているか | ID4: =監査調書!B285 -> □食育計画に従って、食育に取り組んでいるか | IE4: =#REF! -> #REF! | IF4: =監査調書!B270 -> □調理は献立表に従って行われているか | IG4: =監査調書!B271 -> □献立作成の配慮事項 | IJ4: =監査調書!B288 -> □離乳食やおやつも含め、児童と同じものが児童の喫食前に検食されているか | IK4: =監査調書!B289 -> □検食結果、嗜好調査、残食調査結果は日々記録され、献立作成に活用しているか | IL4: =監査調書!B292 -> □塩分の摂取量は設定した目標量以下になっているか | IM4: =監査調書!B296 -> □調理の外部委託を行っている場合、契約内容等は遵守されているか | IN4: =監査調書!B301 -> □給食材料の購入に当たって、品質、鮮度等に留意して検収を行っているか | IO4: =監査調書!B302 -> □食器類の衛生管理に努めているか | IP4: =監査調書!B303 -> □食中毒が発生した場合に備えてマニュアルを作成するなど、対応策を定めているか | IQ4: =監査調書!B304 -> □調理員に対し、毎日健康状態を確認しているか | IR4: =監査調書!B330 -> □冬季(10月～3月)において、ノロウイルスの検便を行っているか | IS4: =監査調書!B308 -> 在籍職員数（パートを含む） | JE4: =監査調書!B309 -> 調理従事者 | KO4: =監査調書!B312 -> 乳児担当者 | LY4: =監査調書!B315 -> その他職員 | MK4: =監査調書!B333 -> □原材料及び調理済み食品を食品ごとに50ｇ程度ずつを清潔な保存食容器（ビニール袋等）に入れて食事提供後２週間以上保存しているか | ML4: =監査調書!B335 -> 0 | MM4: =監査調書!B336 -> □保存した原材料及び食品は食事提供後２週間以上保存しているか | MN4: =監査調書!B337 -> □原材料は特に洗浄・殺菌等を行わず購入した状態で保存しているか | MO4: =#REF! -> #REF! | MP4: =#REF! -> #REF! | MQ4: =#REF! -> #REF! | MR4: =監査調書!B341 -> □現金、預貯金通帳及び通帳印鑑の各保管責任者について、その業務が事務分掌で明確にされているか | MS4: =監査調書!B342 -> □現金、預貯金通帳及び通帳印鑑について、各保管責任者の管理の下で施錠のできる別々の金庫等で適切に保管されているか | MT4: =監査調書!B363 -> □収入・支出決議（伺）がなされているか | MU4: =監査調書!B364 -> □会計伝票、収入証憑類、補助簿等を10年間保管しているか | MV4: =監査調書!B366 -> □金銭収入は経理規程で定める期限内に必ず金融機関に預け入れしているか | MW4: =監査調書!B367 -> □通常の支払は口座振込で行われているか | MX4: =#REF! -> #REF! | MY4: =#REF! -> #REF! | MZ4: =#REF! -> #REF! | NA4: =#REF! -> #REF! | NB4: =監査調書!B370 -> □小口現金の取扱は経理規程どおり（限度額の範囲内、出納帳への記帳）に行われているか。 | NC4: =#REF! -> #REF! | ND4: =監査調書!B372 -> □職員による立て替え払いを行っていないか | NE4: =#REF! -> #REF! | NF4: =#REF! -> #REF! | NG4: =#REF! -> #REF! | NH4: =#REF! -> #REF! | NI4: =#REF! -> #REF! | NJ4: =#REF! -> #REF! | NK4: =#REF! -> #REF! | NL4: =#REF! -> #REF! | ... OA4: =#REF! -> #REF! | OD4: =#REF! -> #REF! | OE4: =#REF! -> #REF! | OK4: =#REF! -> #REF! | OM4: =#REF! -> #REF! | OO4: =#REF! -> #REF! | OQ4: =#REF! -> #REF! | OS4: =#REF! -> #REF! | OT4: =#REF! -> #REF! | PA4: =#REF! -> #REF! | PI4: =#REF! -> #REF! | PN4: =#REF! -> #REF! | PS4: =#REF! -> #REF! | PV4: =#REF! -> #REF! | PW4: =#REF! -> #REF! | QW4: =#REF! -> #REF! | SI4: =#REF! -> #REF! | TU4: =#REF! -> #REF! | TV4: =#REF! -> #REF! | TW4: =#REF! -> #REF! | TX4: =#REF! -> #REF! | UA4: =#REF! -> #REF! | UB4: =#REF! -> #REF! | UE4: =#REF! -> #REF! | UG4: =#REF! -> #REF! | UI4: =#REF! -> #REF! | UK4: =#REF! -> #REF! | UM4: =#REF! -> #REF! | UQ4: =#REF! -> #REF! | UV4: =#REF! -> #REF! | UZ4: =#REF! -> #REF! | VF4: =#REF! -> #REF! | VJ4: =#REF! -> #REF! | VM4: =#REF! -> #REF! | VQ4: =#REF! -> #REF! | VU4: =#REF! -> #REF! | VY4: =#REF! -> #REF! | WC4: =#REF! -> #REF! | WF4: =#REF! -> #REF! | WG4: =#REF! -> #REF! | WK4: =#REF! -> #REF! | WN4: =#REF! -> #REF! | WR4: =#REF! -> #REF! | WV4: =#REF! -> #REF! | WZ4: =#REF! -> #REF! | XD4: =#REF! -> #REF! | XG4: =#REF! -> #REF! | XH4: =#REF! -> #REF! | XN4: =#REF! -> #REF! | XT4: =#REF! -> #REF! | XZ4: =#REF! -> #REF! | YF4: =#REF! -> #REF! | YL4: =#REF! -> #REF! | YR4: =#REF! -> #REF! | YS4: =#REF! -> #REF! | YT4: =#REF! -> #REF! | YU4: =#REF! -> #REF! | YV4: =#REF! -> #REF! | YW4: =#REF! -> #REF! | YX4: =#REF! -> #REF! | YY4: =#REF! -> #REF! | ... AAN4: =#REF! -> #REF! | AAR4: =#REF! -> #REF! | AAS4: =#REF! -> #REF! | AAV4: =表３!C24 -> ①～③小計 | AAW4: =表３!C28 -> ①～④合計 | ABA4: =#REF! -> #REF! | ABI4: ='表４（一般型の場合のみ）'!C9 -> 【監査前月 １月１日現在】
G5: =監査調書!B12 -> (１)乳児等通園支援事業の目的及び運営の方針 | H5: =監査調書!B13 -> (２) その提供する乳児等通園支援の内容 | I5: =監査調書!B14 -> (３) 職員の職種、員数及び職務の内容 | J5: =監査調書!B15 -> (４) 乳児等通園支援の提供を行う日及び時間並びに提供を行わない日 | K5: =監査調書!B16 -> (５) 保護者から受領する費用の種類、支払を求める理由及びその額 | L5: =監査調書!B17 -> (６) 乳児及び幼児の区分ごとの利用定員 | M5: =監査調書!B18 -> (７) 乳児等通園支援事業の利用の開始及び終了に関する事項並びに利用に当たっての留意事項 | N5: =監査調書!B19 -> (８) 緊急時等における対応方法 | O5: =監査調書!B20 -> (９) 非常災害対策 | P5: =監査調書!B21 -> (10) 虐待の防止のための措置に関する事項 | Q5: =監査調書!B22 -> (11) その他乳児等通園支援事業の運営に関する重要事項 | R5: =監査調書!B25 -> □事業者は保護者に対し、支払を受ける費用に関する事項その他の提供する特定乳児等通園支援に関する重要事項を記載した文書を交付しているか。 | S5: =監査調書!B27 -> □施設等の見やすい場所に、運営規程の概要、職員の勤務体制、利用者負担等、重要事項を掲示しているか。 | Z5: =#REF! -> #REF! | AA5: =#REF! -> #REF! | AB5: =#REF! -> #REF! | AC5: =#REF! -> #REF! | AD5: =#REF! -> #REF! | AO5: =#REF! -> #REF! | AP5: =#REF! -> #REF! | AQ5: =#REF! -> #REF! | AZ5: =監査調書!B43 -> ０歳児 | BC5: =監査調書!B45 -> ２歳児 | CO5: =監査調書!B81 -> ・苦情の受付件数 | CP5: =監査調書!B82 -> ・第三者委員への苦情受付の報告件数 | CQ5: =監査調書!B83 -> ・第三者委員への苦情解決結果の報告件数 | CR5: =監査調書!B84 -> ・苦情解決結果の公表件数 | CS5: =監査調書!B85 -> ・公表の方法及び時期 | CT5: =#REF! -> #REF! | CV5: =監査調書!B98 -> 具体的な内容 | DA5: =監査調書!B116 -> 消火設備 | DF5: =監査調書!B117 -> 警報設備 | DN5: =監査調書!B119 -> 避難設備 | DS5: =#REF! -> #REF! | DT5: =#REF! -> #REF! | DW5: =#REF! -> #REF! | DX5: =#REF! -> #REF! | DY5: =#REF! -> #REF! | DZ5: =#REF! -> #REF! | EA5: =#REF! -> #REF! | EB5: =#REF! -> #REF! | ER5: =監査調書!N157 -> 年 | ES5: =監査調書!S157 -> 月 | ET5: =監査調書!X160 -> 日 | EV5: =監査調書!N160 -> 年 | EW5: =監査調書!S160 -> 月 | EX5: =監査調書!X157 -> 日 | FB5: =監査調書!N164 -> 年 | FC5: =監査調書!S164 -> 月 | FD5: =監査調書!X164 -> 日 | FF5: =監査調書!N166 -> 年 | FG5: =監査調書!S166 -> 月 | FH5: =監査調書!X166 -> 日 | FI5: =監査調書!B168 -> ・地震 | FJ5: =監査調書!B169 -> ・風水害 | FK5: =監査調書!B170 -> ・原子力災害 ※出雲市･安来市･雲南市に所在する保育所 | FQ5: =監査調書!B204 -> □一人ひとりのこどもの実態に応じた個別計画を作成しているか。 | FR5: =#REF! -> #REF! | FS5: =#REF! -> #REF! | FU5: =#REF! -> #REF! | FV5: =#REF! -> #REF! | FW5: =#REF! -> #REF! | FX5: =#REF! -> #REF! | FY5: =#REF! -> #REF! | FZ5: =#REF! -> #REF! | GA5: =#REF! -> #REF! | GD5: =#REF! -> #REF! | GE5: =#REF! -> #REF! | GF5: =#REF! -> #REF! | GG5: =#REF! -> #REF! | GH5: =#REF! -> #REF! | GI5: =#REF! -> #REF! | GJ5: =#REF! -> #REF! | GK5: =#REF! -> #REF! | HA5: =#REF! -> #REF! | HB5: =#REF! -> #REF! | HE5: =#REF! -> #REF! | HF5: =#REF! -> #REF! | HG5: =#REF! -> #REF! | HK5: =監査調書!B233 -> ・寝返りのできない乳児は仰向けに寝かしているか | HL5: =監査調書!B234 -> ・睡眠中の子どもの顔色、呼吸状態をきめ細かく観察しているか | HS5: =#REF! -> #REF! | HU5: =監査調書!B259 -> 午前のおやつ | HV5: =監査調書!N259 -> 昼食 | HW5: =監査調書!V259 -> 午後のおやつ | HX5: =#REF! -> #REF! | HY5: =#REF! -> #REF! | HZ5: =監査調書!B262 -> ・給食予定･実施献立表及び給食日誌 | IA5: =監査調書!B263 -> ・栄養出納表 | IB5: =監査調書!B264 -> ・調味料による食塩摂取状況 | IC5: =監査調書!B266 -> ・給食用スキムミルク受払台帳（注） | IG5: =監査調書!B273 -> 食物アレルギーのある子への対応 | IH5: =監査調書!B276 -> ３歳未満児に対する献立、調理についての配慮事項 | II5: =監査調書!B279 -> 離乳食についての配慮事項 | IS5: =監査調書!$N$307 -> ４月 | IT5: =監査調書!$P$307 -> ５月 | IU5: =監査調書!$R$307 -> ６月 | IV5: =監査調書!$T$307 -> ７月 | IW5: =監査調書!$V$307 -> ８月 | IX5: =監査調書!$X$307 -> ９月 | IY5: =監査調書!$Z$307 -> 10月 | IZ5: =監査調書!$AB$307 -> 11月 | JA5: =監査調書!$AD$307 -> 12月 | JB5: =監査調書!$AF$307 -> １月 | JC5: =監査調書!$AH$307 -> ２月 | JD5: =監査調書!$AJ$307 -> ３月 | JE5: =監査調書!G309 -> 通常検便実施者数 | JQ5: =監査調書!G310 -> Ｏ157検査実施者数 | KC5: =監査調書!G311 -> 対象者数 | KO5: =監査調書!G312 -> 通常検便実施者数 | LA5: =監査調書!G313 -> Ｏ157検査実施者数 | LM5: =監査調書!G314 -> 対象者数 | LY5: =監査調書!G315 -> 通常検便実施者数 | NT5: =#REF! -> #REF! | NU5: =#REF! -> #REF! | NV5: =#REF! -> #REF! | OA5: =#REF! -> #REF! | OB5: =#REF! -> #REF! | OC5: =#REF! -> #REF! | OE5: =#REF! -> #REF! | OF5: =#REF! -> #REF! | OG5: =#REF! -> #REF! | OH5: =#REF! -> #REF! | OI5: =#REF! -> #REF! | OJ5: =#REF! -> #REF! | OL5: =#REF! -> #REF! | ON5: =#REF! -> #REF! | OP5: =#REF! -> #REF! | OR5: =#REF! -> #REF! | OT5: =#REF! -> #REF! | PA5: =#REF! -> #REF! | PH5: =#REF! -> #REF! | PI5: =#REF! -> #REF! | PM5: =#REF! -> #REF! | PN5: =#REF! -> #REF! | PO5: =#REF! -> #REF! | PP5: =#REF! -> #REF! | PQ5: =#REF! -> #REF! | PR5: =#REF! -> #REF! | PS5: =#REF! -> #REF! | PW5: =#REF! -> #REF! | PX5: =#REF! -> #REF! | QW5: =#REF! -> #REF! | QX5: =#REF! -> #REF! | RE5: =#REF! -> #REF! | RJ5: =#REF! -> #REF! | SI5: =#REF! -> #REF! | SJ5: =#REF! -> #REF! | TH5: =#REF! -> #REF! | TX5: =#REF! -> #REF! | TY5: =#REF! -> #REF! | TZ5: =#REF! -> #REF! | UB5: =#REF! -> #REF! | UC5: =#REF! -> #REF! | UD5: =#REF! -> #REF! | UF5: =#REF! -> #REF! | UH5: =#REF! -> #REF! | UJ5: =#REF! -> #REF! | UL5: =#REF! -> #REF! | UM5: =#REF! -> #REF! | UQ5: =#REF! -> #REF! | UU5: =#REF! -> #REF! | UV5: =#REF! -> #REF! | UZ5: =#REF! -> #REF! | VA5: =#REF! -> #REF! | VB5: =#REF! -> #REF! | VC5: =#REF! -> #REF! | VF5: =#REF! -> #REF! | VI5: =#REF! -> #REF! | VJ5: =#REF! -> #REF! | VM5: =#REF! -> #REF! | VP5: =#REF! -> #REF! | VQ5: =#REF! -> #REF! | VT5: =#REF! -> #REF! | VU5: =#REF! -> #REF! | VX5: =#REF! -> #REF! | VY5: =#REF! -> #REF! | WB5: =#REF! -> #REF! | WC5: =#REF! -> #REF! | WD5: =#REF! -> #REF! | WE5: =#REF! -> #REF! | WG5: =#REF! -> #REF! | WJ5: =#REF! -> #REF! | WK5: =#REF! -> #REF! | WN5: =#REF! -> #REF! | WQ5: =#REF! -> #REF! | WR5: =#REF! -> #REF! | WU5: =#REF! -> #REF! | WV5: =#REF! -> #REF! | WY5: =#REF! -> #REF! | WZ5: =#REF! -> #REF! | XC5: =#REF! -> #REF! | XD5: =#REF! -> #REF! | XE5: =#REF! -> #REF! | XF5: =#REF! -> #REF! | XH5: =#REF! -> #REF! | XI5: =#REF! -> #REF! | XJ5: =#REF! -> #REF! | XK5: =#REF! -> #REF! | XL5: =#REF! -> #REF! | XM5: =#REF! -> #REF! | XN5: =#REF! -> #REF! | XO5: =#REF! -> #REF! | ... YQ5: =#REF! -> #REF! | AAN5: =#REF! -> #REF! | AAO5: =#REF! -> #REF! | AAP5: =#REF! -> #REF! | AAQ5: =#REF! -> #REF! | ABA5: =#REF! -> #REF! | ABB5: =#REF! -> #REF! | ABC5: =#REF! -> #REF! | ABD5: =#REF! -> #REF! | ABE5: =#REF! -> #REF! | ABF5: =#REF! -> #REF! | ABG5: =#REF! -> #REF! | ABH5: =#REF! -> #REF! | ABI5: ='表４（一般型の場合のみ）'!C12 -> 乳児 満２歳未満の幼児 | ABQ5: ='表４（一般型の場合のみ）'!C15 -> 満２歳以上の乳児
AO6: =#REF! -> #REF! | AP6: =#REF! -> #REF! | AQ6: =#REF! -> #REF! | AZ6: =監査調書!H42 -> 46113 | BA6: =監査調書!M42 -> 0 | BB6: =監査調書!R42 -> 0 | BC6: =監査調書!H42 -> 46113 | BD6: =監査調書!M42 -> 0 | BE6: =監査調書!R42 -> 0 | DA6: =監査調書!H116 -> 消火器 | DC6: =監査調書!P116 -> 屋内消火栓 | DD6: =監査調書!V116 -> 屋外消火栓 | DE6: =監査調書!AB116 -> スプリンクラー設備 | DF6: =監査調書!H117 -> 自動火災報知装置 | DG6: =監査調書!AD117 -> 電気火災警報装置 | DH6: =監査調書!H118 -> 警鐘 | DI6: =監査調書!L118 -> 拡声器 | DJ6: =監査調書!Q118 -> サイレン | DK6: =監査調書!V118 -> 非常ベル | DL6: =監査調書!AA118 -> その他 | DN6: =監査調書!H119 -> 避難はしご | DO6: =監査調書!N119 -> タラップ | DP6: =監査調書!S119 -> 滑り台 | DQ6: =監査調書!W119 -> 非常口 | DR6: =監査調書!AB119 -> 誘導標識 | FS6: =#REF! -> #REF! | FT6: =#REF! -> #REF! | JE6: =監査調書!$N$307 -> ４月 | JF6: =監査調書!$P$307 -> ５月 | JG6: =監査調書!$R$307 -> ６月 | JH6: =監査調書!$T$307 -> ７月 | JI6: =監査調書!$V$307 -> ８月 | JJ6: =監査調書!$X$307 -> ９月 | JK6: =監査調書!$Z$307 -> 10月 | JL6: =監査調書!$AB$307 -> 11月 | JM6: =監査調書!$AD$307 -> 12月 | JN6: =監査調書!$AF$307 -> １月 | JO6: =監査調書!$AH$307 -> ２月 | JP6: =監査調書!$AJ$307 -> ３月 | JQ6: =監査調書!$N$307 -> ４月 | JR6: =監査調書!$P$307 -> ５月 | JS6: =監査調書!$R$307 -> ６月 | JT6: =監査調書!$T$307 -> ７月 | JU6: =監査調書!$V$307 -> ８月 | JV6: =監査調書!$X$307 -> ９月 | JW6: =監査調書!$Z$307 -> 10月 | JX6: =監査調書!$AB$307 -> 11月 | JY6: =監査調書!$AD$307 -> 12月 | JZ6: =監査調書!$AF$307 -> １月 | KA6: =監査調書!$AH$307 -> ２月 | KB6: =監査調書!$AJ$307 -> ３月 | KC6: =監査調書!$N$307 -> ４月 | KD6: =監査調書!$P$307 -> ５月 | KE6: =監査調書!$R$307 -> ６月 | KF6: =監査調書!$T$307 -> ７月 | KG6: =監査調書!$V$307 -> ８月 | KH6: =監査調書!$X$307 -> ９月 | KI6: =監査調書!$Z$307 -> 10月 | KJ6: =監査調書!$AB$307 -> 11月 | KK6: =監査調書!$AD$307 -> 12月 | KL6: =監査調書!$AF$307 -> １月 | KM6: =監査調書!$AH$307 -> ２月 | KN6: =監査調書!$AJ$307 -> ３月 | KO6: =監査調書!$N$307 -> ４月 | KP6: =監査調書!$P$307 -> ５月 | KQ6: =監査調書!$R$307 -> ６月 | KR6: =監査調書!$T$307 -> ７月 | KS6: =監査調書!$V$307 -> ８月 | KT6: =監査調書!$X$307 -> ９月 | KU6: =監査調書!$Z$307 -> 10月 | KV6: =監査調書!$AB$307 -> 11月 | KW6: =監査調書!$AD$307 -> 12月 | KX6: =監査調書!$AF$307 -> １月 | KY6: =監査調書!$AH$307 -> ２月 | KZ6: =監査調書!$AJ$307 -> ３月 | LA6: =監査調書!$N$307 -> ４月 | LB6: =監査調書!$P$307 -> ５月 | LC6: =監査調書!$R$307 -> ６月 | LD6: =監査調書!$T$307 -> ７月 | LE6: =監査調書!$V$307 -> ８月 | LF6: =監査調書!$X$307 -> ９月 | LG6: =監査調書!$Z$307 -> 10月 | LH6: =監査調書!$AB$307 -> 11月 | LI6: =監査調書!$AD$307 -> 12月 | LJ6: =監査調書!$AF$307 -> １月 | LK6: =監査調書!$AH$307 -> ２月 | LL6: =監査調書!$AJ$307 -> ３月 | LM6: =監査調書!$N$307 -> ４月 | LN6: =監査調書!$P$307 -> ５月 | LO6: =監査調書!$R$307 -> ６月 | LP6: =監査調書!$T$307 -> ７月 | LQ6: =監査調書!$V$307 -> ８月 | LR6: =監査調書!$X$307 -> ９月 | LS6: =監査調書!$Z$307 -> 10月 | LT6: =監査調書!$AB$307 -> 11月 | LU6: =監査調書!$AD$307 -> 12月 | LV6: =監査調書!$AF$307 -> １月 | LW6: =監査調書!$AH$307 -> ２月 | LX6: =監査調書!$AJ$307 -> ３月 | LY6: =監査調書!$N$307 -> ４月 | LZ6: =監査調書!$P$307 -> ５月 | MA6: =監査調書!$R$307 -> ６月 | MB6: =監査調書!$T$307 -> ７月 | MC6: =監査調書!$V$307 -> ８月 | MD6: =監査調書!$X$307 -> ９月 | ME6: =監査調書!$Z$307 -> 10月 | MF6: =監査調書!$AB$307 -> 11月 | MG6: =監査調書!$AD$307 -> 12月 | MH6: =監査調書!$AF$307 -> １月 | MI6: =監査調書!$AH$307 -> ２月 | MJ6: =監査調書!$AJ$307 -> ３月 | OT6: =#REF! -> #REF! | OU6: =#REF! -> #REF! | OX6: =#REF! -> #REF! | PA6: =#REF! -> #REF! | PB6: =#REF! -> #REF! | PE6: =#REF! -> #REF! | PI6: =#REF! -> #REF! | PJ6: =#REF! -> #REF! | PS6: =#REF! -> #REF! | PT6: =#REF! -> #REF! | PU6: =#REF! -> #REF! | PX6: =#REF! -> #REF! | QD6: =#REF! -> #REF! | QJ6: =#REF! -> #REF! | QP6: =#REF! -> #REF! | QV6: =#REF! -> #REF! | QX6: =#REF! -> #REF! | RD6: =#REF! -> #REF! | RJ6: =#REF! -> #REF! | RP6: =#REF! -> #REF! | RV6: =#REF! -> #REF! | SB6: =#REF! -> #REF! | SH6: =#REF! -> #REF! | SJ6: =#REF! -> #REF! | SP6: =#REF! -> #REF! | SV6: =#REF! -> #REF! | TB6: =#REF! -> #REF! | TH6: =#REF! -> #REF! | TN6: =#REF! -> #REF! | TT6: =#REF! -> #REF! | UM6: =#REF! -> #REF! | UN6: =#REF! -> #REF! | UQ6: =#REF! -> #REF! | UR6: =#REF! -> #REF! | UV6: =#REF! -> #REF! | UW6: =#REF! -> #REF! | VF6: =#REF! -> #REF! | VG6: =#REF! -> #REF! | VH6: =#REF! -> #REF! | VI6: =#REF! -> #REF! | VJ6: =#REF! -> #REF! | VK6: =#REF! -> #REF! | VL6: =#REF! -> #REF! | VM6: =#REF! -> #REF! | ... WE6: =#REF! -> #REF! | WG6: =#REF! -> #REF! | WH6: =#REF! -> #REF! | WI6: =#REF! -> #REF! | WJ6: =#REF! -> #REF! | WK6: =#REF! -> #REF! | WL6: =#REF! -> #REF! | WM6: =#REF! -> #REF! | WN6: =#REF! -> #REF! | ... XF6: =#REF! -> #REF! | ABI6: ='表４（一般型の場合のみ）'!E10 -> 面積基準による算定 | ABN6: ='表４（一般型の場合のみ）'!M10 -> 施設の面積(㎡) | ABQ6: ='表４（一般型の場合のみ）'!E10 -> 面積基準による算定 | ABU6: ='表４（一般型の場合のみ）'!M10 -> 施設の面積(㎡)
DB7: =監査調書!M116 -> 個 | DM7: =監査調書!AE118 -> 0 | OU7: =#REF! -> #REF! | OV7: =#REF! -> #REF! | OW7: =#REF! -> #REF! | OX7: =#REF! -> #REF! | OY7: =#REF! -> #REF! | OZ7: =#REF! -> #REF! | PB7: =#REF! -> #REF! | PC7: =#REF! -> #REF! | PD7: =#REF! -> #REF! | PE7: =#REF! -> #REF! | PF7: =#REF! -> #REF! | PG7: =#REF! -> #REF! | PJ7: =#REF! -> #REF! | PK7: =#REF! -> #REF! | PL7: =#REF! -> #REF! | PX7: =#REF! -> #REF! | PY7: =#REF! -> #REF! | PZ7: =#REF! -> #REF! | QA7: =#REF! -> #REF! | QB7: =#REF! -> #REF! | QC7: =#REF! -> #REF! | QD7: =#REF! -> #REF! | QE7: =#REF! -> #REF! | ... QU7: =#REF! -> #REF! | QX7: =#REF! -> #REF! | QY7: =#REF! -> #REF! | QZ7: =#REF! -> #REF! | RA7: =#REF! -> #REF! | RB7: =#REF! -> #REF! | RC7: =#REF! -> #REF! | RD7: =#REF! -> #REF! | RE7: =#REF! -> #REF! | ... SG7: =#REF! -> #REF! | SJ7: =#REF! -> #REF! | SK7: =#REF! -> #REF! | SL7: =#REF! -> #REF! | SM7: =#REF! -> #REF! | SN7: =#REF! -> #REF! | SO7: =#REF! -> #REF! | SP7: =#REF! -> #REF! | SQ7: =#REF! -> #REF! | ... TS7: =#REF! -> #REF! | UN7: =#REF! -> #REF! | UO7: =#REF! -> #REF! | UP7: =#REF! -> #REF! | UR7: =#REF! -> #REF! | US7: =#REF! -> #REF! | UT7: =#REF! -> #REF! | UW7: =#REF! -> #REF! | UX7: =#REF! -> #REF! | UY7: =#REF! -> #REF! | ABI7: ='表４（一般型の場合のみ）'!$E$12 -> 1.65 | ABK7: ='表４（一般型の場合のみ）'!$E$13 -> 3.3 | ABM7: ='表４（一般型の場合のみ）'!$E$14 -> 合計 | ABN7: ='表４（一般型の場合のみ）'!$M$12 -> 乳児室 | ABO7: ='表４（一般型の場合のみ）'!$M$13 -> ほふく室 | ABP7: ='表４（一般型の場合のみ）'!$E$14 -> 合計 | ABQ7: ='表４（一般型の場合のみ）'!E15 -> 1.98 | ABS7: ='表４（一般型の場合のみ）'!E16 -> 3.3 | ABU7: ='表４（一般型の場合のみ）'!M15 -> 保育室・遊戯室 | ABV7: ='表４（一般型の場合のみ）'!M16 -> 屋外遊戯場
ABI8: ='表４（一般型の場合のみ）'!$H$11 -> 利用定員(名) | ABJ8: ='表４（一般型の場合のみ）'!$K$11 -> 面積 （㎡） | ABK8: ='表４（一般型の場合のみ）'!$H$11 -> 利用定員(名) | ABL8: ='表４（一般型の場合のみ）'!$K$11 -> 面積 （㎡） | ABM8: ='表４（一般型の場合のみ）'!$K$11 -> 面積 （㎡） | ABN8: ='表４（一般型の場合のみ）'!$K$11 -> 面積 （㎡） | ABO8: ='表４（一般型の場合のみ）'!$K$11 -> 面積 （㎡） | ABP8: ='表４（一般型の場合のみ）'!$K$11 -> 面積 （㎡） | ABQ8: ='表４（一般型の場合のみ）'!$H$11 -> 利用定員(名) | ABR8: ='表４（一般型の場合のみ）'!$K$11 -> 面積 （㎡） | ABS8: ='表４（一般型の場合のみ）'!$H$11 -> 利用定員(名) | ABT8: ='表４（一般型の場合のみ）'!$K$11 -> 面積 （㎡） | ABU8: ='表４（一般型の場合のみ）'!$K$11 -> 面積 （㎡） | ABV8: ='表４（一般型の場合のみ）'!$K$11 -> 面積 （㎡）
A9: シート名 | B9: 表紙 | C9: 表紙 | D9: 表紙 | E9: 表紙 | F9: 表紙 | G9: 監査調書 | H9: 監査調書 | I9: 監査調書 | J9: 監査調書 | K9: 監査調書 | L9: 監査調書 | M9: 監査調書 | N9: 監査調書 | O9: 監査調書 | P9: 監査調書 | Q9: 監査調書 | R9: 監査調書 | S9: 監査調書 | T9: 監査調書 | U9: 監査調書 | V9: 監査調書 | W9: 監査調書 | X9: 監査調書 | Y9: 監査調書 | Z9: 監査調書 | AA9: 監査調書 | AB9: 監査調書 | AC9: 監査調書 | AD9: 監査調書 | AE9: 監査調書 | AF9: 監査調書 | AG9: 監査調書 | AH9: 監査調書 | AI9: 監査調書 | AJ9: 監査調書 | AK9: 監査調書 | AL9: 監査調書 | AM9: 監査調書 | AN9: 監査調書 | AO9: 監査調書 | AP9: 監査調書 | AQ9: 監査調書 | AR9: 監査調書 | AS9: 監査調書 | AT9: 監査調書 | AU9: 監査調書 | AV9: 監査調書 | AW9: 監査調書 | AX9: 監査調書 | AY9: 監査調書 | AZ9: 監査調書 | BA9: 監査調書 | BB9: 監査調書 | BC9: 監査調書 | BD9: 監査調書 | BE9: 監査調書 | BF9: 監査調書 | BG9: 監査調書 | BH9: 監査調書 | BI9: 監査調書 | BJ9: 監査調書 | BK9: 監査調書 | BL9: 監査調書 | BM9: 監査調書 | BN9: 監査調書 | BO9: 監査調書 | BP9: 監査調書 | BQ9: 監査調書 | BR9: 監査調書 | BS9: 監査調書 | BT9: 監査調書 | BU9: 監査調書 | BV9: 監査調書 | BW9: 監査調書 | BX9: 監査調書 | BY9: 監査調書 | BZ9: 監査調書 | CA9: 監査調書 | CB9: 監査調書 | CC9: 監査調書 | CD9: 監査調書 | CE9: 監査調書 | CF9: 監査調書 | CG9: 監査調書 | CH9: 監査調書 | CI9: 監査調書 | CJ9: 監査調書 | CK9: 監査調書 | CL9: 監査調書 | CM9: 監査調書 | CN9: 監査調書 | CO9: 監査調書 | CP9: 監査調書 | CQ9: 監査調書 | CR9: 監査調書 | CS9: 監査調書 | CT9: 監査調書 | CU9: 監査調書 | CV9: 監査調書 | CW9: 監査調書 | CX9: 監査調書 | CY9: 監査調書 | CZ9: 監査調書 | DA9: 監査調書 | DB9: 監査調書 | DC9: 監査調書 | DD9: 監査調書 | DE9: 監査調書 | DF9: 監査調書 | DG9: 監査調書 | DH9: 監査調書 | DI9: 監査調書 | DJ9: 監査調書 | DK9: 監査調書 | DL9: 監査調書 | DM9: 監査調書 | DN9: 監査調書 | DO9: 監査調書 | DP9: 監査調書 | DQ9: 監査調書 | DR9: 監査調書 | DS9: 監査調書 | DT9: 監査調書 | DU9: 監査調書 | DV9: 監査調書 | DW9: 監査調書 | DX9: 監査調書 | DY9: 監査調書 | DZ9: 監査調書 | EA9: 監査調書 | EB9: 監査調書 | EC9: 監査調書 | ED9: 監査調書 | EE9: 監査調書 | EF9: 監査調書 | EG9: 監査調書 | EH9: 監査調書 | EI9: 監査調書 | EJ9: 監査調書 | EK9: 監査調書 | EL9: 監査調書 | EM9: 監査調書 | EN9: 監査調書 | EO9: 監査調書 | EP9: 監査調書 | EQ9: 監査調書 | ER9: 監査調書 | ES9: 監査調書 | ET9: 監査調書 | EU9: 監査調書 | EV9: 監査調書 | EW9: 監査調書 | EX9: 監査調書 | EY9: 監査調書 | EZ9: 監査調書 | FA9: 監査調書 | FB9: 監査調書 | FC9: 監査調書 | FD9: 監査調書 | FE9: 監査調書 | FF9: 監査調書 | FG9: 監査調書 | FH9: 監査調書 | FI9: 監査調書 | FJ9: 監査調書 | FK9: 監査調書 | FL9: 監査調書 | FM9: 監査調書 | FN9: 監査調書 | FO9: 監査調書 | FP9: 監査調書 | FQ9: 監査調書 | FR9: 監査調書 | FS9: 監査調書 | FT9: 監査調書 | FU9: 監査調書 | FV9: 監査調書 | FW9: 監査調書 | FX9: 監査調書 | FY9: 監査調書 | FZ9: 監査調書 | GA9: 監査調書 | GB9: 監査調書 | GC9: 監査調書 | GD9: 監査調書 | GE9: 監査調書 | GF9: 監査調書 | GG9: 監査調書 | GH9: 監査調書 | GI9: 監査調書 | GJ9: 監査調書 | GK9: 監査調書 | GL9: 監査調書 | GM9: 監査調書 | GN9: 監査調書 | GO9: 監査調書 | GP9: 監査調書 | GQ9: 監査調書 | GR9: 監査調書 | GS9: 監査調書 | GT9: 監査調書 | GU9: 監査調書 | GV9: 監査調書 | GW9: 監査調書 | GX9: 監査調書 | GY9: 監査調書 | GZ9: 監査調書 | HA9: 監査調書 | HB9: 監査調書 | HC9: 監査調書 | HD9: 監査調書 | HE9: 監査調書 | HF9: 監査調書 | HG9: 監査調書 | HH9: 監査調書 | HI9: 監査調書 | HJ9: 監査調書 | HK9: 監査調書 | HL9: 監査調書 | HM9: 監査調書 | HN9: 監査調書 | HO9: 監査調書 | HP9: 監査調書 | HQ9: 監査調書 | HR9: 監査調書 | HS9: 監査調書 | HT9: 監査調書 | HU9: 監査調書 | HV9: 監査調書 | HW9: 監査調書 | HX9: 監査調書 | HY9: 監査調書 | HZ9: 監査調書 | IA9: 監査調書 | IB9: 監査調書 | IC9: 監査調書 | ID9: 監査調書 | IE9: 監査調書 | IF9: 監査調書 | IG9: 監査調書 | IH9: 監査調書 | II9: 監査調書 | IJ9: 監査調書 | IK9: 監査調書 | IL9: 監査調書 | IM9: 監査調書 | IN9: 監査調書 | IO9: 監査調書 | IP9: 監査調書 | IQ9: 監査調書 | IR9: 監査調書 | IS9: 監査調書 | IT9: 監査調書 | IU9: 監査調書 | IV9: 監査調書 | IW9: 監査調書 | IX9: 監査調書 | IY9: 監査調書 | IZ9: 監査調書 | JA9: 監査調書 | JB9: 監査調書 | JC9: 監査調書 | JD9: 監査調書 | JE9: 監査調書 | JF9: 監査調書 | JG9: 監査調書 | JH9: 監査調書 | JI9: 監査調書 | JJ9: 監査調書 | JK9: 監査調書 | JL9: 監査調書 | JM9: 監査調書 | JN9: 監査調書 | JO9: 監査調書 | JP9: 監査調書 | JQ9: 監査調書 | JR9: 監査調書 | JS9: 監査調書 | JT9: 監査調書 | JU9: 監査調書 | JV9: 監査調書 | JW9: 監査調書 | JX9: 監査調書 | JY9: 監査調書 | JZ9: 監査調書 | KA9: 監査調書 | KB9: 監査調書 | KC9: 監査調書 | KD9: 監査調書 | KE9: 監査調書 | KF9: 監査調書 | KG9: 監査調書 | KH9: 監査調書 | KI9: 監査調書 | KJ9: 監査調書 | KK9: 監査調書 | KL9: 監査調書 | KM9: 監査調書 | KN9: 監査調書 | KO9: 監査調書 | KP9: 監査調書 | KQ9: 監査調書 | KR9: 監査調書 | KS9: 監査調書 | KT9: 監査調書 | KU9: 監査調書 | KV9: 監査調書 | KW9: 監査調書 | KX9: 監査調書 | KY9: 監査調書 | KZ9: 監査調書 | LA9: 監査調書 | LB9: 監査調書 | LC9: 監査調書 | LD9: 監査調書 | LE9: 監査調書 | LF9: 監査調書 | LG9: 監査調書 | LH9: 監査調書 | LI9: 監査調書 | LJ9: 監査調書 | LK9: 監査調書 | LL9: 監査調書 | LM9: 監査調書 | LN9: 監査調書 | LO9: 監査調書 | LP9: 監査調書 | LQ9: 監査調書 | LR9: 監査調書 | LS9: 監査調書 | LT9: 監査調書 | LU9: 監査調書 | LV9: 監査調書 | LW9: 監査調書 | LX9: 監査調書 | LY9: 監査調書 | LZ9: 監査調書 | MA9: 監査調書 | MB9: 監査調書 | MC9: 監査調書 | MD9: 監査調書 | ME9: 監査調書 | MF9: 監査調書 | MG9: 監査調書 | MH9: 監査調書 | MI9: 監査調書 | MJ9: 監査調書 | MK9: 監査調書 | ML9: 監査調書 | MM9: 監査調書 | MN9: 監査調書 | MO9: 監査調書 | MP9: 監査調書 | MQ9: 監査調書 | MR9: 監査調書 | MS9: 監査調書 | MT9: 監査調書 | MU9: 監査調書 | MV9: 監査調書 | MW9: 監査調書 | MX9: 監査調書 | MY9: 監査調書 | MZ9: 監査調書 | NA9: 監査調書 | NB9: 監査調書 | NC9: 監査調書 | ND9: 監査調書 | NE9: 監査調書 | NF9: 監査調書 | NG9: 監査調書 | NH9: 監査調書 | NI9: 監査調書 | NJ9: 監査調書 | NK9: 監査調書 | NL9: 監査調書 | NM9: 監査調書 | NN9: 監査調書 | NO9: 監査調書 | NP9: 監査調書 | NQ9: 監査調書 | NR9: 監査調書 | NS9: 監査調書 | NT9: 監査調書 | NU9: 監査調書 | NV9: 監査調書 | NW9: 監査調書 | NX9: 監査調書 | NY9: 監査調書 | NZ9: 監査調書 | OA9: 監査調書 | OB9: 監査調書 | OC9: 監査調書 | OD9: 監査調書 | OE9: 監査調書 | OF9: 監査調書 | OG9: 監査調書 | OH9: 監査調書 | OI9: 監査調書 | OJ9: 監査調書 | OK9: 監査調書 | OL9: 監査調書 | OM9: 監査調書 | ON9: 監査調書 | OO9: 監査調書 | OP9: 監査調書 | OQ9: 監査調書 | OR9: 監査調書 | OS9: 監査調書 | OT9: 監査調書 | OU9: 監査調書 | OV9: 監査調書 | OW9: 監査調書 | OX9: 監査調書 | OY9: 監査調書 | OZ9: 監査調書 | PA9: 監査調書 | PB9: 監査調書 | PC9: 監査調書 | PD9: 監査調書 | PE9: 監査調書 | PF9: 監査調書 | PG9: 監査調書 | PH9: 監査調書 | PI9: 監査調書 | PJ9: 監査調書 | PK9: 監査調書 | PL9: 監査調書 | PM9: 監査調書 | PN9: 監査調書 | PO9: 監査調書 | PP9: 監査調書 | PQ9: 監査調書 | PR9: 監査調書 | PS9: 監査調書 | PT9: 監査調書 | PU9: 監査調書 | PV9: 監査調書 | PW9: 監査調書 | PX9: 監査調書 | PY9: 監査調書 | PZ9: 監査調書 | QA9: 監査調書 | QB9: 監査調書 | QC9: 監査調書 | QD9: 監査調書 | QE9: 監査調書 | QF9: 監査調書 | QG9: 監査調書 | QH9: 監査調書 | QI9: 監査調書 | QJ9: 監査調書 | QK9: 監査調書 | QL9: 監査調書 | QM9: 監査調書 | QN9: 監査調書 | QO9: 監査調書 | QP9: 監査調書 | QQ9: 監査調書 | QR9: 監査調書 | QS9: 監査調書 | QT9: 監査調書 | QU9: 監査調書 | QV9: 監査調書 | QW9: 監査調書 | QX9: 監査調書 | QY9: 監査調書 | QZ9: 監査調書 | RA9: 監査調書 | RB9: 監査調書 | RC9: 監査調書 | RD9: 監査調書 | RE9: 監査調書 | RF9: 監査調書 | RG9: 監査調書 | RH9: 監査調書 | RI9: 監査調書 | RJ9: 監査調書 | RK9: 監査調書 | RL9: 監査調書 | RM9: 監査調書 | RN9: 監査調書 | RO9: 監査調書 | RP9: 監査調書 | RQ9: 監査調書 | RR9: 監査調書 | RS9: 監査調書 | RT9: 監査調書 | RU9: 監査調書 | RV9: 監査調書 | RW9: 監査調書 | RX9: 監査調書 | RY9: 監査調書 | RZ9: 監査調書 | SA9: 監査調書 | SB9: 監査調書 | SC9: 監査調書 | SD9: 監査調書 | SE9: 監査調書 | SF9: 監査調書 | SG9: 監査調書 | SH9: 監査調書 | SI9: 監査調書 | SJ9: 監査調書 | SK9: 監査調書 | SL9: 監査調書 | SM9: 監査調書 | SN9: 監査調書 | SO9: 監査調書 | SP9: 監査調書 | SQ9: 監査調書 | SR9: 監査調書 | SS9: 監査調書 | ST9: 監査調書 | SU9: 監査調書 | SV9: 監査調書 | SW9: 監査調書 | SX9: 監査調書 | SY9: 監査調書 | SZ9: 監査調書 | TA9: 監査調書 | TB9: 監査調書 | TC9: 監査調書 | TD9: 監査調書 | TE9: 監査調書 | TF9: 監査調書 | TG9: 監査調書 | TH9: 監査調書 | TI9: 監査調書 | TJ9: 監査調書 | TK9: 監査調書 | TL9: 監査調書 | TM9: 監査調書 | TN9: 監査調書 | TO9: 監査調書 | TP9: 監査調書 | TQ9: 監査調書 | TR9: 監査調書 | TS9: 監査調書 | TT9: 監査調書 | TU9: 監査調書 | TV9: 監査調書 | TW9: 監査調書 | TX9: 監査調書 | TY9: 監査調書 | TZ9: 監査調書 | UA9: 監査調書 | UB9: 監査調書 | UC9: 監査調書 | UD9: 監査調書 | UE9: 監査調書 | UF9: 監査調書 | UG9: 監査調書 | UH9: 監査調書 | UI9: 監査調書 | UJ9: 監査調書 | UK9: 監査調書 | UL9: 監査調書 | UM9: 監査調書 | UN9: 監査調書 | UO9: 監査調書 | UP9: 監査調書 | UQ9: 監査調書 | UR9: 監査調書 | US9: 監査調書 | UT9: 監査調書 | UU9: 監査調書 | UV9: 監査調書 | UW9: 監査調書 | UX9: 監査調書 | UY9: 監査調書 | UZ9: 監査調書 | VA9: 監査調書 | VB9: 監査調書 | VC9: 監査調書 | VD9: 表１ | VE9: 表１ | VF9: 表１ | VG9: 表１ | VH9: 表１ | VI9: 表１ | VJ9: 表１ | VK9: 表１ | VL9: 表１ | VM9: 表１ | VN9: 表１ | VO9: 表１ | VP9: 表１ | VQ9: 表１ | VR9: 表１ | VS9: 表１ | VT9: 表１ | VU9: 表１ | VV9: 表１ | VW9: 表１ | VX9: 表１ | VY9: 表１ | VZ9: 表１ | WA9: 表１ | WB9: 表１ | WC9: 表１ | WD9: 表１ | WE9: 表１ | WF9: 表１ | WG9: 表１ | WH9: 表１ | WI9: 表１ | WJ9: 表１ | WK9: 表１ | WL9: 表１ | WM9: 表１ | WN9: 表１ | WO9: 表１ | WP9: 表１ | WQ9: 表１ | WR9: 表１ | WS9: 表１ | WT9: 表１ | WU9: 表１ | WV9: 表１ | WW9: 表１ | WX9: 表１ | WY9: 表１ | WZ9: 表１ | XA9: 表１ | XB9: 表１ | XC9: 表１ | XD9: 表１ | XE9: 表１ | XF9: 表１ | XG9: 表１ | XH9: 表１ | XI9: 表１ | XJ9: 表１ | XK9: 表１ | XL9: 表１ | XM9: 表１ | XN9: 表１ | XO9: 表１ | XP9: 表１ | XQ9: 表１ | XR9: 表１ | XS9: 表１ | XT9: 表１ | XU9: 表１ | XV9: 表１ | XW9: 表１ | XX9: 表１ | XY9: 表１ | XZ9: 表１ | YA9: 表１ | YB9: 表１ | YC9: 表１ | YD9: 表１ | YE9: 表１ | YF9: 表２ | YG9: 表２ | YH9: 表２ | YI9: 表２ | YJ9: 表２ | YK9: 表２ | YL9: 表２ | YM9: 表２ | YN9: 表２ | YO9: 表２ | YP9: 表２ | YQ9: 表２ | YR9: 表２ | YS9: 表２ | YT9: 表２ | YU9: 表２ | YV9: 表２ | YW9: 表２ | YX9: 表２ | YY9: 表２ | YZ9: 表２ | ZA9: 表２ | ZB9: 表２ | ZC9: 表２ | ZD9: 表２ | ZE9: 表２ | ZF9: 表２ | ZG9: 表２ | ZH9: 表２ | ZI9: 表２ | ZJ9: 表２ | ZK9: 表２ | ZL9: 表２ | ZM9: 表２ | ZN9: 表２ | ZO9: 表２ | ZP9: 表２ | ZQ9: 表２ | ZR9: 表２ | ZS9: 表２ | ZT9: 表２ | ZU9: 表２ | ZV9: 表２ | ZW9: 表２ | ZX9: 表２ | ZY9: 表２ | ZZ9: 表２ | AAA9: 表２ | AAB9: 表２ | AAC9: 表２ | AAD9: 表２ | AAE9: 表２ | AAF9: 表２ | AAG9: 表２ | AAH9: 表２ | AAI9: 表２ | AAJ9: 表２ | AAK9: 表２ | AAL9: 表２ | AAM9: 表２ | AAN9: 表２ | AAO9: 表２ | AAP9: 表２ | AAQ9: 表２ | AAR9: 表２ | AAS9: 表２ | AAT9: 表２ | AAU9: 表２ | AAV9: 表３ | AAW9: 表３ | AAX9: 表３ | AAY9: 表３ | AAZ9: 表３ | ABA9: 表４ | ABB9: 表４ | ABC9: 表４ | ABD9: 表４ | ABE9: 表４ | ABF9: 表４ | ABG9: 表４ | ABH9: 表４ | ABI9: 表４ | ABJ9: 表４ | ABK9: 表４ | ABL9: 表４ | ABM9: 表４ | ABN9: 表４ | ABO9: 表４ | ABP9: 表４ | ABQ9: 表４ | ABR9: 表４ | ABS9: 表４ | ABT9: 表４ | ABU9: 表４ | ABV9: 表４ | ABW9: 職員名簿 | ABX9: 職員名簿 | ABY9: 職員名簿 | ABZ9: 職員名簿 | ACA9: 職員名簿 | ACB9: 職員名簿 | ACC9: 職員名簿 | ACD9: 職員名簿 | ACE9: 職員名簿 | ACF9: 職員名簿 | ACG9: 職員名簿 | ACH9: 職員名簿 | ACI9: 職員名簿 | ACJ9: 職員名簿 | ACK9: 職員名簿 | ACL9: 職員名簿 | ACM9: 職員名簿 | ACN9: 職員名簿 | ACO9: 職員名簿 | ACP9: 職員名簿 | ACQ9: 職員名簿 | ACR9: 職員名簿 | ACS9: 職員名簿 | ACT9: 職員名簿 | ACU9: 職員名簿 | ACV9: 職員名簿 | ACW9: 職員名簿 | ACX9: 職員名簿 | ACY9: 職員名簿 | ACZ9: 職員名簿 | ADA9: 職員名簿 | ADB9: 職員名簿 | ADC9: 職員名簿 | ADD9: 職員名簿 | ADE9: 職員名簿 | ADF9: 職員名簿 | ADG9: 職員名簿 | ADH9: 職員名簿 | ADI9: 職員名簿 | ADJ9: 職員名簿 | ADK9: 職員名簿 | ADL9: 職員名簿 | ADM9: 職員名簿 | ADN9: 職員名簿 | ADO9: 職員名簿 | ADP9: 職員名簿 | ADQ9: 職員名簿 | ADR9: 職員名簿 | ADS9: 職員名簿 | ADT9: 職員名簿 | ADU9: 職員名簿 | ADV9: 職員名簿 | ADW9: 職員名簿 | ADX9: 職員名簿 | ADY9: 職員名簿 | ADZ9: 職員名簿 | AEA9: 職員名簿 | AEB9: 職員名簿 | AEC9: 職員名簿 | AED9: 職員名簿 | AEE9: 職員名簿 | AEF9: 職員名簿 | AEG9: 職員名簿 | AEH9: 職員名簿 | AEI9: 職員名簿 | AEJ9: 職員名簿 | AEK9: 職員名簿 | AEL9: 職員名簿 | AEM9: 職員名簿 | AEN9: 職員名簿 | AEO9: 職員名簿 | AEP9: 職員名簿 | AEQ9: 職員名簿 | AER9: 職員名簿 | AES9: 職員名簿 | AET9: 職員名簿 | AEU9: 職員名簿 | AEV9: 職員名簿 | AEW9: 職員名簿 | AEX9: 職員名簿 | AEY9: 職員名簿 | AEZ9: 職員名簿 | AFA9: 職員名簿 | AFB9: 職員名簿 | AFC9: 職員名簿 | AFD9: 職員名簿 | AFE9: 職員名簿 | AFF9: 職員名簿 | AFG9: 職員名簿 | AFH9: 職員名簿 | AFI9: 職員名簿 | AFJ9: 職員名簿 | AFK9: 職員名簿 | AFL9: 職員名簿 | AFM9: 職員名簿 | AFN9: 職員名簿 | AFO9: 職員名簿 | AFP9: 職員名簿 | AFQ9: 職員名簿 | AFR9: 職員名簿 | AFS9: 職員名簿 | AFT9: 職員名簿 | AFU9: 職員名簿 | AFV9: 職員名簿 | AFW9: 職員名簿 | AFX9: 職員名簿 | AFY9: 職員名簿 | AFZ9: 職員名簿 | AGA9: 職員名簿 | AGB9: 職員名簿 | AGC9: 職員名簿 | AGD9: 職員名簿 | AGE9: 職員名簿 | AGF9: 職員名簿 | AGG9: 職員名簿 | AGH9: 職員名簿 | AGI9: 職員名簿 | AGJ9: 職員名簿 | AGK9: 職員名簿 | AGL9: 職員名簿 | AGM9: 職員名簿 | AGN9: 職員名簿 | AGO9: 職員名簿 | AGP9: 職員名簿 | AGQ9: 職員名簿 | AGR9: 職員名簿 | AGS9: 職員名簿 | AGT9: 職員名簿 | AGU9: 職員名簿 | AGV9: 職員名簿 | AGW9: 職員名簿 | AGX9: 職員名簿 | AGY9: 職員名簿 | AGZ9: 職員名簿 | AHA9: 職員名簿 | AHB9: 職員名簿 | AHC9: 職員名簿 | AHD9: 職員名簿 | AHE9: 職員名簿 | AHF9: 職員名簿 | AHG9: 職員名簿 | AHH9: 職員名簿 | AHI9: 職員名簿 | AHJ9: 職員名簿 | AHK9: 職員名簿 | AHL9: 職員名簿 | AHM9: 職員名簿 | AHN9: 職員名簿 | AHO9: 職員名簿 | AHP9: 職員名簿 | AHQ9: 職員名簿 | AHR9: 職員名簿 | AHS9: 職員名簿 | AHT9: 職員名簿 | AHU9: 職員名簿 | AHV9: 職員名簿 | AHW9: 職員名簿 | AHX9: 職員名簿 | AHY9: 職員名簿 | AHZ9: 職員名簿 | AIA9: 職員名簿 | AIB9: 職員名簿 | AIC9: 職員名簿 | AID9: 職員名簿 | AIE9: 職員名簿 | AIF9: 職員名簿 | AIG9: 職員名簿 | AIH9: 職員名簿 | AII9: 職員名簿 | AIJ9: 職員名簿 | AIK9: 職員名簿 | AIL9: 職員名簿 | AIM9: 職員名簿 | AIN9: 職員名簿 | AIO9: 職員名簿 | AIP9: 職員名簿 | AIQ9: 職員名簿 | AIR9: 職員名簿 | AIS9: 職員名簿 | AIT9: 職員名簿 | AIU9: 職員名簿 | AIV9: 職員名簿 | AIW9: 職員名簿 | AIX9: 職員名簿 | AIY9: 職員名簿 | AIZ9: 職員名簿 | AJA9: 職員名簿 | AJB9: 職員名簿 | AJC9: 職員名簿 | AJD9: 職員名簿 | AJE9: 職員名簿 | AJF9: 職員名簿 | AJG9: 職員名簿 | AJH9: 職員名簿 | AJI9: 職員名簿 | AJJ9: 職員名簿 | AJK9: 職員名簿 | AJL9: 職員名簿 | AJM9: 職員名簿 | AJN9: 職員名簿 | AJO9: 職員名簿 | AJP9: 職員名簿 | AJQ9: 職員名簿 | AJR9: 職員名簿 | AJS9: 職員名簿 | AJT9: 職員名簿 | AJU9: 職員名簿 | AJV9: 職員名簿 | AJW9: 職員名簿 | AJX9: 職員名簿 | AJY9: 職員名簿 | AJZ9: 職員名簿 | AKA9: 職員名簿 | AKB9: 職員名簿 | AKC9: 職員名簿 | AKD9: 職員名簿 | AKE9: 職員名簿 | AKF9: 職員名簿 | AKG9: 職員名簿 | AKH9: 職員名簿 | AKI9: 職員名簿 | AKJ9: 職員名簿 | AKK9: 職員名簿 | AKL9: 職員名簿 | AKM9: 職員名簿 | AKN9: 職員名簿 | AKO9: 職員名簿 | AKP9: 職員名簿 | AKQ9: 職員名簿 | AKR9: 職員名簿 | AKS9: 職員名簿 | AKT9: 職員名簿 | AKU9: 職員名簿 | AKV9: 職員名簿 | AKW9: 職員名簿 | AKX9: 職員名簿 | AKY9: 職員名簿 | AKZ9: 職員名簿 | ALA9: 職員名簿 | ALB9: 職員名簿 | ALC9: 職員名簿 | ALD9: 職員名簿 | ALE9: 職員名簿 | ALF9: 職員名簿 | ALG9: 職員名簿 | ALH9: 職員名簿 | ALI9: 職員名簿 | ALJ9: 職員名簿 | ALK9: 職員名簿 | ALL9: 職員名簿 | ALM9: 職員名簿 | ALN9: 職員名簿 | ALO9: 職員名簿 | ALP9: 職員名簿 | ALQ9: 職員名簿 | ALR9: 職員名簿 | ALS9: 職員名簿 | ALT9: 職員名簿 | ALU9: 職員名簿 | ALV9: 職員名簿 | ALW9: 職員名簿 | ALX9: 職員名簿 | ALY9: 職員名簿 | ALZ9: 職員名簿 | AMA9: 職員名簿 | AMB9: 職員名簿 | AMC9: 職員名簿 | AMD9: 職員名簿 | AME9: 職員名簿 | AMF9: 職員名簿 | AMG9: 職員名簿 | AMH9: 職員名簿 | AMI9: 職員名簿 | AMJ9: 職員名簿 | AMK9: 職員名簿 | AML9: 職員名簿 | AMM9: 職員名簿 | AMN9: 職員名簿 | AMO9: 職員名簿 | AMP9: 職員名簿 | AMQ9: 職員名簿 | AMR9: 職員名簿 | AMS9: 職員名簿 | AMT9: 職員名簿 | AMU9: 職員名簿 | AMV9: 職員名簿 | AMW9: 職員名簿 | AMX9: 職員名簿 | AMY9: 職員名簿 | AMZ9: 職員名簿 | ANA9: 職員名簿 | ANB9: 職員名簿 | ANC9: 職員名簿 | AND9: 職員名簿 | ANE9: 職員名簿 | ANF9: 職員名簿 | ANG9: 職員名簿 | ANH9: 職員名簿 | ANI9: 職員名簿 | ANJ9: 職員名簿 | ANK9: 職員名簿 | ANL9: 職員名簿 | ANM9: 職員名簿 | ANN9: 職員名簿 | ANO9: 職員名簿 | ANP9: 職員名簿 | ANQ9: 職員名簿 | ANR9: 職員名簿 | ANS9: 職員名簿 | ANT9: 職員名簿 | ANU9: 職員名簿 | ANV9: 職員名簿 | ANW9: 職員名簿 | ANX9: 職員名簿 | ANY9: 職員名簿 | ANZ9: 職員名簿 | AOA9: 職員名簿 | AOB9: 職員名簿 | AOC9: 職員名簿 | AOD9: 職員名簿 | AOE9: 職員名簿 | AOF9: 職員名簿 | AOG9: 職員名簿 | AOH9: 職員名簿 | AOI9: 職員名簿 | AOJ9: 職員名簿 | AOK9: 職員名簿 | AOL9: 職員名簿 | AOM9: 職員名簿 | AON9: 職員名簿 | AOO9: 職員名簿 | AOP9: 職員名簿 | AOQ9: 職員名簿 | AOR9: 職員名簿 | AOS9: 職員名簿 | AOT9: 職員名簿 | AOU9: 職員名簿 | AOV9: 職員名簿 | AOW9: 職員名簿 | AOX9: 職員名簿 | AOY9: 職員名簿 | AOZ9: 職員名簿 | APA9: 職員名簿 | APB9: 職員名簿 | APC9: 職員名簿 | APD9: 職員名簿 | APE9: 職員名簿 | APF9: 職員名簿 | APG9: 職員名簿 | APH9: 職員名簿 | API9: 職員名簿 | APJ9: 職員名簿 | APK9: 職員名簿 | APL9: 職員名簿 | APM9: 職員名簿 | APN9: 職員名簿 | APO9: 職員名簿 | APP9: 職員名簿 | APQ9: 職員名簿 | APR9: 職員名簿 | APS9: 職員名簿 | APT9: 職員名簿 | APU9: 職員名簿 | APV9: 職員名簿 | APW9: 職員名簿 | APX9: 職員名簿 | APY9: 職員名簿 | APZ9: 職員名簿 | AQA9: 職員名簿 | AQB9: 職員名簿 | AQC9: 職員名簿 | AQD9: 職員名簿 | AQE9: 職員名簿 | AQF9: 職員名簿 | AQG9: 職員名簿 | AQH9: 職員名簿 | AQI9: 職員名簿 | AQJ9: 職員名簿 | AQK9: 職員名簿 | AQL9: 職員名簿 | AQM9: 職員名簿 | AQN9: 職員名簿 | AQO9: 職員名簿 | AQP9: 職員名簿 | AQQ9: 職員名簿 | AQR9: 職員名簿 | AQS9: 職員名簿 | AQT9: 職員名簿 | AQU9: 職員名簿 | AQV9: 職員名簿 | AQW9: 職員名簿 | AQX9: 職員名簿 | AQY9: 職員名簿 | AQZ9: 職員名簿 | ARA9: 職員名簿 | ARB9: 職員名簿 | ARC9: 職員名簿 | ARD9: 職員名簿 | ARE9: 職員名簿 | ARF9: 職員名簿 | ARG9: 職員名簿 | ARH9: 職員名簿 | ARI9: 職員名簿 | ARJ9: 職員名簿 | ARK9: 職員名簿 | ARL9: 職員名簿 | ARM9: 職員名簿 | ARN9: 職員名簿 | ARO9: 職員名簿 | ARP9: 職員名簿 | ARQ9: 職員名簿 | ARR9: 職員名簿 | ARS9: 職員名簿 | ART9: 職員名簿 | ARU9: 職員名簿 | ARV9: 職員名簿 | ARW9: 職員名簿 | ARX9: 職員名簿 | ARY9: 職員名簿 | ARZ9: 職員名簿 | ASA9: 職員名簿 | ASB9: 職員名簿 | ASC9: 職員名簿 | ASD9: 職員名簿 | ASE9: 職員名簿 | ASF9: 職員名簿 | ASG9: 職員名簿 | ASH9: 職員名簿 | ASI9: 職員名簿 | ASJ9: 職員名簿 | ASK9: 職員名簿 | ASL9: 職員名簿 | ASM9: 職員名簿 | ASN9: 職員名簿 | ASO9: 職員名簿 | ASP9: 職員名簿 | ASQ9: 職員名簿 | ASR9: 職員名簿 | ASS9: 職員名簿 | AST9: 職員名簿 | ASU9: 職員名簿 | ASV9: 職員名簿 | ASW9: 職員名簿 | ASX9: 職員名簿 | ASY9: 職員名簿 | ASZ9: 職員名簿 | ATA9: 職員名簿 | ATB9: 職員名簿 | ATC9: 職員名簿 | ATD9: 職員名簿 | ATE9: 職員名簿 | ATF9: 職員名簿 | ATG9: 職員名簿 | ATH9: 職員名簿 | ATI9: 職員名簿 | ATJ9: 職員名簿 | ATK9: 職員名簿 | ATL9: 職員名簿 | ATM9: 職員名簿 | ATN9: 職員名簿 | ATO9: 職員名簿 | ATP9: 職員名簿 | ATQ9: 職員名簿 | ATR9: 職員名簿 | ATS9: 職員名簿 | ATT9: 職員名簿 | ATU9: 職員名簿 | ATV9: 職員名簿 | ATW9: 職員名簿 | ATX9: 職員名簿 | ATY9: 職員名簿 | ATZ9: 職員名簿 | AUA9: 職員名簿 | AUB9: 職員名簿 | AUC9: 職員名簿 | AUD9: 職員名簿 | AUE9: 職員名簿 | AUF9: 職員名簿 | AUG9: 職員名簿 | AUH9: 職員名簿 | AUI9: 職員名簿 | AUJ9: 職員名簿 | AUK9: 職員名簿 | AUL9: 職員名簿 | AUM9: 職員名簿 | AUN9: 職員名簿 | AUO9: 職員名簿 | AUP9: 職員名簿 | AUQ9: 職員名簿 | AUR9: 職員名簿 | AUS9: 職員名簿 | AUT9: 職員名簿 | AUU9: 職員名簿 | AUV9: 職員名簿 | AUW9: 職員名簿 | AUX9: 職員名簿 | AUY9: 職員名簿 | AUZ9: 職員名簿 | AVA9: 職員名簿 | AVB9: 職員名簿 | AVC9: 職員名簿 | AVD9: 職員名簿 | AVE9: 職員名簿 | AVF9: 職員名簿 | AVG9: 職員名簿 | AVH9: 職員名簿 | AVI9: 職員名簿 | AVJ9: 職員名簿 | AVK9: 職員名簿 | AVL9: 職員名簿 | AVM9: 職員名簿 | AVN9: 職員名簿 | AVO9: 職員名簿 | AVP9: 職員名簿 | AVQ9: 職員名簿 | AVR9: 職員名簿 | AVS9: 職員名簿 | AVT9: 職員名簿 | AVU9: 職員名簿 | AVV9: 職員名簿 | AVW9: 職員名簿 | AVX9: 職員名簿 | AVY9: 職員名簿 | AVZ9: 職員名簿 | AWA9: 職員名簿 | AWB9: 職員名簿 | AWC9: 職員名簿 | AWD9: 職員名簿 | AWE9: 職員名簿 | AWF9: 職員名簿 | AWG9: 職員名簿 | AWH9: 職員名簿 | AWI9: 職員名簿 | AWJ9: 職員名簿 | AWK9: 職員名簿 | AWL9: 職員名簿 | AWM9: 職員名簿 | AWN9: 職員名簿 | AWO9: 職員名簿 | AWP9: 職員名簿 | AWQ9: 職員名簿 | AWR9: 職員名簿 | AWS9: 職員名簿 | AWT9: 職員名簿 | AWU9: 職員名簿 | AWV9: 職員名簿 | AWW9: 職員名簿 | AWX9: 職員名簿 | AWY9: 職員名簿 | AWZ9: 職員名簿 | AXA9: 職員名簿 | AXB9: 職員名簿 | AXC9: 職員名簿 | AXD9: 職員名簿 | AXE9: 職員名簿 | AXF9: 職員名簿 | AXG9: 職員名簿 | AXH9: 職員名簿 | AXI9: 職員名簿 | AXJ9: 職員名簿 | AXK9: 職員名簿 | AXL9: 職員名簿 | AXM9: 職員名簿 | AXN9: 職員名簿 | AXO9: 職員名簿 | AXP9: 職員名簿 | AXQ9: 職員名簿 | AXR9: 職員名簿 | AXS9: 職員名簿 | AXT9: 職員名簿 | AXU9: 職員名簿 | AXV9: 職員名簿 | AXW9: 職員名簿 | AXX9: 職員名簿 | AXY9: 職員名簿 | AXZ9: 職員名簿 | AYA9: 職員名簿 | AYB9: 職員名簿 | AYC9: 職員名簿 | AYD9: 職員名簿 | AYE9: 職員名簿 | AYF9: 職員名簿 | AYG9: 職員名簿 | AYH9: 職員名簿 | AYI9: 職員名簿 | AYJ9: 職員名簿 | AYK9: 職員名簿 | AYL9: 職員名簿 | AYM9: 職員名簿 | AYN9: 職員名簿 | AYO9: 職員名簿 | AYP9: 職員名簿 | AYQ9: 職員名簿 | AYR9: 職員名簿 | AYS9: 職員名簿 | AYT9: 職員名簿 | AYU9: 職員名簿 | AYV9: 職員名簿 | AYW9: 職員名簿 | AYX9: 職員名簿 | AYY9: 職員名簿 | AYZ9: 職員名簿 | AZA9: 職員名簿 | AZB9: 職員名簿 | AZC9: 職員名簿 | AZD9: 職員名簿 | AZE9: 職員名簿 | AZF9: 職員名簿 | AZG9: 職員名簿 | AZH9: 職員名簿 | AZI9: 職員名簿 | AZJ9: 職員名簿 | AZK9: 職員名簿 | AZL9: 職員名簿 | AZM9: 職員名簿 | AZN9: 職員名簿 | AZO9: 職員名簿 | AZP9: 職員名簿 | AZQ9: 職員名簿 | AZR9: 職員名簿 | AZS9: 職員名簿 | AZT9: 職員名簿 | AZU9: 職員名簿 | AZV9: 職員名簿 | AZW9: 職員名簿 | AZX9: 職員名簿 | AZY9: 職員名簿 | AZZ9: 職員名簿 | BAA9: 職員名簿 | BAB9: 職員名簿 | BAC9: 職員名簿 | BAD9: 職員名簿 | BAE9: 職員名簿 | BAF9: 職員名簿 | BAG9: 職員名簿 | BAH9: 職員名簿 | BAI9: 職員名簿 | BAJ9: 職員名簿 | BAK9: 職員名簿 | BAL9: 職員名簿 | BAM9: 職員名簿 | BAN9: 職員名簿 | BAO9: 職員名簿 | BAP9: 職員名簿 | BAQ9: 職員名簿 | BAR9: 職員名簿 | BAS9: 職員名簿 | BAT9: 職員名簿 | BAU9: 職員名簿 | BAV9: 職員名簿 | BAW9: 職員名簿 | BAX9: 職員名簿 | BAY9: 職員名簿 | BAZ9: 職員名簿 | BBA9: 職員名簿 | BBB9: 職員名簿 | BBC9: 職員名簿 | BBD9: 職員名簿 | BBE9: 職員名簿 | BBF9: 職員名簿 | BBG9: 職員名簿 | BBH9: 職員名簿 | BBI9: 職員名簿 | BBJ9: 職員名簿 | BBK9: 職員名簿 | BBL9: 職員名簿 | BBM9: 職員名簿 | BBN9: 職員名簿 | BBO9: 職員名簿 | BBP9: 職員名簿 | BBQ9: 職員名簿 | BBR9: 職員名簿 | BBS9: 職員名簿 | BBT9: 職員名簿 | BBU9: 職員名簿 | BBV9: 職員名簿 | BBW9: 職員名簿 | BBX9: 職員名簿 | BBY9: 職員名簿 | BBZ9: 職員名簿 | BCA9: 職員名簿 | BCB9: 職員名簿 | BCC9: 職員名簿 | BCD9: 職員名簿 | BCE9: 職員名簿 | BCF9: 職員名簿 | BCG9: 職員名簿 | BCH9: 職員名簿 | BCI9: 職員名簿 | BCJ9: 職員名簿 | BCK9: 職員名簿 | BCL9: 職員名簿 | BCM9: 職員名簿 | BCN9: 職員名簿 | BCO9: 職員名簿 | BCP9: 職員名簿 | BCQ9: 職員名簿 | BCR9: 職員名簿 | BCS9: 職員名簿 | BCT9: 職員名簿 | BCU9: 職員名簿 | BCV9: 職員名簿 | BCW9: 職員名簿 | BCX9: 職員名簿 | BCY9: 職員名簿 | BCZ9: 職員名簿 | BDA9: 職員名簿 | BDB9: 職員名簿 | BDC9: 職員名簿 | BDD9: 職員名簿 | BDE9: 職員名簿 | BDF9: 職員名簿 | BDG9: 職員名簿 | BDH9: 職員名簿 | BDI9: 職員名簿 | BDJ9: 職員名簿 | BDK9: 職員名簿 | BDL9: 職員名簿 | BDM9: 職員名簿 | BDN9: 職員名簿 | BDO9: 職員名簿 | BDP9: 職員名簿 | BDQ9: 職員名簿 | BDR9: 職員名簿 | BDS9: 職員名簿 | BDT9: 職員名簿 | BDU9: 職員名簿 | BDV9: 職員名簿 | BDW9: 職員名簿 | BDX9: 職員名簿 | BDY9: 職員名簿 | BDZ9: 職員名簿 | BEA9: 職員名簿 | BEB9: 職員名簿 | BEC9: 職員名簿 | BED9: 職員名簿 | BEE9: 職員名簿 | BEF9: 職員名簿 | BEG9: 職員名簿 | BEH9: 職員名簿 | BEI9: 職員名簿 | BEJ9: 職員名簿 | BEK9: 職員名簿 | BEL9: 職員名簿 | BEM9: 職員名簿 | BEN9: 職員名簿 | BEO9: 職員名簿 | BEP9: 職員名簿 | BEQ9: 職員名簿 | BER9: 職員名簿 | BES9: 職員名簿 | BET9: 職員名簿 | BEU9: 職員名簿 | BEV9: 職員名簿 | BEW9: 職員名簿 | BEX9: 職員名簿 | BEY9: 職員名簿 | BEZ9: 職員名簿 | BFA9: 職員名簿 | BFB9: 職員名簿 | BFC9: 職員名簿 | BFD9: 職員名簿 | BFE9: 職員名簿 | BFF9: 職員名簿 | BFG9: 職員名簿 | BFH9: 職員名簿 | BFI9: 職員名簿 | BFJ9: 職員名簿 | BFK9: 職員名簿 | BFL9: 職員名簿 | BFM9: 職員名簿 | BFN9: 職員名簿 | BFO9: 職員名簿 | BFP9: 職員名簿 | BFQ9: 職員名簿 | BFR9: 職員名簿 | BFS9: 職員名簿 | BFT9: 職員名簿 | BFU9: 職員名簿 | BFV9: 職員名簿 | BFW9: 職員名簿 | BFX9: 職員名簿 | BFY9: 職員名簿 | BFZ9: 職員名簿 | BGA9: 職員名簿 | BGB9: 職員名簿 | BGC9: 職員名簿 | BGD9: 職員名簿 | BGE9: 職員名簿 | BGF9: 職員名簿 | BGG9: 職員名簿 | BGH9: 職員名簿 | BGI9: 職員名簿 | BGJ9: 職員名簿 | BGK9: 職員名簿 | BGL9: 職員名簿 | BGM9: 職員名簿 | BGN9: 職員名簿 | BGO9: 職員名簿 | BGP9: 職員名簿 | BGQ9: 職員名簿 | BGR9: 職員名簿 | BGS9: 職員名簿 | BGT9: 職員名簿 | BGU9: 職員名簿 | BGV9: 職員名簿 | BGW9: 職員名簿 | BGX9: 職員名簿 | BGY9: 職員名簿 | BGZ9: 職員名簿 | BHA9: 職員名簿 | BHB9: 職員名簿 | BHC9: 職員名簿 | BHD9: 職員名簿 | BHE9: 職員名簿 | BHF9: 職員名簿 | BHG9: 職員名簿 | BHH9: 職員名簿 | BHI9: 職員名簿 | BHJ9: 職員名簿 | BHK9: 職員名簿 | BHL9: 職員名簿 | BHM9: 職員名簿 | BHN9: 職員名簿 | BHO9: 職員名簿 | BHP9: 職員名簿 | BHQ9: 職員名簿 | BHR9: 職員名簿 | BHS9: 職員名簿 | BHT9: 職員名簿 | BHU9: 職員名簿 | BHV9: 職員名簿 | BHW9: 職員名簿 | BHX9: 職員名簿 | BHY9: 職員名簿 | BHZ9: 職員名簿 | BIA9: 職員名簿 | BIB9: 職員名簿 | BIC9: 職員名簿 | BID9: 職員名簿 | BIE9: 職員名簿 | BIF9: 職員名簿 | BIG9: 職員名簿 | BIH9: 職員名簿 | BII9: 職員名簿 | BIJ9: 職員名簿 | BIK9: 職員名簿 | BIL9: 職員名簿 | BIM9: 職員名簿 | BIN9: 職員名簿 | BIO9: 職員名簿 | BIP9: 職員名簿 | BIQ9: 職員名簿 | BIR9: 職員名簿 | BIS9: 職員名簿 | BIT9: 職員名簿 | BIU9: 職員名簿 | BIV9: 職員名簿 | BIW9: 職員名簿 | BIX9: 職員名簿 | BIY9: 職員名簿 | BIZ9: 職員名簿 | BJA9: 職員名簿 | BJB9: 職員名簿 | BJC9: 職員名簿 | BJD9: 職員名簿 | BJE9: 職員名簿 | BJF9: 職員名簿 | BJG9: 職員名簿 | BJH9: 職員名簿 | BJI9: 職員名簿 | BJJ9: 職員名簿 | BJK9: 職員名簿 | BJL9: 職員名簿 | BJM9: 職員名簿 | BJN9: 職員名簿 | BJO9: 職員名簿 | BJP9: 職員名簿 | BJQ9: 職員名簿 | BJR9: 職員名簿 | BJS9: 職員名簿 | BJT9: 職員名簿 | BJU9: 職員名簿 | BJV9: 職員名簿 | BJW9: 職員名簿 | BJX9: 職員名簿 | BJY9: 職員名簿 | BJZ9: 職員名簿 | BKA9: 職員名簿 | BKB9: 職員名簿 | BKC9: 職員名簿 | BKD9: 職員名簿 | BKE9: 職員名簿 | BKF9: 職員名簿 | BKG9: 職員名簿 | BKH9: 職員名簿 | BKI9: 職員名簿 | BKJ9: 職員名簿 | BKK9: 職員名簿 | BKL9: 職員名簿 | BKM9: 職員名簿 | BKN9: 職員名簿 | BKO9: 職員名簿 | BKP9: 職員名簿 | BKQ9: 職員名簿 | BKR9: 職員名簿 | BKS9: 職員名簿 | BKT9: 職員名簿 | BKU9: 職員名簿 | BKV9: 職員名簿 | BKW9: 職員名簿 | BKX9: 職員名簿 | BKY9: 職員名簿 | BKZ9: 職員名簿 | BLA9: 職員名簿 | BLB9: 職員名簿 | BLC9: 職員名簿 | BLD9: 職員名簿 | BLE9: 職員名簿 | BLF9: 職員名簿 | BLG9: 職員名簿 | BLH9: 職員名簿 | BLI9: 職員名簿 | BLJ9: 職員名簿 | BLK9: 職員名簿 | BLL9: 職員名簿 | BLM9: 職員名簿 | BLN9: 職員名簿 | BLO9: 職員名簿 | BLP9: 職員名簿 | BLQ9: 職員名簿 | BLR9: 職員名簿 | BLS9: 職員名簿 | BLT9: 職員名簿 | BLU9: 職員名簿 | BLV9: 職員名簿 | BLW9: 職員名簿 | BLX9: 職員名簿 | BLY9: 職員名簿 | BLZ9: 職員名簿 | BMA9: 職員名簿 | BMB9: 職員名簿 | BMC9: 職員名簿 | BMD9: 職員名簿 | BME9: 職員名簿 | BMF9: 職員名簿 | BMG9: 職員名簿 | BMH9: 職員名簿 | BMI9: 職員名簿 | BMJ9: 職員名簿 | BMK9: 職員名簿 | BML9: 職員名簿 | BMM9: 職員名簿 | BMN9: 職員名簿 | BMO9: 職員名簿 | BMP9: 職員名簿 | BMQ9: 職員名簿 | BMR9: 職員名簿 | BMS9: 職員名簿 | BMT9: 職員名簿 | BMU9: 職員名簿 | BMV9: 職員名簿 | BMW9: 職員名簿 | BMX9: 職員名簿 | BMY9: 職員名簿 | BMZ9: 職員名簿 | BNA9: 職員名簿 | BNB9: 職員名簿 | BNC9: 職員名簿 | BND9: 職員名簿 | BNE9: 職員名簿 | BNF9: 職員名簿 | BNG9: 職員名簿 | BNH9: 職員名簿 | BNI9: 職員名簿 | BNJ9: 職員名簿 | BNK9: 職員名簿 | BNL9: 職員名簿 | BNM9: 職員名簿 | BNN9: 職員名簿 | BNO9: 職員名簿 | BNP9: 職員名簿 | BNQ9: 職員名簿 | BNR9: 職員名簿 | BNS9: 職員名簿 | BNT9: 職員名簿 | BNU9: 職員名簿 | BNV9: 職員名簿 | BNW9: 職員名簿 | BNX9: 職員名簿 | BNY9: 職員名簿 | BNZ9: 職員名簿 | BOA9: 職員名簿 | BOB9: 職員名簿 | BOC9: 職員名簿 | BOD9: 職員名簿 | BOE9: 職員名簿 | BOF9: 職員名簿 | BOG9: 職員名簿 | BOH9: 職員名簿 | BOI9: 職員名簿 | BOJ9: 職員名簿 | BOK9: 職員名簿 | BOL9: 職員名簿 | BOM9: 職員名簿 | BON9: 職員名簿 | BOO9: 職員名簿 | BOP9: 職員名簿 | BOQ9: 職員名簿 | BOR9: 職員名簿 | BOS9: 職員名簿 | BOT9: 職員名簿 | BOU9: 職員名簿 | BOV9: 職員名簿 | BOW9: 職員名簿 | BOX9: 職員名簿 | BOY9: 職員名簿 | BOZ9: 職員名簿 | BPA9: 職員名簿 | BPB9: 職員名簿 | BPC9: 職員名簿 | BPD9: 職員名簿 | BPE9: 職員名簿 | BPF9: 職員名簿 | BPG9: 職員名簿 | BPH9: 職員名簿 | BPI9: 職員名簿 | BPJ9: 職員名簿 | BPK9: 職員名簿 | BPL9: 職員名簿 | BPM9: 職員名簿 | BPN9: 職員名簿 | BPO9: 職員名簿 | BPP9: 職員名簿 | BPQ9: 職員名簿 | BPR9: 職員名簿 | BPS9: 職員名簿 | BPT9: 職員名簿 | BPU9: 職員名簿 | BPV9: 職員名簿 | BPW9: 職員名簿 | BPX9: 職員名簿 | BPY9: 職員名簿 | BPZ9: 職員名簿 | BQA9: 職員名簿 | BQB9: 職員名簿 | BQC9: 職員名簿 | BQD9: 職員名簿 | BQE9: 職員名簿 | BQF9: 職員名簿 | BQG9: 職員名簿 | BQH9: 職員名簿 | BQI9: 職員名簿 | BQJ9: 職員名簿 | BQK9: 職員名簿 | BQL9: 職員名簿 | BQM9: 職員名簿 | BQN9: 職員名簿 | BQO9: 職員名簿 | BQP9: 職員名簿 | BQQ9: 職員名簿 | BQR9: 職員名簿 | BQS9: 職員名簿 | BQT9: 職員名簿 | BQU9: 職員名簿 | BQV9: 職員名簿 | BQW9: 職員名簿 | BQX9: 職員名簿 | BQY9: 職員名簿 | BQZ9: 職員名簿 | BRA9: 職員名簿 | BRB9: 職員名簿 | BRC9: 職員名簿 | BRD9: 職員名簿 | BRE9: 職員名簿 | BRF9: 職員名簿 | BRG9: 職員名簿 | BRH9: 職員名簿 | BRI9: 職員名簿 | BRJ9: 職員名簿 | BRK9: 職員名簿 | BRL9: 職員名簿 | BRM9: 職員名簿 | BRN9: 職員名簿 | BRO9: 職員名簿 | BRP9: 職員名簿 | BRQ9: 職員名簿 | BRR9: 職員名簿 | BRS9: 職員名簿 | BRT9: 職員名簿 | BRU9: 職員名簿 | BRV9: 職員名簿 | BRW9: 職員名簿 | BRX9: 職員名簿 | BRY9: 職員名簿 | BRZ9: 職員名簿 | BSA9: 職員名簿 | BSB9: 職員名簿 | BSC9: 職員名簿 | BSD9: 職員名簿
A10: セル番地 | B10: =SUBSTITUTE(SUBSTITUTE(_xlfn.FORMULATEXT(B11),B9&"!",""),"=","") -> C5 | C10: =SUBSTITUTE(SUBSTITUTE(_xlfn.FORMULATEXT(C11),C9&"!",""),"=","") -> C6 | D10: =SUBSTITUTE(SUBSTITUTE(_xlfn.FORMULATEXT(D11),D9&"!",""),"=","") -> C7 | E10: =SUBSTITUTE(SUBSTITUTE(_xlfn.FORMULATEXT(E11),E9&"!",""),"=","") -> C4 | F10: =SUBSTITUTE(SUBSTITUTE(_xlfn.FORMULATEXT(F11),F9&"!",""),"=","") -> C11 | G10: =SUBSTITUTE(SUBSTITUTE(_xlfn.FORMULATEXT(G11),G9&"!",""),"=","") -> AJ12 | H10: =SUBSTITUTE(SUBSTITUTE(_xlfn.FORMULATEXT(H11),H9&"!",""),"=","") -> AJ13 | I10: =SUBSTITUTE(SUBSTITUTE(_xlfn.FORMULATEXT(I11),I9&"!",""),"=","") -> AJ14 | ... BSD10: =SUBSTITUTE(SUBSTITUTE(_xlfn.FORMULATEXT(BSD11),BSD9&"!",""),"=","") -> M107
A11: データ | B11: =表紙!C6 -> 0 | C11: =表紙!C7 -> 0 | D11: =表紙!C8 -> 0 | E11: =表紙!C5 -> 0 | F11: =表紙!C12 -> 0 | G11: =監査調書!AJ12 -> 0 | H11: =監査調書!AJ13 -> 0 | I11: =監査調書!AJ14 -> 0 | J11: =監査調書!AJ15 -> 0 | K11: =監査調書!AJ16 -> 0 | L11: =監査調書!AJ17 -> 0 | M11: =監査調書!AJ18 -> 0 | N11: =監査調書!AJ19 -> 0 | O11: =監査調書!AJ20 -> 0 | P11: =監査調書!AJ21 -> 0 | Q11: =監査調書!AJ22 -> 0 | R11: =監査調書!AJ25 -> 0 | S11: =監査調書!AJ27 -> 0 | T11: =監査調書!AJ31 -> 0 | U11: =監査調書!J32 -> 0 | V11: =監査調書!V32 -> 0 | W11: =#REF! -> #REF! | X11: =監査調書!AJ37 -> 0 | Y11: =#REF! -> #REF! | Z11: =#REF! -> #REF! | AA11: =#REF! -> #REF! | AB11: =#REF! -> #REF! | AC11: =#REF! -> #REF! | AD11: =#REF! -> #REF! | AE11: =#REF! -> #REF! | AF11: =#REF! -> #REF! | ... AY11: =#REF! -> #REF! | AZ11: =監査調書!H43 -> 0 | BA11: =監査調書!M43 -> 0 | BB11: =監査調書!R43 -> 0 | BC11: =監査調書!H45 -> 0 | BD11: =監査調書!M45 -> 0 | BE11: =監査調書!R45 -> 0 | BF11: =監査調書!B48 -> 0 | BG11: =#REF! -> #REF! | BH11: =#REF! -> #REF! | BI11: =監査調書!AJ61 -> 0 | BJ11: =監査調書!AJ62 -> 0 | BK11: =#REF! -> #REF! | BL11: =#REF! -> #REF! | BM11: =#REF! -> #REF! | BN11: =#REF! -> #REF! | BO11: =#REF! -> #REF! | BP11: =#REF! -> #REF! | BQ11: =#REF! -> #REF! | BR11: =#REF! -> #REF! | BS11: =#REF! -> #REF! | BT11: =監査調書!AJ65 -> 0 | BU11: =#REF! -> #REF! | BV11: =#REF! -> #REF! | BW11: =#REF! -> #REF! | BX11: =#REF! -> #REF! | BY11: =#REF! -> #REF! | BZ11: =#REF! -> #REF! | CA11: =#REF! -> #REF! | CB11: =#REF! -> #REF! | ... CF11: =#REF! -> #REF! | CG11: =監査調書!AJ68 -> 0 | CH11: =監査調書!AJ69 -> 0 | CI11: =監査調書!R70 -> 0 | CJ11: =監査調書!R71 -> 0 | CK11: =監査調書!AJ72 -> 0 | CL11: =監査調書!AJ77 -> 0 | CM11: =#REF! -> #REF! | CN11: =監査調書!AJ79 -> 0 | CO11: =監査調書!R81 -> 0 | CP11: =監査調書!R82 -> 0 | CQ11: =監査調書!R83 -> 0 | CR11: =監査調書!R84 -> 0 | CS11: =監査調書!R85 -> 0 | CT11: =#REF! -> #REF! | CU11: =監査調書!AJ95 -> 0 | CV11: =監査調書!B99 -> 0 | CW11: =監査調書!AJ103 -> 0 | CX11: =監査調書!AJ104 -> 0 | CY11: =監査調書!AJ105 -> 0 | CZ11: =監査調書!AJ112 -> 0 | DA11: =監査調書!G116 -> 0 | DB11: =監査調書!K116 -> 0 | DC11: =監査調書!O116 -> □ | DD11: =監査調書!U116 -> □ | DE11: =監査調書!AA116 -> □ | DF11: =監査調書!G117 -> □ | DG11: =監査調書!AC117 -> □ | DH11: =監査調書!G118 -> □ | DI11: =監査調書!K118 -> □ | DJ11: =監査調書!P118 -> □ | DK11: =監査調書!U118 -> □ | DL11: =監査調書!Z118 -> □ | DM11: =監査調書!AE118 -> 0 | DN11: =監査調書!G119 -> □ | DO11: =監査調書!M119 -> □ | DP11: =監査調書!R119 -> □ | DQ11: =監査調書!V119 -> 0 | DR11: =監査調書!AA119 -> □ | DS11: =#REF! -> #REF! | DT11: =#REF! -> #REF! | DU11: =#REF! -> #REF! | DV11: =#REF! -> #REF! | DW11: =#REF! -> #REF! | DX11: =#REF! -> #REF! | DY11: =#REF! -> #REF! | DZ11: =#REF! -> #REF! | ... EB11: =#REF! -> #REF! | EC11: =監査調書!AJ252 -> 0 | ED11: =監査調書!AJ142 -> 0 | EE11: =監査調書!AJ143 -> 0 | EF11: =監査調書!AJ145 -> 0 | EG11: =監査調書!AJ147 -> 0 | EH11: =#REF! -> #REF! | EI11: =監査調書!AJ148 -> 0 | EJ11: =#REF! -> #REF! | EK11: =監査調書!AJ150 -> 0 | EL11: =#REF! -> #REF! | EM11: =監査調書!M151 -> 0 | EN11: =監査調書!G154 -> 0 | EO11: =監査調書!AA154 -> 0 | EP11: =監査調書!AJ155 -> 0 | EQ11: =監査調書!AJ156 -> 0 | ER11: =監査調書!K157 -> 0 | ES11: =監査調書!P157 -> 0 | ET11: =監査調書!U157 -> 0 | EU11: =監査調書!AJ159 -> 0 | EV11: =監査調書!K160 -> 0 | EW11: =監査調書!P160 -> 0 | EX11: =監査調書!U160 -> 0 | EY11: =監査調書!AJ161 -> 0 | EZ11: =監査調書!AJ162 -> 0 | FA11: =監査調書!K163 -> 0 | FB11: =監査調書!K164 -> 0 | FC11: =監査調書!P164 -> 0 | FD11: =監査調書!U164 -> 0 | FE11: =監査調書!AJ165 -> 0 | FF11: =監査調書!K166 -> 0 | FG11: =監査調書!P166 -> 0 | FH11: =監査調書!U166 -> 0 | FI11: =監査調書!AJ168 -> 0 | FJ11: =監査調書!AJ169 -> 0 | FK11: =監査調書!AJ170 -> 0 | FL11: =監査調書!AJ172 -> 0 | FM11: =#REF! -> #REF! | FN11: =監査調書!AJ174 -> 0 | FO11: =監査調書!AJ176 -> 0 | FP11: =監査調書!AJ202 -> 0 | FQ11: =監査調書!AJ204 -> 0 | FR11: =#REF! -> #REF! | FS11: =#REF! -> #REF! | FT11: =#REF! -> #REF! | FU11: =#REF! -> #REF! | FV11: =#REF! -> #REF! | FW11: =#REF! -> #REF! | FX11: =#REF! -> #REF! | FY11: =#REF! -> #REF! | ... GK11: =#REF! -> #REF! | GL11: =監査調書!AJ218 -> 0 | GM11: =監査調書!AJ219 -> 0 | GN11: =#REF! -> #REF! | GO11: =#REF! -> #REF! | GP11: =#REF! -> #REF! | GQ11: =#REF! -> #REF! | GR11: =#REF! -> #REF! | GS11: =#REF! -> #REF! | GT11: =#REF! -> #REF! | GU11: =#REF! -> #REF! | ... HH11: =#REF! -> #REF! | HI11: =監査調書!AJ227 -> 0 | HJ11: =監査調書!AJ230 -> 0 | HK11: =監査調書!AJ233 -> 0 | HL11: =監査調書!AJ234 -> 0 | HM11: =#REF! -> #REF! | HN11: =監査調書!AJ239 -> 0 | HO11: =監査調書!AJ240 -> 0 | HP11: =#REF! -> #REF! | HQ11: =監査調書!AJ243 -> 0 | HR11: =監査調書!B248 -> 0 | HS11: =#REF! -> #REF! | HT11: =#REF! -> #REF! | HU11: =監査調書!I259 -> 0 | HV11: =監査調書!Q259 -> 0 | HW11: =監査調書!AB259 -> 0 | HX11: =#REF! -> #REF! | HY11: =#REF! -> #REF! | HZ11: =監査調書!AJ262 -> 0 | IA11: =監査調書!AJ263 -> 0 | IB11: =監査調書!AJ264 -> 0 | IC11: =監査調書!AJ266 -> 0 | ID11: =監査調書!AJ285 -> 0 | IE11: =#REF! -> #REF! | IF11: =監査調書!AJ270 -> 0 | IG11: =監査調書!G273 -> 0 | IH11: =監査調書!G276 -> 0 | II11: =監査調書!G279 -> 0 | IJ11: =監査調書!AJ288 -> 0 | IK11: =監査調書!AJ289 -> 0 | IL11: =監査調書!AJ292 -> 0 | IM11: =監査調書!AJ296 -> 0 | IN11: =監査調書!AJ301 -> 0 | IO11: =監査調書!AJ302 -> 0 | IP11: =監査調書!AJ303 -> 0 | IQ11: =監査調書!AJ304 -> 0 | IR11: =監査調書!AJ330 -> 0 | IS11: =監査調書!N308 -> 0 | IT11: =監査調書!P308 -> 0 | IU11: =監査調書!R308 -> 0 | IV11: =監査調書!T308 -> 0 | IW11: =監査調書!V308 -> 0 | IX11: =監査調書!X308 -> 0 | IY11: =監査調書!Z308 -> 0 | IZ11: =監査調書!AB308 -> 0 | JA11: =監査調書!AD308 -> 0 | JB11: =監査調書!AF308 -> 0 | JC11: =監査調書!AH308 -> 0 | JD11: =監査調書!AJ308 -> 0 | JE11: =監査調書!N309 -> 0 | JF11: =監査調書!P309 -> 0 | JG11: =監査調書!R309 -> 0 | JH11: =監査調書!T309 -> 0 | JI11: =監査調書!V309 -> 0 | JJ11: =監査調書!X309 -> 0 | JK11: =監査調書!Z309 -> 0 | JL11: =監査調書!AB309 -> 0 | JM11: =監査調書!AD309 -> 0 | JN11: =監査調書!AF309 -> 0 | JO11: =監査調書!AH309 -> 0 | JP11: =監査調書!AJ309 -> 0 | JQ11: =監査調書!N310 -> 0 | JR11: =監査調書!P310 -> 0 | JS11: =監査調書!R310 -> 0 | JT11: =監査調書!T310 -> 0 | JU11: =監査調書!V310 -> 0 | JV11: =監査調書!X310 -> 0 | JW11: =監査調書!Z310 -> 0 | JX11: =監査調書!AB310 -> 0 | JY11: =監査調書!AD310 -> 0 | JZ11: =監査調書!AF310 -> 0 | KA11: =監査調書!AH310 -> 0 | KB11: =監査調書!AJ310 -> 0 | KC11: =監査調書!N311 -> 0 | KD11: =監査調書!P311 -> 0 | KE11: =監査調書!R311 -> 0 | KF11: =監査調書!T311 -> 0 | KG11: =監査調書!V311 -> 0 | KH11: =監査調書!X311 -> 0 | KI11: =監査調書!Z311 -> 0 | KJ11: =監査調書!AB311 -> 0 | KK11: =監査調書!AD311 -> 0 | KL11: =監査調書!AF311 -> 0 | KM11: =監査調書!AH311 -> 0 | KN11: =監査調書!AJ311 -> 0 | KO11: =監査調書!N312 -> 0 | KP11: =監査調書!P312 -> 0 | KQ11: =監査調書!R312 -> 0 | KR11: =監査調書!T312 -> 0 | KS11: =監査調書!V312 -> 0 | KT11: =監査調書!X312 -> 0 | KU11: =監査調書!Z312 -> 0 | KV11: =監査調書!AB312 -> 0 | KW11: =監査調書!AD312 -> 0 | KX11: =監査調書!AF312 -> 0 | KY11: =監査調書!AH312 -> 0 | KZ11: =監査調書!AJ312 -> 0 | LA11: =監査調書!N313 -> 0 | LB11: =監査調書!P313 -> 0 | LC11: =監査調書!R313 -> 0 | LD11: =監査調書!T313 -> 0 | LE11: =監査調書!V313 -> 0 | LF11: =監査調書!X313 -> 0 | LG11: =監査調書!Z313 -> 0 | LH11: =監査調書!AB313 -> 0 | LI11: =監査調書!AD313 -> 0 | LJ11: =監査調書!AF313 -> 0 | LK11: =監査調書!AH313 -> 0 | LL11: =監査調書!AJ313 -> 0 | LM11: =監査調書!N314 -> 0 | LN11: =監査調書!P314 -> 0 | LO11: =監査調書!R314 -> 0 | LP11: =監査調書!T314 -> 0 | LQ11: =監査調書!V314 -> 0 | LR11: =監査調書!X314 -> 0 | LS11: =監査調書!Z314 -> 0 | LT11: =監査調書!AB314 -> 0 | LU11: =監査調書!AD314 -> 0 | LV11: =監査調書!AF314 -> 0 | LW11: =監査調書!AH314 -> 0 | LX11: =監査調書!AJ314 -> 0 | LY11: =監査調書!N315 -> 0 | LZ11: =監査調書!P315 -> 0 | MA11: =監査調書!R315 -> 0 | MB11: =監査調書!T315 -> 0 | MC11: =監査調書!V315 -> 0 | MD11: =監査調書!X315 -> 0 | ME11: =監査調書!Z315 -> 0 | MF11: =監査調書!AB315 -> 0 | MG11: =監査調書!AD315 -> 0 | MH11: =監査調書!AF315 -> 0 | MI11: =監査調書!AH315 -> 0 | MJ11: =監査調書!AJ315 -> 0 | MK11: =監査調書!AJ333 -> 0 | ML11: =監査調書!AJ335 -> 0 | MM11: =監査調書!AJ336 -> 0 | MN11: =監査調書!AJ337 -> 0 | MO11: =#REF! -> #REF! | MP11: =#REF! -> #REF! | MQ11: =#REF! -> #REF! | MR11: =監査調書!AJ341 -> 0 | MS11: =監査調書!AJ342 -> 0 | MT11: =監査調書!AJ363 -> 0 | MU11: =監査調書!AJ364 -> 0 | MV11: =監査調書!AJ366 -> 0 | MW11: =監査調書!AJ367 -> 0 | MX11: =#REF! -> #REF! | MY11: =#REF! -> #REF! | MZ11: =#REF! -> #REF! | NA11: =#REF! -> #REF! | NB11: =監査調書!AJ370 -> 0 | NC11: =#REF! -> #REF! | ND11: =監査調書!AJ372 -> 0 | NE11: =#REF! -> #REF! | NF11: =#REF! -> #REF! | NG11: =#REF! -> #REF! | NH11: =#REF! -> #REF! | NI11: =#REF! -> #REF! | NJ11: =#REF! -> #REF! | NK11: =#REF! -> #REF! | NL11: =#REF! -> #REF! | ... AAU11: =#REF! -> #REF! | AAV11: =表３!K24 -> 201 | AAW11: =表３!K28 -> 201 | AAX11: =表３!E32 -> 160 | AAY11: =表３!J32 -> 1 | AAZ11: =表３!J38 -> 1 | ABA11: =#REF! -> #REF! | ABB11: =#REF! -> #REF! | ABC11: =#REF! -> #REF! | ABD11: =#REF! -> #REF! | ABE11: =#REF! -> #REF! | ABF11: =#REF! -> #REF! | ABG11: =#REF! -> #REF! | ABH11: =#REF! -> #REF! | ABI11: ='表４（一般型の場合のみ）'!H12 -> 0 | ABJ11: ='表４（一般型の場合のみ）'!K12 -> 0 | ABK11: ='表４（一般型の場合のみ）'!H13 -> 0 | ABL11: ='表４（一般型の場合のみ）'!K13 -> 0 | ABM11: ='表４（一般型の場合のみ）'!K14 -> 0 | ABN11: ='表４（一般型の場合のみ）'!P12 -> 0 | ABO11: ='表４（一般型の場合のみ）'!P13 -> 0 | ABP11: ='表４（一般型の場合のみ）'!P14 -> 0 | ABQ11: ='表４（一般型の場合のみ）'!H15 -> 0 | ABR11: ='表４（一般型の場合のみ）'!K15 -> 0 | ABS11: ='表４（一般型の場合のみ）'!H16 -> 0 | ABT11: ='表４（一般型の場合のみ）'!K16 -> 0 | ABU11: ='表４（一般型の場合のみ）'!P15 -> 0 | ABV11: ='表４（一般型の場合のみ）'!P16 -> 0 | ABW11: ='職員名簿（一般型の場合のみ）'!C8 | ABX11: ='職員名簿（一般型の場合のみ）'!D8 -> 0 | ABY11: ='職員名簿（一般型の場合のみ）'!E8 -> 0 | ABZ11: ='職員名簿（一般型の場合のみ）'!F8 -> 0 | ACA11: ='職員名簿（一般型の場合のみ）'!G8 -> 0 | ACB11: ='職員名簿（一般型の場合のみ）'!H8 -> 0 | ACC11: ='職員名簿（一般型の場合のみ）'!I8 -> 0 | ACD11: ='職員名簿（一般型の場合のみ）'!J8 -> 0 | ... ACG11: ='職員名簿（一般型の場合のみ）'!M8 -> 0 | ACH11: ='職員名簿（一般型の場合のみ）'!C9 | ACI11: ='職員名簿（一般型の場合のみ）'!D9 -> 0 | ACJ11: ='職員名簿（一般型の場合のみ）'!E9 -> 0 | ACK11: ='職員名簿（一般型の場合のみ）'!F9 -> 0 | ACL11: ='職員名簿（一般型の場合のみ）'!G9 -> 0 | ACM11: ='職員名簿（一般型の場合のみ）'!H9 -> 0 | ACN11: ='職員名簿（一般型の場合のみ）'!I9 -> 0 | ACO11: ='職員名簿（一般型の場合のみ）'!J9 -> 0 | ... ACR11: ='職員名簿（一般型の場合のみ）'!M9 -> 0 | ACS11: ='職員名簿（一般型の場合のみ）'!C10 | ACT11: ='職員名簿（一般型の場合のみ）'!D10 -> 0 | ACU11: ='職員名簿（一般型の場合のみ）'!E10 -> 0 | ACV11: ='職員名簿（一般型の場合のみ）'!F10 -> 0 | ACW11: ='職員名簿（一般型の場合のみ）'!G10 -> 0 | ACX11: ='職員名簿（一般型の場合のみ）'!H10 -> 0 | ACY11: ='職員名簿（一般型の場合のみ）'!I10 -> 0 | ACZ11: ='職員名簿（一般型の場合のみ）'!J10 -> 0 | ... ADC11: ='職員名簿（一般型の場合のみ）'!M10 -> 0 | ADD11: ='職員名簿（一般型の場合のみ）'!C11 | ADE11: ='職員名簿（一般型の場合のみ）'!D11 -> 0 | ADF11: ='職員名簿（一般型の場合のみ）'!E11 -> 0 | ADG11: ='職員名簿（一般型の場合のみ）'!F11 -> 0 | ADH11: ='職員名簿（一般型の場合のみ）'!G11 -> 0 | ADI11: ='職員名簿（一般型の場合のみ）'!H11 -> 0 | ADJ11: ='職員名簿（一般型の場合のみ）'!I11 -> 0 | ADK11: ='職員名簿（一般型の場合のみ）'!J11 -> 0 | ... ADN11: ='職員名簿（一般型の場合のみ）'!M11 -> 0 | ADO11: ='職員名簿（一般型の場合のみ）'!C12 | ADP11: ='職員名簿（一般型の場合のみ）'!D12 -> 0 | ADQ11: ='職員名簿（一般型の場合のみ）'!E12 -> 0 | ADR11: ='職員名簿（一般型の場合のみ）'!F12 -> 0 | ADS11: ='職員名簿（一般型の場合のみ）'!G12 -> 0 | ADT11: ='職員名簿（一般型の場合のみ）'!H12 -> 0 | ADU11: ='職員名簿（一般型の場合のみ）'!I12 -> 0 | ADV11: ='職員名簿（一般型の場合のみ）'!J12 -> 0 | ... ADY11: ='職員名簿（一般型の場合のみ）'!M12 -> 0 | ADZ11: ='職員名簿（一般型の場合のみ）'!C13 | AEA11: ='職員名簿（一般型の場合のみ）'!D13 -> 0 | AEB11: ='職員名簿（一般型の場合のみ）'!E13 -> 0 | AEC11: ='職員名簿（一般型の場合のみ）'!F13 -> 0 | AED11: ='職員名簿（一般型の場合のみ）'!G13 -> 0 | AEE11: ='職員名簿（一般型の場合のみ）'!H13 -> 0 | AEF11: ='職員名簿（一般型の場合のみ）'!I13 -> 0 | AEG11: ='職員名簿（一般型の場合のみ）'!J13 -> 0 | ... AEJ11: ='職員名簿（一般型の場合のみ）'!M13 -> 0 | AEK11: ='職員名簿（一般型の場合のみ）'!C14 | AEL11: ='職員名簿（一般型の場合のみ）'!D14 -> 0 | AEM11: ='職員名簿（一般型の場合のみ）'!E14 -> 0 | AEN11: ='職員名簿（一般型の場合のみ）'!F14 -> 0 | AEO11: ='職員名簿（一般型の場合のみ）'!G14 -> 0 | AEP11: ='職員名簿（一般型の場合のみ）'!H14 -> 0 | AEQ11: ='職員名簿（一般型の場合のみ）'!I14 -> 0 | AER11: ='職員名簿（一般型の場合のみ）'!J14 -> 0 | ... AEU11: ='職員名簿（一般型の場合のみ）'!M14 -> 0 | AEV11: ='職員名簿（一般型の場合のみ）'!C15 | AEW11: ='職員名簿（一般型の場合のみ）'!D15 -> 0 | AEX11: ='職員名簿（一般型の場合のみ）'!E15 -> 0 | AEY11: ='職員名簿（一般型の場合のみ）'!F15 -> 0 | AEZ11: ='職員名簿（一般型の場合のみ）'!G15 -> 0 | AFA11: ='職員名簿（一般型の場合のみ）'!H15 -> 0 | AFB11: ='職員名簿（一般型の場合のみ）'!I15 -> 0 | AFC11: ='職員名簿（一般型の場合のみ）'!J15 -> 0 | ... AFF11: ='職員名簿（一般型の場合のみ）'!M15 -> 0 | AFG11: =#REF! -> #REF! | AFH11: =#REF! -> #REF! | AFI11: =#REF! -> #REF! | AFJ11: =#REF! -> #REF! | AFK11: =#REF! -> #REF! | AFL11: =#REF! -> #REF! | AFM11: =#REF! -> #REF! | AFN11: =#REF! -> #REF! | ... BNM11: =#REF! -> #REF! | BNN11: ='職員名簿（一般型の場合のみ）'!C16 | BNO11: ='職員名簿（一般型の場合のみ）'!D16 -> 0 | BNP11: ='職員名簿（一般型の場合のみ）'!E16 -> 0 | BNQ11: ='職員名簿（一般型の場合のみ）'!F16 -> 0 | BNR11: ='職員名簿（一般型の場合のみ）'!G16 -> 0 | BNS11: ='職員名簿（一般型の場合のみ）'!H16 -> 0 | BNT11: ='職員名簿（一般型の場合のみ）'!I16 -> 0 | BNU11: ='職員名簿（一般型の場合のみ）'!J16 -> 0 | ... BNX11: ='職員名簿（一般型の場合のみ）'!M16 -> 0 | BNY11: ='職員名簿（一般型の場合のみ）'!C17 | BNZ11: ='職員名簿（一般型の場合のみ）'!D17 -> 0 | BOA11: ='職員名簿（一般型の場合のみ）'!E17 -> 0 | BOB11: ='職員名簿（一般型の場合のみ）'!F17 -> 0 | BOC11: ='職員名簿（一般型の場合のみ）'!G17 -> 0 | BOD11: ='職員名簿（一般型の場合のみ）'!H17 -> 0 | BOE11: ='職員名簿（一般型の場合のみ）'!I17 -> 0 | BOF11: ='職員名簿（一般型の場合のみ）'!J17 -> 0 | ... BOI11: ='職員名簿（一般型の場合のみ）'!M17 -> 0 | BOJ11: ='職員名簿（一般型の場合のみ）'!C18 | BOK11: ='職員名簿（一般型の場合のみ）'!D18 -> 0 | BOL11: ='職員名簿（一般型の場合のみ）'!E18 -> 0 | BOM11: ='職員名簿（一般型の場合のみ）'!F18 -> 0 | BON11: ='職員名簿（一般型の場合のみ）'!G18 -> 0 | BOO11: ='職員名簿（一般型の場合のみ）'!H18 -> 0 | BOP11: ='職員名簿（一般型の場合のみ）'!I18 -> 0 | BOQ11: ='職員名簿（一般型の場合のみ）'!J18 -> 0 | ... BOT11: ='職員名簿（一般型の場合のみ）'!M18 -> 0 | BOU11: ='職員名簿（一般型の場合のみ）'!C19 | BOV11: ='職員名簿（一般型の場合のみ）'!D19 -> 0 | BOW11: ='職員名簿（一般型の場合のみ）'!E19 -> 0 | BOX11: ='職員名簿（一般型の場合のみ）'!F19 -> 0 | BOY11: ='職員名簿（一般型の場合のみ）'!G19 -> 0 | BOZ11: ='職員名簿（一般型の場合のみ）'!H19 -> 0 | BPA11: ='職員名簿（一般型の場合のみ）'!I19 -> 0 | BPB11: ='職員名簿（一般型の場合のみ）'!J19 -> 0 | ... BPE11: ='職員名簿（一般型の場合のみ）'!M19 -> 0 | BPF11: ='職員名簿（一般型の場合のみ）'!C20 | BPG11: ='職員名簿（一般型の場合のみ）'!D20 -> 0 | BPH11: ='職員名簿（一般型の場合のみ）'!E20 -> 0 | BPI11: ='職員名簿（一般型の場合のみ）'!F20 -> 0 | BPJ11: ='職員名簿（一般型の場合のみ）'!G20 -> 0 | BPK11: ='職員名簿（一般型の場合のみ）'!H20 -> 0 | BPL11: ='職員名簿（一般型の場合のみ）'!I20 -> 0 | BPM11: ='職員名簿（一般型の場合のみ）'!J20 -> 0 | ... BPP11: ='職員名簿（一般型の場合のみ）'!M20 -> 0 | BPQ11: ='職員名簿（一般型の場合のみ）'!C21 | BPR11: ='職員名簿（一般型の場合のみ）'!D21 -> 0 | BPS11: ='職員名簿（一般型の場合のみ）'!E21 -> 0 | BPT11: ='職員名簿（一般型の場合のみ）'!F21 -> 0 | BPU11: ='職員名簿（一般型の場合のみ）'!G21 -> 0 | BPV11: ='職員名簿（一般型の場合のみ）'!H21 -> 0 | BPW11: ='職員名簿（一般型の場合のみ）'!I21 -> 0 | BPX11: ='職員名簿（一般型の場合のみ）'!J21 -> 0 | ... BQA11: ='職員名簿（一般型の場合のみ）'!M21 -> 0 | BQB11: ='職員名簿（一般型の場合のみ）'!C22 | BQC11: ='職員名簿（一般型の場合のみ）'!D22 -> 0 | BQD11: ='職員名簿（一般型の場合のみ）'!E22 -> 0 | BQE11: ='職員名簿（一般型の場合のみ）'!F22 -> 0 | BQF11: ='職員名簿（一般型の場合のみ）'!G22 -> 0 | BQG11: ='職員名簿（一般型の場合のみ）'!H22 -> 0 | BQH11: ='職員名簿（一般型の場合のみ）'!I22 -> 0 | BQI11: ='職員名簿（一般型の場合のみ）'!J22 -> 0 | ... BQL11: ='職員名簿（一般型の場合のみ）'!M22 -> 0 | BQM11: ='職員名簿（一般型の場合のみ）'!C23 | BQN11: ='職員名簿（一般型の場合のみ）'!D23 -> 0 | BQO11: ='職員名簿（一般型の場合のみ）'!E23 -> 0 | BQP11: ='職員名簿（一般型の場合のみ）'!F23 -> 0 | BQQ11: ='職員名簿（一般型の場合のみ）'!G23 -> 0 | BQR11: ='職員名簿（一般型の場合のみ）'!H23 -> 0 | BQS11: ='職員名簿（一般型の場合のみ）'!I23 -> 0 | BQT11: ='職員名簿（一般型の場合のみ）'!J23 -> 0 | ... BQW11: ='職員名簿（一般型の場合のみ）'!M23 -> 0 | BQX11: ='職員名簿（一般型の場合のみ）'!C24 | BQY11: ='職員名簿（一般型の場合のみ）'!D24 -> 0 | BQZ11: ='職員名簿（一般型の場合のみ）'!E24 -> 0 | BRA11: ='職員名簿（一般型の場合のみ）'!F24 -> 0 | BRB11: ='職員名簿（一般型の場合のみ）'!G24 -> 0 | BRC11: ='職員名簿（一般型の場合のみ）'!H24 -> 0 | BRD11: ='職員名簿（一般型の場合のみ）'!I24 -> 0 | BRE11: ='職員名簿（一般型の場合のみ）'!J24 -> 0 | ... BRH11: ='職員名簿（一般型の場合のみ）'!M24 -> 0 | BRI11: ='職員名簿（一般型の場合のみ）'!C25 | BRJ11: ='職員名簿（一般型の場合のみ）'!D25 -> 0 | BRK11: ='職員名簿（一般型の場合のみ）'!E25 -> 0 | BRL11: ='職員名簿（一般型の場合のみ）'!F25 -> 0 | BRM11: ='職員名簿（一般型の場合のみ）'!G25 -> 0 | BRN11: ='職員名簿（一般型の場合のみ）'!H25 -> 0 | BRO11: ='職員名簿（一般型の場合のみ）'!I25 -> 0 | BRP11: ='職員名簿（一般型の場合のみ）'!J25 -> 0 | ... BRS11: ='職員名簿（一般型の場合のみ）'!M25 -> 0 | BRT11: ='職員名簿（一般型の場合のみ）'!C26 | BRU11: ='職員名簿（一般型の場合のみ）'!D26 -> 0 | BRV11: ='職員名簿（一般型の場合のみ）'!E26 -> 0 | BRW11: ='職員名簿（一般型の場合のみ）'!F26 -> 0 | BRX11: ='職員名簿（一般型の場合のみ）'!G26 -> 0 | BRY11: ='職員名簿（一般型の場合のみ）'!H26 -> 0 | BRZ11: ='職員名簿（一般型の場合のみ）'!I26 -> 0 | BSA11: ='職員名簿（一般型の場合のみ）'!J26 -> 0 | ... BSD11: ='職員名簿（一般型の場合のみ）'!M26 -> 0
